Workbook
Name \A: #REF!
Name \A: #REF!
Name \B: #REF!
Name \B: #REF!
Name \D: #REF!
Name \D: #REF!
Name \E: #REF!
Name \F: #REF!
Name \G: #REF!
Name \H: #REF!
Name \I: #REF!
Name \J: #REF!
Name \M: #REF!
Name \P: #REF!
Name \S: #REF!
Name \T: #REF!
Name \T1: #REF!
Name \T2: [1]BOP!#REF!
Name \U: #REF!
Name \W: #REF!
Name _10GAZ_LIABS: #REF!
Name _11INT_RESERVES: #REF!
Name _1r: #REF!
Name _2Macros_Import_.qbop: [3]!'[Macros Import].qbop'
Name _6B.2_B.3: #REF!
Name _7B.4___5: #REF!
Name _8CONSOL_B2: #REF!
Name _9FA_L: #REF!
Name _BOP2: [4]BoP!#REF!
Name _END94: #REF!
Name _RES2: [4]RES!#REF!
Name _SUM2: #REF!
Name _TAB1: #REF!
Name _Tab19: #REF!
Name _Tab20: #REF!
Name _Tab21: #REF!
Name _Tab22: #REF!
Name _Tab23: #REF!
Name _Tab24: #REF!
Name _Tab26: #REF!
Name _Tab27: #REF!
Name _Tab28: #REF!
Name _Tab29: #REF!
Name _Tab30: #REF!
Name _Tab31: #REF!
Name _Tab32: #REF!
Name _Tab33: #REF!
Name _Tab34: #REF!
Name _Tab35: #REF!
Name _WB2: #REF!
Name _YR0110: '[1]Imp:DSA output'!$O$9:$R$464
Name _YR89: '[1]Imp:DSA output'!$C$9:$C$464
Name _YR90: '[1]Imp:DSA output'!$D$9:$D$464
Name _YR91: '[1]Imp:DSA output'!$E$9:$E$464
Name _YR92: '[1]Imp:DSA output'!$F$9:$F$464
Name _YR93: '[1]Imp:DSA output'!$G$9:$G$464
Name _YR94: '[1]Imp:DSA output'!$H$9:$H$464
Name _YR95: '[1]Imp:DSA output'!$I$9:$I$464
Name _Z: [1]Imp!#REF!
Name AAA: #REF!

Sheet Index
B3: Tables Government Finance Statistics Jan 2023 – May 2026
B6: Tabel | C6: Titel
B7: T 1.0 | C7: Suriname: Central government operations on adjusted cash basis, Jan 2023 - May 2026 (SRD million)
B8: T 1.1 | C8: Suriname: Central government operations budget vs realisation, Jan - May 2026 (SRD million)
B9: T 2.1.1 | C9: Suriname: Government revenues from mining and non-mining, Jan 2023 - May 2026 (SRD million)
B10: T 2.1.2 | C10: Suriname: Mining revenues by company segment, revenue type and original currency, Jan 2023 - May 2026
B11: T 2.1.3 | C11: Suriname: Mining revenues by revenue type, Jan 2023 - May 2026 (SRD million)
B12: T 2.1.4 | C12: Suriname: Oil and Mining revenues by revenue type, Jan 2023 - May 2026 (SRD million)
B13: T 2.2 | C13: Suriname: Direct taxes, Jan 2023 - May 2026 (SRD million)
B14: T 2.3 | C14: Suriname: Indirect taxes, Jan 2023 - May 2026 (SRD million)
B15: T 2.4 | C15: Suriname: Non-tax revenues, Jan 2023 - May 2026 (SRD million)
B16: T 2.5 | C16: Suriname: Wages and salaries of civil servants by ministry, Jan 2023 - May 2026 (SRD million)
B17: T 2.6 | C17: Suriname: Wages and salaries of civil servants by type of allowance, Jan 2023 - May 2026 (SRD million)
... B23: T 2.12 | C23: Suriname: Financing, Jan 2023 - May 2026 (SRD million)
B26: versie 1 apr 2026

Sheet T1.0
B2: Table 1.0 Suriname: Central government operations on adjusted cash basis, Jan 2023 - May 2026 (SRD million)
C5: ='T 2.1.1'!C6 -> 44927 | D5: ='T 2.1.1'!D6 -> 44958 | E5: ='T 2.1.1'!E6 -> 44986 | F5: ='T 2.1.1'!F6 -> 45017 | G5: ='T 2.1.1'!G6 -> 45047 | H5: ='T 2.1.1'!H6 -> 45078 | I5: ='T 2.1.1'!I6 -> 45108 | J5: ='T 2.1.1'!J6 -> 45139 | ... AQ5: ='T 2.1.1'!AQ6 -> 46143
B7: Total revenues | C7: 2703.3521 | D7: 1930.5313 | E7: 2639.3926 | F7: 2590.6231 | G7: 3096.5882 | H7: 2854.3237 | I7: 3230.1768 | J7: 3123.3425 | K7: 2677.3685 | L7: 3511.0462 | M7: 2989.6912 | N7: 3711.1489 | O7: 3161.5915 | P7: 3522.0912 | Q7: 3169.7207 | R7: 3224.7024 | S7: 3027.9309 | T7: 3106.2265 | U7: 3583.8644 | V7: 2270.5037 | W7: 4337.8376 | X7: 3385.4691 | Y7: 3150.4832 | Z7: 3472.2753 | AA7: 3576.425 | AB7: 3589.4321 | AC7: 3779.9863 | AD7: 4518.0059 | AE7: 3760.8736 | AF7: 4599.9699 | AG7: 5302.5165 | AH7: 3353.3711 | AI7: 3597.4234 | AJ7: 7082.8176 | AK7: 3091.3469 | AL7: 5866.4722 | AM7: 6788.4703 | AN7: 5476.8045 | AO7: 7190.4641 | AP7: 6830.3493 | AQ7: 4371.9381
B8: On adjusted cash basis:
B9: Tax revenues | C9: 1524.8385 | D9: 1125.8587 | E9: 1623.2285 | F9: 1701.6424 | G9: 1823.3174 | H9: 1877.3182 | I9: 2121.049 | J9: 2353.1672 | K9: 1788.624 | L9: 2192.0279 | M9: 1894.2255 | N9: 2274.8491 | O9: 2132.0187 | P9: 2073.5761 | Q9: 2200.049 | R9: 2316.9012 | S9: 2312.7185 | T9: 2516.4201 | U9: 2735.1197 | V9: 1804.6553 | W9: 2440.2575 | X9: 2454.8424 | Y9: 2291.7334 | Z9: 2598.6241 | AA9: 2862.545 | AB9: 2212.3294 | AC9: 2481.9292 | AD9: 3103.9575 | AE9: 2820.0294 | AF9: 3504.5704 | AG9: 3920.1524 | AH9: 2823.1527 | AI9: 3013.9946 | AJ9: 4550.1344 | AK9: 2411.4174 | AL9: 3973.498 | AM9: 3710.5185 | AN9: 2663.2137 | AO9: 5772.1478 | AP9: 4399.6392 | AQ9: 2803.724
B10: Direct taxes | C10: 862.50102 | D10: 535.06698 | E10: 993.21996 | F10: 1037.4063 | G10: 1083.1799 | H10: 1121.3126 | I10: 1413.0011 | J10: 1207.6005 | K10: 998.94586 | L10: 1135.0823 | M10: 998.18167 | N10: 1106.0159 | O10: 913.79263 | P10: 909.96061 | Q10: 1234.4838 | R10: 1316.8441 | S10: 1151.9645 | T10: 1577.1802 | U10: 1698.983 | V10: 806.48786 | W10: 1275.8931 | X10: 1252.5664 | Y10: 932.22499 | Z10: 1479.7107 | AA10: 1353.8774 | AB10: 905.82002 | AC10: 1212.5649 | AD10: 1654.2235 | AE10: 1110.3468 | AF10: 2008.3861 | AG10: 2388.6536 | AH10: 1145.4149 | AI10: 1344.9857 | AJ10: 2775.2495 | AK10: 952.87033 | AL10: 2142.0857 | AM10: 1935.6846 | AN10: 1078.1697 | AO10: 4187.6172 | AP10: 2818.7194 | AQ10: 1325.3099
B11: Indirect taxes | C11: 662.3375 | D11: 590.79173 | E11: 630.00854 | F11: 664.23612 | G11: 740.1375 | H11: 756.00564 | I11: 708.04786 | J11: 1145.5667 | K11: 789.67816 | L11: 1056.9455 | M11: 896.04386 | N11: 1168.8332 | O11: 1218.2261 | P11: 1163.6154 | Q11: 965.56518 | R11: 1000.0571 | S11: 1160.754 | T11: 939.2399 | U11: 1036.1366 | V11: 998.16745 | W11: 1164.3644 | X11: 1202.2761 | Y11: 1359.5084 | Z11: 1118.9133 | AA11: 1508.6676 | AB11: 1306.5094 | AC11: 1269.3643 | AD11: 1449.7341 | AE11: 1709.6826 | AF11: 1496.1843 | AG11: 1531.4987 | AH11: 1677.7377 | AI11: 1669.009 | AJ11: 1774.8849 | AK11: 1458.5471 | AL11: 1831.4123 | AM11: 1774.8339 | AN11: 1585.044 | AO11: 1584.5307 | AP11: 1580.9198 | AQ11: 1478.414
B12: Non-tax revenues | C12: 1178.4179 | D12: 804.67263 | E12: 1015.8617 | F12: 888.98073 | G12: 1267.4078 | H12: 973.31581 | I12: 1109.1278 | J12: 693.3831 | K12: 888.74452 | L12: 1198.733 | M12: 1081.8559 | N12: 1281.8253 | O12: 1029.5728 | P12: 1448.5152 | Q12: 873.88417 | R12: 903.60941 | S12: 714.63862 | T12: 589.80635 | U12: 848.74474 | V12: 465.8484 | W12: 1897.5802 | X12: 930.62665 | Y12: 858.74983 | Z12: 873.65126 | AA12: 531.75606 | AB12: 1373.7752 | AC12: 1296.7127 | AD12: 1321.7046 | AE12: 940.84418 | AF12: 1091.4549 | AG12: 1238.3097 | AH12: 530.2184 | AI12: 583.42882 | AJ12: 2525.0542 | AK12: 679.92948 | AL12: 1892.9742 | AM12: 2998.4059 | AN12: 2813.5908 | AO12: 1418.3163 | AP12: 2369.3726 | AQ12: 1568.2141
B13: Grants | C13: 0.095689464 | D13: 0 | E13: 0.30240247 | F13: 0 | G13: 5.86307 | H13: 3.6897 | I13: 0 | J13: 76.7922 | K13: 0 | L13: 120.28531 | M13: 13.609785 | N13: 154.47458 | O13: 0 | P13: 0 | Q13: 95.7875 | R13: 4.19184 | S13: 0.57372944 | T13: 0 | U13: 0 | V13: 0 | W13: 0 | X13: 0 | Y13: 0 | Z13: 0 | AA13: 182.12391 | AB13: 3.32748 | AC13: 1.3443233 | AD13: 92.343799 | AE13: 0 | AF13: 3.94452 | AG13: 144.05441 | AH13: 0 | AI13: 0 | AJ13: 7.629 | AK13: 0 | AL13: 0 | AM13: 79.5459 | AN13: 0 | AO13: 0 | AP13: 61.337461 | AQ13: 0
B15: Total expenditures | C15: 2276.0926 | D15: 2261.1511 | E15: 2332.8399 | F15: 2509.3139 | G15: 3470.9393 | H15: 3075.4208 | I15: 3235.4812 | J15: 3845.2618 | K15: 2927.9951 | L15: 3771.1506 | M15: 3335.2552 | N15: 4417.5882 | O15: 4011.8063 | P15: 3346.721 | Q15: 3370.1395 | R15: 3924.1299 | S15: 3544.0325 | T15: 3126.1558 | U15: 4038.4622 | V15: 2368.0226 | W15: 2756.221 | X15: 4410.5947 | Y15: 4405.2345 | Z15: 3983.1558 | AA15: 14377.99 | AB15: 3773.7787 | AC15: 4151.6736 | AD15: 6042.0703 | AE15: 5763.0071 | AF15: 4437.7601 | AG15: 6251.2535 | AH15: 4130.7637 | AI15: 3877.6892 | AJ15: 4238.5737 | AK15: 4914.1238 | AL15: 4992.7139 | AM15: 6539.1179 | AN15: 3894.2026 | AO15: 5012.0948 | AP15: 5472.9738 | AQ15: 7958.624
B16: On adjusted cash basis:
B17: Wages and salaries | C17: 653.27885 | D17: 672.38728 | E17: 682.41854 | F17: 654.67013 | G17: 793.53984 | H17: 794.47415 | I17: 1033.3847 | J17: 802.65874 | K17: 795.03841 | L17: 770.23483 | M17: 784.75495 | N17: 894.76066 | O17: 867.53344 | P17: 854.45951 | Q17: 835.23654 | R17: 907.8301 | S17: 889.60423 | T17: 896.2077 | U17: 1046.7901 | V17: 847.24164 | W17: 896.69015 | X17: 1002.5274 | Y17: 1064.4896 | Z17: 1122.5309 | AA17: 1093.5337 | AB17: 1132.8995 | AC17: 1199.6879 | AD17: 1342.4579 | AE17: 1300.2469 | AF17: 1234.5074 | AG17: 1885.8664 | AH17: 1187.4723 | AI17: 1218.7775 | AJ17: 1152.0129 | AK17: 1147.3497 | AL17: 1237.3881 | AM17: 1278.75 | AN17: 1228.8301 | AO17: 1246.9898 | AP17: 1243.7517 | AQ17: 1265.0982
B18: Goods and services | C18: 312.61345 | D18: 312.2055 | E18: 281.07209 | F18: 300.75062 | G18: 496.03804 | H18: 564.95824 | I18: 477.40211 | J18: 692.78914 | K18: 370.09766 | L18: 516.52292 | M18: 483.54136 | N18: 860.77928 | O18: 590.69785 | P18: 575.78432 | Q18: 635.8027 | R18: 694.50005 | S18: 461.65714 | T18: 326.56219 | U18: 483.62454 | V18: 381.87159 | W18: 283.79876 | X18: 826.24292 | Y18: 629.48543 | Z18: 591.58495 | AA18: 787.96121 | AB18: 633.71253 | AC18: 899.99599 | AD18: 973.29432 | AE18: 1223.4001 | AF18: 901.51448 | AG18: 871.24061 | AH18: 638.78659 | AI18: 756.65063 | AJ18: 648.46672 | AK18: 1444.0258 | AL18: 1123.6715 | AM18: 450.41485 | AN18: 571.36083 | AO18: 974.36192 | AP18: 639.41238 | AQ18: 743.84251
B19: Subsidies and transfers | C19: 949.94613 | D19: 807.28369 | E19: 967.11697 | F19: 1002.1103 | G19: 1089.4572 | H19: 966.65624 | I19: 1178.3048 | J19: 1475.6812 | K19: 1344.8231 | L19: 1364.4684 | M19: 1452.0074 | N19: 1652.7315 | O19: 1539.9508 | P19: 1475.5813 | Q19: 1434.2264 | R19: 1434.2385 | S19: 1550.2472 | T19: 1507.4904 | U19: 1221.1681 | V19: 901.67049 | W19: 1292.4199 | X19: 1274.4124 | Y19: 1434.4698 | Z19: 1178.3864 | AA19: 11022.605 | AB19: 1367.5772 | AC19: 1451.2008 | AD19: 1572.2021 | AE19: 1896.0245 | AF19: 1500.4546 | AG19: 1830.0547 | AH19: 1605.874 | AI19: 1453.6524 | AJ19: 1775.8775 | AK19: 1651.3685 | AL19: 1699.6336 | AM19: 1722.4976 | AN19: 1699.6483 | AO19: 2003.0244 | AP19: 2408.7326 | AQ19: 2073.0299
B20: Interest | C20: 202.01532 | D20: 292.66402 | E20: 88.086009 | F20: 216.03726 | G20: 689.75162 | H20: 495.42785 | I20: 156.46037 | J20: 347.93775 | K20: 136.04804 | L20: 655.40124 | M20: 451.47655 | N20: 463.36622 | O20: 687.66609 | P20: 211.88234 | Q20: 88.898326 | R20: 604.19408 | S20: 416.35011 | T20: 160.20916 | U20: 714.28236 | V20: 75.258534 | W20: 86.354536 | X20: 533.02261 | Y20: 583.38638 | Z20: 208.42394 | AA20: 808.2739 | AB20: 215.07961 | AC20: 338.89315 | AD20: 561.38874 | AE20: 497.83279 | AF20: 309.81834 | AG20: 1050.379 | AH20: 438.93061 | AI20: 265.48465 | AJ20: 468.72931 | AK20: 455.68878 | AL20: 595.40219 | AM20: 2896.7519 | AN20: 170.9688 | AO20: 569.90811 | AP20: 871.2635 | AQ20: 3617.1603
B21: Capital expenditure | C21: 158.23882 | D21: 176.61058 | E21: 314.14632 | F21: 335.74567 | G21: 402.15261 | H21: 253.90436 | I21: 389.9293 | J21: 526.19501 | K21: 281.98792 | L21: 464.52327 | M21: 163.47491 | N21: 545.95056 | O21: 325.95813 | P21: 229.0135 | Q21: 375.97561 | R21: 283.36718 | S21: 226.17374 | T21: 235.68642 | U21: 572.59709 | V21: 161.98033 | W21: 196.95769 | X21: 774.38934 | Y21: 693.40332 | Z21: 882.22961 | AA21: 665.61585 | AB21: 424.5099 | AC21: 261.89585 | AD21: 1592.7272 | AE21: 845.50276 | AF21: 491.46536 | AG21: 613.71274 | AH21: 259.7002 | AI21: 183.12393 | AJ21: 193.48722 | AK21: 215.69099 | AL21: 336.61851 | AM21: 190.7035 | AN21: 223.39455 | AO21: 217.81063 | AP21: 309.81358 | AQ21: 259.49306
B23: Primary balance | C23: 629.27485 | D23: -37.955707 | E23: 394.6387 | F23: 297.34645 | G23: 315.40051 | H23: 274.33073 | I23: 151.15594 | J23: -373.98161 | K23: -114.57852 | L23: 395.29675 | M23: 105.9126 | N23: -243.07306 | O23: -162.54871 | P23: 387.25259 | Q23: -111.52056 | R23: -95.233372 | S23: -99.751495 | T23: 140.27981 | U23: 259.68458 | V23: -22.260334 | W23: 1667.9712 | X23: -492.10298 | Y23: -671.36489 | Z23: -302.45655 | AA23: -9993.2907 | AB23: 30.733025 | AC23: -32.794218 | AD23: -962.67564 | AE23: -1504.3008 | AF23: 472.02814 | AG23: 101.64196 | AH23: -338.46198 | AI23: -14.781079 | AJ23: 3312.9732 | AK23: -1367.0881 | AL23: 1469.1605 | AM23: 3146.1043 | AN23: 1753.5708 | AO23: 2748.2774 | AP23: 2228.639 | AQ23: 30.47435
B24: Overall balance | C24: 427.25953 | D24: -330.61973 | E24: 306.55269 | F24: 81.309189 | G24: -374.35111 | H24: -221.09712 | I24: -5.3044301 | J24: -721.91935 | K24: -250.62656 | L24: -260.10449 | M24: -345.56395 | N24: -706.43928 | O24: -850.21481 | P24: 175.37024 | Q24: -200.41888 | R24: -699.42746 | S24: -516.1016 | T24: -19.929348 | U24: -454.59778 | V24: -97.518868 | W24: 1581.6167 | X24: -1025.1256 | Y24: -1254.7513 | Z24: -510.88049 | AA24: -10801.565 | AB24: -184.34658 | AC24: -371.68737 | AD24: -1524.0644 | AE24: -2002.1336 | AF24: 162.2098 | AG24: -948.73703 | AH24: -777.39259 | AI24: -280.26573 | AJ24: 2844.2439 | AK24: -1822.7769 | AL24: 873.75828 | AM24: 249.35239 | AN24: 1582.602 | AO24: 2178.3693 | AP24: 1357.3755 | AQ24: -3586.6859
B26: Statistical Discrepancy | C26: -69.509377 | D26: 122.64535 | E26: -132.15488 | F26: 6.3995659 | G26: 57.39907 | H26: 156.39835 | I26: 13.531974 | J26: 47.927891 | K26: 32.176366 | L26: -77.184848 | M26: -33.354423 | N26: -127.73409 | O26: 27.747828 | P26: 62.292176 | Q26: -70.697524 | R26: -60.630447 | S26: 1.4952174 | T26: -94.555337 | U26: -81.066836 | V26: -16.613256 | W26: -26.230075 | X26: 37.64411 | Y26: -48.246886 | Z26: -117.20646 | AA26: -20.945684 | AB26: 14.497937 | AC26: -9.656978 | AD26: 88.70296 | AE26: -118.44249 | AF26: -108.46164 | AG26: 5.2850731 | AH26: -123.05665 | AI26: -13.227645 | AJ26: -60.206317 | AK26: -894.12145 | AL26: 148.64558 | AM26: -765.43859 | AN26: 106.87566 | AO26: 120.70116 | AP26: -496.75939 | AQ26: -122.87014
B28: Net Financial Transactions | C28: 357.75016 | D28: -207.97438 | E28: 174.39782 | F28: 87.708755 | G28: -316.95204 | H28: -64.698776 | I28: 8.2275442 | J28: -673.99146 | K28: -218.45019 | L28: -337.28934 | M28: -378.91837 | N28: -834.17336 | O28: -822.46698 | P28: 237.66242 | Q28: -271.11641 | R28: -760.0579 | S28: -514.60638 | T28: -114.48468 | U28: -535.66462 | V28: -114.13212 | W28: 1555.3866 | X28: -987.48148 | Y28: -1302.9982 | Z28: -628.08695 | AA28: -10822.51 | AB28: -169.84865 | AC28: -381.34434 | AD28: -1435.3614 | AE28: -2120.5761 | AF28: 53.748162 | AG28: -943.45195 | AH28: -900.44923 | AI28: -293.49338 | AJ28: 2784.0376 | AK28: -2716.8984 | AL28: 1022.4039 | AM28: -516.08621 | AN28: 1689.4776 | AO28: 2299.0705 | AP28: 860.61608 | AQ28: -3709.556
B29: Net Acquisition financial assets (+) | C29: 90.189584 | D29: -499.23394 | E29: 262.45166 | F29: 97.984807 | G29: -861.54806 | H29: 987.6641 | I29: -109.61216 | J29: -522.24431 | K29: 1108.9458 | L29: -700.9938 | M29: -613.43365 | N29: 5683.6762 | O29: -1461.8709 | P29: -381.58314 | Q29: -215.54338 | R29: -596.49331 | S29: -1547.1645 | T29: 245.39627 | U29: -645.14613 | V29: -383.02548 | W29: 2183.7091 | X29: -1170.2134 | Y29: -2173.5859 | Z29: 5110.9842 | AA29: -1913.5522 | AB29: -1510.9109 | AC29: 1951.9721 | AD29: -1214.2391 | AE29: -2543.886 | AF29: -227.77171 | AG29: -1330.9732 | AH29: -744.71156 | AI29: -356.39776 | AJ29: 1762.7616 | AK29: 39470.515 | AL29: -10450.432 | AM29: -12776.841 | AN29: 11489.387 | AO29: 2094.2411 | AP29: 336.11802 | AQ29: -5317.8646
B30: External | C30: 0 | D30: 0 | E30: 0 | F30: 0 | G30: 0 | H30: 0 | I30: 0 | J30: 0 | K30: 0 | L30: 0 | M30: 108.47757 | N30: -107.06003 | O30: 0 | P30: 0 | Q30: 0 | R30: 0 | S30: 0 | T30: 0 | U30: 0 | V30: 0 | W30: 0 | X30: 0 | Y30: 0 | Z30: 0 | AA30: 0 | AB30: 0 | AC30: 0 | AD30: 0 | AE30: 0 | AF30: 0 | AG30: 0 | AH30: 0 | AI30: 0 | AJ30: 0 | AK30: 40798.649 | AL30: -11544.324 | AM30: -14462.176 | AN30: 3846.0667 | AO30: -55.69262 | AP30: 51.849124 | AQ30: -3963.9534
B31: Domestic | C31: 90.189584 | D31: -499.23394 | E31: 262.45166 | F31: 97.984807 | G31: -861.54806 | H31: 987.6641 | I31: -109.61216 | J31: -522.24431 | K31: 1108.9458 | L31: -700.9938 | M31: -721.91122 | N31: 5790.7363 | O31: -1461.8709 | P31: -381.58314 | Q31: -215.54338 | R31: -596.49331 | S31: -1547.1645 | T31: 245.39627 | U31: -645.14613 | V31: -383.02548 | W31: 2183.7091 | X31: -1170.2134 | Y31: -2173.5859 | Z31: 5110.9842 | AA31: -1913.5522 | AB31: -1510.9109 | AC31: 1951.9721 | AD31: -1214.2391 | AE31: -2543.886 | AF31: -227.77171 | AG31: -1330.9732 | AH31: -744.71156 | AI31: -356.39776 | AJ31: 1762.7616 | AK31: -1328.1335 | AL31: 1093.8913 | AM31: 1685.3342 | AN31: 7643.3204 | AO31: 2149.9337 | AP31: 284.26889 | AQ31: -1353.9112
... B37: Loans | C37: -141.58582 | D37: 0.98595513 | E37: 0.3741288 | F37: 4.3426805 | G37: 4.9904515 | H37: 3.4201822 | I37: 219.12018 | J37: 2.5888031 | K37: 7.351806 | L37: 6.8246799 | M37: 14.150807 | N37: 1.4947282 | O37: 7.8340925 | P37: 5.1463531 | Q37: 8.2608335 | R37: 4.2023063 | S37: 0.29130033 | T37: 4.1335523 | U37: 10.992471 | V37: 22.696557 | W37: 8.2365817 | X37: 1.862019 | Y37: -4.1935676 | Z37: -1.355792 | AA37: 4.230097 | AB37: 80.684855 | AC37: 0.41331547 | AD37: 4.9503004 | AE37: -4.7359624 | AF37: -1.4473794 | AG37: 4.4644215 | AH37: 3.8125982 | AI37: -0.4410014 | AJ37: -1.7794948 | AK37: -1.7027656 | AL37: -1.0114417 | AM37: 0.16904381 | AN37: -1.1319323 | AO37: 1.1590727 | AP37: 0.30345842 | AQ37: 3.3485809
B38: Equity and investment fund shares | AA38: 0 | AB38: 0 | AC38: 0 | AD38: 0 | AE38: 0 | AF38: 0 | AG38: 0 | AH38: -117.5 | AI38: 0 | AJ38: 0 | AK38: 0 | AL38: 0 | AM38: 0 | AN38: 0 | AO38: 0 | AP38: 0 | AQ38: 0
B40: Net Incurrence of liabilities (+) | C40: -267.56057 | D40: -291.25956 | E40: 88.053846 | F40: 10.276052 | G40: -544.59602 | H40: 1052.3629 | I40: -117.8397 | J40: 151.74715 | K40: 1327.396 | L40: -363.70446 | M40: -234.51528 | N40: 6517.8496 | O40: -639.40396 | P40: -619.24557 | Q40: 55.573026 | R40: 163.5646 | S40: -1032.5581 | T40: 359.88095 | U40: -109.48151 | V40: -268.89335 | W40: 628.32251 | X40: -182.73194 | Y40: -870.58773 | Z40: 5739.0712 | AA40: 8908.9581 | AB40: -1341.0623 | AC40: 2333.3165 | AD40: 221.1223 | AE40: -423.30989 | AF40: -281.51987 | AG40: -387.52124 | AH40: 155.73767 | AI40: -62.904383 | AJ40: -1021.276 | AK40: 42187.414 | AL40: -11472.836 | AM40: -12260.755 | AN40: 9799.9095 | AO40: -204.82938 | AP40: -524.49807 | AQ40: -1608.3085
B41: External | C41: -177.18966 | D41: -176.21862 | E41: 174.40503 | F41: 113.46283 | G41: -323.48433 | H41: 1168.6074 | I41: 203.03693 | J41: 246.19491 | K41: 1459.8842 | L41: 702.55755 | M41: 368.49491 | N41: 7874.4514 | O41: -94.495727 | P41: -30.317688 | Q41: 828.75121 | R41: 287.78117 | S41: 27.489515 | T41: 523.19899 | U41: 222.26517 | V41: -5.1883717 | W41: 843.81238 | X41: 266.5311 | Y41: -594.73431 | Z41: 6335.1181 | AA41: -152.87751 | AB41: -19.301904 | AC41: 2479.9275 | AD41: -610.55131 | AE41: -274.1393 | AF41: -117.8095 | AG41: -188.36052 | AH41: 291.24001 | AI41: 33.405826 | AJ41: -573.85028 | AK41: 42246.376 | AL41: -11137.642 | AM41: -12087.834 | AN41: 9946.4746 | AO41: -64.862248 | AP41: -223.00209 | AQ41: -1397.6268
B42: Loans | C42: -177.18966 | D42: -176.21862 | E42: 174.40503 | F42: 113.46283 | G42: -323.48433 | H42: 1168.6074 | I42: 203.03693 | J42: 246.19491 | K42: 1459.8842 | L42: 702.55755 | M42: 368.49491 | N42: 7595.1668 | O42: -94.495727 | P42: -30.317688 | Q42: 828.75121 | R42: 287.78117 | S42: 27.489515 | T42: 523.19899 | U42: 222.26517 | V42: -5.1883717 | W42: 843.81238 | X42: 266.5311 | Y42: -594.73431 | Z42: 6335.1181 | AA42: -152.87751 | AB42: -19.301904 | AC42: 2479.9275 | AD42: -610.55131 | AE42: -274.1393 | AF42: -117.8095 | AG42: -188.36052 | AH42: 291.24001 | AI42: 33.405826 | AJ42: -573.85028 | AK42: -2019.0235 | AL42: -664.84636 | AM42: 2418.0179 | AN42: -50.87755 | AO42: -64.862248 | AP42: -223.00209 | AQ42: -1397.6268
B43: Disbursements1 | C43: 157.14145 | D43: 4.6104028 | E43: 272.49602 | F43: 117.3417 | G43: 68.261352 | H43: 1544.0101 | I43: 342.81677 | J43: 288.85915 | K43: 1522.3574 | L43: 864.8913 | M43: 664.27589 | N43: 7916.2386 | O43: 64.289277 | P43: 4.1825367 | Q43: 914.9736 | R43: 428.69543 | S43: 278.79997 | T43: 797.19337 | U43: 355.66659 | V43: 20.36505 | W43: 917.68712 | X43: 420.59993 | Y43: 176.9976 | Z43: 7595.5411 | AA43: 7.4544596 | AB43: 11.612361 | AC43: 2573.2766 | AD43: 131.25169 | AE43: 234.77981 | AF43: 224.02854 | AG43: 10.508424 | AH43: 339.41319 | AI43: 128.99824 | AJ43: 668.82561 | AK43: 236.04805 | AL43: 501.07094 | AM43: 81.858219 | AN43: 0 | AO43: 32.191488 | AP43: 74.882399 | AQ43: 69.60831
B44: Amortization1 | C44: 334.33111 | D44: 180.82902 | E44: 98.090996 | F44: 3.8788745 | G44: 391.74569 | H44: 375.40262 | I44: 139.77984 | J44: 42.664236 | K44: 62.473173 | L44: 162.33375 | M44: 295.78098 | N44: 321.07177 | O44: 158.785 | P44: 34.500225 | Q44: 86.222398 | R44: 140.91426 | S44: 251.31045 | T44: 273.99438 | U44: 133.40142 | V44: 25.553422 | W44: 73.874743 | X44: 154.06883 | Y44: 771.73192 | Z44: 1260.423 | AA44: 160.33197 | AB44: 30.914264 | AC44: 93.349127 | AD44: 741.80299 | AE44: 508.91911 | AF44: 341.83804 | AG44: 198.86894 | AH44: 48.173178 | AI44: 95.592413 | AJ44: 1242.6759 | AK44: 2255.0715 | AL44: 1165.9173 | AM44: -2336.1596 | AN44: 50.87755 | AO44: 97.053736 | AP44: 297.88449 | AQ44: 1467.2351
B45: Securities (net) | C45: 0 | D45: 0 | E45: 0 | F45: 0 | G45: 0 | H45: 0 | I45: 0 | J45: 0 | K45: 0 | L45: 0 | M45: 0 | N45: 279.28461 | O45: 0 | P45: 0 | Q45: 0 | R45: 0 | S45: 0 | T45: 0 | U45: 0 | V45: 0 | W45: 0 | X45: 0 | Y45: 0 | Z45: 0 | AA45: 0 | AB45: 0 | AC45: 0 | AD45: 0 | AE45: 0 | AF45: 0 | AG45: 0 | AH45: 0 | AI45: 0 | AJ45: 0 | AK45: 44265.4 | AL45: -10472.795 | AM45: -14505.852 | AN45: 9997.3521 | AO45: 0 | AP45: 0 | AQ45: 0
B46: Domestic | C46: -90.370911 | D46: -115.04094 | E46: -86.35118 | F46: -103.18678 | G46: -221.11168 | H46: -116.24456 | I46: -320.87664 | J46: -94.447758 | K46: -132.48816 | L46: -1066.262 | M46: -603.01019 | N46: -1356.6018 | O46: -544.90823 | P46: -588.92788 | Q46: -773.17818 | R46: -124.21657 | S46: -1060.0476 | T46: -163.31804 | U46: -331.74667 | V46: -263.70498 | W46: -215.48987 | X46: -449.26304 | Y46: -275.85342 | Z46: -596.04696 | AA46: 9061.8356 | AB46: -1321.7604 | AC46: -146.61101 | AD46: 831.6736 | AE46: -149.17059 | AF46: -163.71037 | AG46: -199.16072 | AH46: -135.50234 | AI46: -96.310209 | AJ46: -447.42575 | AK46: -58.96251 | AL46: -335.19432 | AM46: -172.92107 | AN46: -146.56506 | AO46: -139.96713 | AP46: -301.49598 | AQ46: -210.68171
B47: Loans | C47: 2.2093538 | D47: -3.5722776 | E47: 15.128582 | F47: -8.3404014 | G47: -96.305041 | H47: -49.769627 | I47: -192.90909 | J47: 90.533871 | K47: -48.406309 | L47: -910.4572 | M47: -340.70341 | N47: -1223.4927 | O47: -113.54031 | P47: -220.23115 | Q47: -691.89387 | R47: -96.540958 | S47: -722.95207 | T47: -14.528205 | U47: -262.23812 | V47: -117.42698 | W47: -190.98576 | X47: -418.79296 | Y47: -245.43218 | Z47: -301.45223 | AA47: 709.69733 | AB47: -1285.6182 | AC47: -148.75373 | AD47: 847.01964 | AE47: -140.67441 | AF47: -152.54518 | AG47: -168.63303 | AH47: -98.014535 | AI47: -122.81222 | AJ47: -420.16201 | AK47: -69.271976 | AL47: -330.06598 | AM47: -132.39139 | AN47: -131.65982 | AO47: -141.41067 | AP47: -131.62424 | AQ47: -131.23914
B48: Disbursement1 | C48: 34.654145 | D48: 55.447342 | E48: 64.16788 | F48: 35.691616 | G48: 42.651457 | H48: 37.365226 | I48: 34.770091 | J48: 157.19682 | K48: 26.317192 | L48: 118.16144 | M48: 8.5723522 | N48: 46.798194 | O48: 6.6889901 | P48: 2.5185205 | Q48: 10.260089 | R48: 1.7692083 | S48: 3.0621289 | T48: 0.70862682 | U48: 458.29547 | V48: 5.0460273 | W48: 1.3509108 | X48: 0.88799597 | Y48: 0.44056189 | Z48: 0 | AA48: 1001.2356 | AB48: 0.088652352 | AC48: 443.49779 | AD48: 1539.9646 | AE48: 22.929507 | AF48: 23.917329 | AG48: 1.1038406 | AH48: 33.171937 | AI48: 0.25887495 | AJ48: 0.67833823 | AK48: 0 | AL48: 0.33516721 | AM48: 0 | AN48: 0.11220726 | AO48: 0 | AP48: 0 | AQ48: 0
B49: Amortization1 | C49: 32.444791 | D49: 59.01962 | E49: 49.039299 | F49: 44.032018 | G49: 138.9565 | H49: 87.134852 | I49: 227.67918 | J49: 66.662954 | K49: 74.723501 | L49: 1028.6186 | M49: 349.27576 | N49: 1270.2909 | O49: 120.2293 | P49: 222.74967 | Q49: 702.15396 | R49: 98.310166 | S49: 726.0142 | T49: 15.236832 | U49: 720.53359 | V49: 122.47301 | W49: 192.33667 | X49: 419.68096 | Y49: 245.87275 | Z49: 301.45223 | AA49: 291.53828 | AB49: 1285.7069 | AC49: 592.25152 | AD49: 692.94493 | AE49: 163.60392 | AF49: 176.46251 | AG49: 169.73687 | AH49: 131.18647 | AI49: 123.0711 | AJ49: 420.84035 | AK49: 69.271976 | AL49: 330.40114 | AM49: 132.39139 | AN49: 131.77203 | AO49: 141.41067 | AP49: 131.62424 | AQ49: 131.23914
B50: Securities | C50: -62.219409 | D50: -59.133062 | E50: -64.394871 | F50: -96.0666 | G50: -126.33874 | H50: -68.035379 | I50: -129.54057 | J50: -186.56316 | K50: -85.663251 | L50: -157.37833 | M50: -263.87201 | N50: -134.64491 | O50: -432.87317 | P50: -326.23623 | Q50: -63.998283 | R50: -62.644167 | S50: -312.0503 | T50: -143.33616 | U50: -54.033033 | V50: -143.28948 | W50: -26.377574 | X50: -14.62371 | Y50: -15.676813 | Z50: -296.17104 | AA50: 8334.8595 | AB50: -15.856737 | AC50: -15.302501 | AD50: -15.708335 | AE50: -15.693798 | AF50: -28.896477 | AG50: -16.0938 | AH50: -16.474938 | AI50: -17.011003 | AJ50: -17.300863 | AK50: -17.153568 | AL50: -17.238868 | AM50: -37.837032 | AN50: -17.239251 | AO50: -17.12638 | AP50: -203.96167 | AQ50: -17.25238
B51: Disbursements1 | C51: 135.06714 | D51: 0 | E51: 67.636669 | F51: 0 | G51: 893.22226 | H51: 3.8507433 | I51: 127.76311 | J51: 19.504304 | K51: 0 | L51: 190.7695 | M51: 20.266112 | N51: 56.734599 | O51: 0 | P51: 0 | Q51: 0 | R51: 0 | S51: 0 | T51: 0 | U51: 0 | V51: 0 | W51: 0 | X51: 0 | Y51: 0 | Z51: 175.439 | AA51: 8412.7782 | AB51: 0 | AC51: 0 | AD51: 0 | AE51: 0 | AF51: 2.3175174 | AG51: 0 | AH51: 0 | AI51: 0 | AJ51: 0 | AK51: 0 | AL51: 0 | AM51: 0 | AN51: 0 | AO51: 0 | AP51: 0 | AQ51: 0
... B53: Overdrafts (net)2 | C53: -30.360856 | D53: -52.335596 | E53: -37.08489 | F53: 1.2202234 | G53: 1.5320959 | H53: 1.5604467 | I53: 1.5730265 | J53: 1.5815344 | K53: 1.5813949 | L53: 1.5735104 | M53: 1.5652357 | N53: 1.5357831 | O53: 1.5052396 | P53: -42.460501 | Q53: -17.286025 | R53: 34.968552 | S53: -25.045234 | T53: -5.4536738 | U53: -15.475523 | V53: -2.9885147 | W53: 1.8734674 | X53: -15.84637 | Y53: -14.744422 | Z53: 1.5763065 | AA53: 17.278753 | AB53: -20.285379 | AC53: 17.44522 | AD53: 0.36229582 | AE53: 7.1976128 | AF53: 17.731294 | AG53: -14.433893 | AH53: -21.012872 | AI53: 43.513017 | AJ53: -9.9628851 | AK53: 27.463034 | AL53: 12.110524 | AM53: -2.6926507 | AN53: 2.3340094 | AO53: 18.569923 | AP53: 34.089935 | AQ53: -62.19019
B55: Memorandum items:
B56: Financing balance (-), primary | C56: 559.76548 | D56: 84.689642 | E56: 262.48383 | F56: 303.74601 | G56: 372.79958 | H56: 430.72908 | I56: 164.68791 | J56: -326.05372 | K56: -82.402155 | L56: 318.11191 | M56: 72.558177 | N56: -370.80715 | O56: -134.80089 | P56: 449.54477 | Q56: -182.21808 | R56: -155.86382 | S56: -98.256277 | T56: 45.724471 | U56: 178.61774 | V56: -38.87359 | W56: 1641.7411 | X56: -454.45887 | Y56: -719.61177 | Z56: -419.66301 | AA56: -10014.236 | AB56: 45.230963 | AC56: -42.451196 | AD56: -873.97268 | AE56: -1622.7433 | AF56: 363.5665 | AG56: 106.92704 | AH56: -461.51862 | AI56: -28.008725 | AJ56: 3252.7669 | AK56: -2261.2096 | AL56: 1617.8061 | AM56: 2380.6657 | AN56: 1860.4464 | AO56: 2868.9786 | AP56: 1731.8796 | AQ56: -92.395794
B57: Financing balance (-), primary non-mining | C57: 804.06033 | D57: 898.02739 | E57: 1075.2689 | F57: 753.36137 | G57: 1275.66 | H57: 922.42969 | I57: 1362.1663 | J57: 1443.9329 | K57: 1384.3805 | L57: 1283.6587 | M57: 1266.2226 | N57: 1764.8371 | O57: 1782.4073 | P57: 1436.4587 | Q57: 1363.3986 | R57: 1568.2557 | S57: 1452.2748 | T57: 1320.0687 | U57: 989.00974 | V57: 751.50875 | W57: 757.16744 | X57: 1686.2448 | Y57: 1807.4165 | Z57: 1506.1126 | AA57: 11339.195 | AB57: 1494.6862 | AC57: 1647.3001 | AD57: 2696.2776 | AE57: 2995.8564 | AF57: 1613.6127 | AG57: 1629.9381 | AH57: 1280.722 | AI57: 869.52876 | AJ57: 329.03591 | AK57: 3145.9657 | AL57: 845.13759 | AM57: 1132.3687 | AN57: -139.1212 | AO57: -1117.7968 | AP57: 4036.01 | AQ57: 1230.0077
B58: Net Supplier Arrears | C58: -41.551935 | D58: -69.013872 | E58: -18.627249 | F58: -69.783946 | G58: -84.927909 | H58: -145.24567 | I58: -117.57793 | J58: -104.11104 | K58: -122.83483 | L58: -44.755722 | M58: -152.97222 | N58: -79.4494 | O58: -87.881308 | P58: -77.600251 | Q58: -221.19021 | R58: -184.80849 | S58: -140.74582 | T58: -83.048153 | U58: -127.22683 | V58: -115.89688 | W58: -68.023761 | X58: -232.48364 | Y58: -292.01068 | Z58: -319.89359 | AA58: -232.96941 | AB58: -296.11317 | AC58: -120.14298 | AD58: 0 | AE58: -0.3534 | AF58: -2.4595944 | AG58: -60.227951 | AH58: -41.016024 | AI58: -76.250894 | AJ58: -45.357657 | AK58: -5.5810824 | AL58: -569.76945 | AM58: -173.30141 | AN58: -91.423929 | AO58: -323.72675 | AP58: -134.17306 | AQ58: -64.437671
B59: Arrears incurred for the current fiscal year | C59: 0 | D59: 0 | E59: 0 | F59: 0 | G59: 0 | H59: 0 | I59: 0 | J59: 0 | K59: 0 | L59: 0 | M59: 0 | N59: 0 | O59: 0 | P59: 0 | Q59: 0 | R59: 0 | S59: 0 | T59: 0 | U59: 0 | V59: 0 | W59: 0 | X59: 0 | Y59: 0 | Z59: 0 | AA59: 0 | AB59: 0 | AC59: 0 | AD59: 0 | AE59: 0 | AF59: 0 | AG59: 0 | AH59: 0 | AI59: 0 | AJ59: 0 | AK59: 0 | AL59: 0 | AM59: 0 | AN59: 0 | AO59: 0 | AP59: 0 | AQ59: 0
B60: Payment of arrears | C60: 41.551935 | D60: 69.013872 | E60: 18.627249 | F60: 69.783946 | G60: 84.927909 | H60: 145.24567 | I60: 117.57793 | J60: 104.11104 | K60: 122.83483 | L60: 44.755722 | M60: 152.97222 | N60: 79.4494 | O60: 87.881308 | P60: 77.600251 | Q60: 221.19021 | R60: 184.80849 | S60: 140.74582 | T60: 83.048153 | U60: 127.22683 | V60: 115.89688 | W60: 68.023761 | X60: 232.48364 | Y60: 292.01068 | Z60: 319.89359 | AA60: 232.96941 | AB60: 296.11317 | AC60: 120.14298 | AD60: 0 | AE60: 0.3534 | AF60: 2.4595944 | AG60: 60.227951 | AH60: 41.016024 | AI60: 76.250894 | AJ60: 45.357657 | AK60: 5.5810824 | AL60: 569.76945 | AM60: 173.30141 | AN60: 91.423929 | AO60: 323.72675 | AP60: 134.17306 | AQ60: 64.437671
B61: Net Interest Arrears | C61: -1.05 | D61: 0 | E61: 0 | F61: 0 | G61: -2.6618711 | H61: -0.31795128 | I61: -0.048196732 | J61: 0 | K61: 0 | L61: 0 | M61: 0 | N61: 0 | O61: 0 | P61: 0 | Q61: 0 | R61: 0 | S61: 0 | T61: 0 | U61: 0 | V61: 0 | W61: 0 | X61: 0 | Y61: 0 | Z61: 0 | AA61: 0 | AB61: 0 | AC61: 0 | AD61: 0 | AE61: 0 | AF61: 0 | AG61: 0 | AH61: 0 | AI61: 0 | AJ61: 0 | AK61: 0 | AL61: 0 | AM61: 0 | AN61: 0 | AO61: 0 | AP61: 0 | AQ61: 0
B62: Arrears incurred for the current fiscal year | C62: 0 | D62: 0 | E62: 0 | F62: 0 | G62: 0 | H62: 0 | I62: 0 | J62: 0 | K62: 0 | L62: 0 | M62: 0 | N62: 0 | O62: 0 | P62: 0 | Q62: 0 | R62: 0 | S62: 0 | T62: 0 | U62: 0 | V62: 0 | W62: 0 | X62: 0 | Y62: 0 | Z62: 0 | AA62: 0 | AB62: 0 | AC62: 0 | AD62: 0 | AE62: 0 | AF62: 0 | AG62: 0 | AH62: 0 | AI62: 0 | AJ62: 0 | AK62: 0 | AL62: 0 | AM62: 0 | AN62: 0 | AO62: 0 | AP62: 0 | AQ62: 0
B63: Payment of arrears | C63: 1.05 | D63: 0 | E63: 0 | F63: 0 | G63: 2.6618711 | H63: 0.31795128 | I63: 0.048196732 | J63: 0 | K63: 0 | L63: 0 | M63: 0 | N63: 0 | O63: 0 | P63: 0 | Q63: 0 | R63: 0 | S63: 0 | T63: 0 | U63: 0 | V63: 0 | W63: 0 | X63: 0 | Y63: 0 | Z63: 0 | AA63: 0 | AB63: 0 | AC63: 0 | AD63: 0 | AE63: 0 | AF63: 0 | AG63: 0 | AH63: 0 | AI63: 0 | AJ63: 0 | AK63: 0 | AL63: 0 | AM63: 0 | AN63: 0 | AO63: 0 | AP63: 0 | AQ63: 0
B67: Source: Ministry of Finance and Planning/ Suriname Debt Management Office/ Central Bank of Suriname.
B68: Note: Government operations on a cash basis concern actual receipts and actual payments of the government during the reporting period. However,
B69: revenues are adjusted and presented on a gross basis taking into account revenues settled with EBS subsidies. Likewise, within expenditures government
B70: subsidies to EBS are presented on gross basis. Classification and valuation follow the international methodology of
B71: the Government Finance Statistics Manual (GFSM) of the International Monetary Fund.
B72: * Preliminary data.
B73: 1 Data from the Suriname Debt Management Office.
B74: 2 Data from the balance sheets of the CBoS en other depository corporations.
B75: 3 Government account at the Central Bank of Suriname to secure loans with regard to the consolidated government debt with the CBoS and
B76: the Finabank to secure the meta agreement.
B77: 4Note: In the main table (Table 1.0), the recapitalization of the Central Bank of Suriname (CBvS) in January 2025 is included in total subsidies and contributions.

Sheet T 1.1
B2: Table 1.1 Suriname: Central government operations budget vs realisation,
B3: Jan - May 2026 (SRD million)
C5: Jan - May 2026 Actual | D5: 2026 Budget | E5: Actual in % of Budget
B8: Total revenues | C8: 30658.026 | D8: 57993.542 | E8: 52.864552
B9: On adjusted cash basis:
B10: Tax revenues | C10: 19349.243 | D10: 42561.348 | E10: 45.462008
B11: Direct taxes | C11: 11345.501 | D11: 20517.745 | E11: 55.296041
B12: Indirect taxes | C12: 8003.7425 | D12: 22043.603 | E12: 36.308686
B13: Non-tax revenues | C13: 11167.9 | D13: 15050.402 | E13: 74.203331
A14: ` | B14: Grants | C14: 140.88336 | D14: 381.792 | E14: 36.900553
B16: Total expenditures | C16: 28877.013 | D16: 68077.437 | E16: 42.417891
B17: On adjusted cash basis:
B18: Wages and salaries | C18: 6263.4198 | D18: 18304.529 | E18: 34.217869
B19: Goods and services | C19: 3379.3925 | D19: 13852.626 | E19: 24.39532
B20: Subsidies and transfers | C20: 9906.9328 | D20: 22351.445 | E20: 44.323456
B21: Interest | C21: 8126.0526 | D21: 6070.111 | E21: 133.86992
B22: Capital expenditure | C22: 1201.2153 | D22: 7498.726 | E22: 16.018925
B24: Primary balance | C24: 9907.0658 | D24: -4013.784 | E24: -246.82608
B25: Overall balance | C25: 1781.0132 | D25: -10083.895 | E25: -17.661957
B27: GDP* | C27: 252256.65 | D27: 252256.65
B29: Primary balance (% of GDP) | C29: 3.9273755 | D29: -1.5911509
B30: Overall balance (% of GDP) | C30: 0.70603222 | D30: -3.9974744
B34: Source: Ministry of Finance and Planning/ Suriname Debt Management Office/ Central Bank of Suriname.
B35: Note: Government operations on a cash basis concern actual receipts and actual payments of the
B36: government during the reporting period. However, revenues are adjusted and presented on
B37: a gross basis taking into account revenues settled with EBS subsidies. Likewise, within
B38: expenditures government subsidies to EBS are presented on gross basis. Classification
B39: and valuation follow the international methodology of the Government Finance Statistics Manual
B40: (GFSM) of the International Monetary Fund.
B41: * Preliminary data.
B42: 1 Data from the Suriname Debt Management Office.

Sheet T 2.1.1
B3: Table 2.1.1 Suriname: Government revenues from mining and non-mining, Jan 2023 - May 2026 (SRD million)
C6: ='T 2.1.2'!C6 -> 44927 | D6: ='T 2.1.2'!D6 -> 44958 | E6: ='T 2.1.2'!E6 -> 44986 | F6: ='T 2.1.2'!F6 -> 45017 | G6: ='T 2.1.2'!G6 -> 45047 | H6: ='T 2.1.2'!H6 -> 45078 | I6: ='T 2.1.2'!I6 -> 45108 | J6: ='T 2.1.2'!J6 -> 45139 | ... AQ6: ='T 2.1.2'!AQ6 -> 46143
B8: Total revenues | C8: 2703.3521 | D8: 1930.5313 | E8: 2639.3926 | F8: 2590.6231 | G8: 3096.5882 | H8: 2854.3237 | I8: 3230.1768 | J8: 3123.3425 | K8: 2677.3685 | L8: 3511.0462 | M8: 2989.6912 | N8: 3711.1489 | O8: 3161.5915 | P8: 3522.0912 | Q8: 3169.7207 | R8: 3224.7024 | S8: 3027.9309 | T8: 3106.2265 | U8: 3583.8644 | V8: 2270.5037 | W8: 4337.8376 | X8: 3385.4691 | Y8: 3150.4832 | Z8: 3472.2753 | AA8: 3576.425 | AB8: 3589.4321 | AC8: 3779.9863 | AD8: 4518.0059 | AE8: 3760.8736 | AF8: 4599.9699 | AG8: 5302.5165 | AH8: 3353.3711 | AI8: 3597.4234 | AJ8: 7082.8176 | AK8: 3091.3469 | AL8: 5866.4722 | AM8: 6783.6246 | AN8: 5465.9625 | AO8: 7190.4641 | AP8: 6830.3493 | AQ8: 4371.9381
B10: Mining1 | C10: 1363.8258 | D10: 982.71703 | E10: 1337.7528 | F10: 1057.1074 | G10: 1648.4596 | H10: 1353.1588 | I10: 1526.8542 | J10: 1117.8792 | K10: 1301.9784 | L10: 1601.7706 | M10: 1338.7808 | N10: 1394.03 | O10: 1647.6064 | P10: 1886.0034 | Q10: 1181.1805 | R10: 1412.3919 | S10: 1354.0185 | T10: 1365.7932 | U10: 1167.6275 | V10: 712.63516 | W10: 2398.9086 | X10: 1231.7859 | Y10: 1087.8047 | Z10: 1086.4496 | AA10: 1324.9586 | AB10: 1539.9171 | AC10: 1604.8489 | AD10: 1822.305 | AE10: 1373.1131 | AF10: 1977.1793 | AG10: 1736.8651 | AH10: 819.20341 | AI10: 841.52003 | AJ10: 3581.8028 | AK10: 884.75607 | AL10: 2462.9436 | AM10: 3513.0344 | AN10: 1721.3252 | AO10: 1751.1818 | AP10: 5767.8896 | AQ10: 1137.6119
B11: Tax revenues | C11: 597.57944 | D11: 441.28108 | E11: 799.36256 | F11: 564.44483 | G11: 786.92898 | H11: 682.14357 | I11: 654.06994 | J11: 676.4076 | K11: 662.31301 | L11: 696.88797 | M11: 677.37511 | N11: 741.46104 | O11: 710.73254 | P11: 653.77123 | Q11: 688.25615 | R11: 769.60283 | S11: 837.41459 | T11: 999.02811 | U11: 664.46144 | V11: 482.69244 | W11: 853.66449 | X11: 618.44085 | Y11: 594.82597 | Z11: 549.14374 | AA11: 916.74224 | AB11: 621.01922 | AC11: 764.04526 | AD11: 1022.4356 | AE11: 718.63321 | AF11: 1551.9416 | AG11: 1038.1171 | AH11: 617.49801 | AI11: 581.09148 | AJ11: 1371.4505 | AK11: 578.27771 | AL11: 843.58492 | AM11: 1299.5782 | AN11: 849.58368 | AO11: 740.59553 | AP11: 4040.2595 | AQ11: 743.74198
B12: Direct taxes | C12: 597.57944 | D12: 441.28108 | E12: 754.00419 | F12: 543.62992 | G12: 766.41394 | H12: 658.65978 | I12: 630.70708 | J12: 658.39649 | K12: 635.05675 | L12: 660.98702 | M12: 648.3782 | N12: 696.06636 | O12: 651.40427 | P12: 604.32156 | Q12: 646.66172 | R12: 760.19727 | S12: 793.53989 | T12: 946.36192 | U12: 620.54923 | V12: 435.69926 | W12: 809.89125 | X12: 573.27338 | Y12: 547.85005 | Z12: 496.84682 | AA12: 892.93283 | AB12: 583.66327 | AC12: 712.81297 | AD12: 970.38656 | AE12: 666.16619 | AF12: 1503.5022 | AG12: 990.20924 | AH12: 563.95497 | AI12: 527.52289 | AJ12: 1322.6713 | AK12: 521.29784 | AL12: 802.85612 | AM12: 1264.0647 | AN12: 807.13883 | AO12: 689.81472 | AP12: 3934.8701 | AQ12: 743.52138
B13: Indirect taxes | C13: 0 | D13: 0 | E13: 45.358366 | F13: 20.814913 | G13: 20.515039 | H13: 23.483785 | I13: 23.362856 | J13: 18.011108 | K13: 27.256259 | L13: 35.900955 | M13: 28.996904 | N13: 45.394683 | O13: 59.32827 | P13: 49.449671 | Q13: 41.59443 | R13: 9.4055629 | S13: 43.874704 | T13: 52.666194 | U13: 43.912208 | V13: 46.993172 | W13: 43.773243 | X13: 45.167467 | Y13: 46.975917 | Z13: 52.29692 | AA13: 23.809408 | AB13: 37.355949 | AC13: 51.232291 | AD13: 52.049046 | AE13: 52.467023 | AF13: 48.439379 | AG13: 47.907904 | AH13: 53.543035 | AI13: 53.568585 | AJ13: 48.779194 | AK13: 56.979872 | AL13: 40.728799 | AM13: 35.513478 | AN13: 42.444853 | AO13: 50.780807 | AP13: 105.3894 | AQ13: 0.22060267
B14: Non-tax revenues | C14: 766.24637 | D14: 541.43595 | E14: 538.39019 | F14: 492.66255 | G14: 861.53065 | H14: 671.01521 | I14: 872.78422 | J14: 441.47162 | K14: 639.66538 | L14: 904.88267 | M14: 661.40566 | N14: 652.56892 | O14: 936.87383 | P14: 1232.2322 | Q14: 492.92439 | R14: 642.7891 | S14: 516.60391 | T14: 366.76509 | U14: 503.16604 | V14: 229.94273 | W14: 1545.2441 | X14: 613.34505 | Y14: 492.97878 | Z14: 537.30585 | AA14: 408.2164 | AB14: 918.8979 | AC14: 840.80367 | AD14: 799.86936 | AE14: 654.47988 | AF14: 425.23763 | AG14: 698.74796 | AH14: 201.7054 | AI14: 260.42855 | AJ14: 2210.3524 | AK14: 306.47835 | AL14: 1619.3587 | AM14: 2213.4563 | AN14: 871.74155 | AO14: 1010.5863 | AP14: 1727.6301 | AQ14: 393.8699
B16: Non-mining | C16: 1339.5263 | D16: 947.81431 | E16: 1301.6399 | F16: 1533.5157 | G16: 1448.1286 | H16: 1501.165 | I16: 1703.3226 | J16: 2005.4633 | K16: 1375.3902 | L16: 1909.2755 | M16: 1650.9104 | N16: 2317.119 | O16: 1513.9852 | P16: 1636.0878 | Q16: 1988.5401 | R16: 1812.3105 | S16: 1673.9124 | T16: 1740.4333 | U16: 2416.2369 | V16: 1557.8685 | W16: 1938.9291 | X16: 2153.6832 | Y16: 2062.6785 | Z16: 2385.8257 | AA16: 2251.4663 | AB16: 2049.515 | AC16: 2175.1373 | AD16: 2695.7009 | AE16: 2387.7605 | AF16: 2622.7907 | AG16: 3565.6514 | AH16: 2534.1677 | AI16: 2755.9034 | AJ16: 3501.0148 | AK16: 2206.5908 | AL16: 3403.5286 | AM16: 3270.5901 | AN16: 3744.6372 | AO16: 5439.2823 | AP16: 1062.4597 | AQ16: 3234.3262
B17: Tax revenues | C17: 927.25907 | D17: 684.57763 | E17: 823.86593 | F17: 1137.1976 | G17: 1036.3884 | H17: 1195.1747 | I17: 1466.9791 | J17: 1676.7596 | K17: 1126.311 | L17: 1495.1399 | M17: 1216.8504 | N17: 1533.388 | O17: 1421.2862 | P17: 1419.8048 | Q17: 1511.7928 | R17: 1547.2984 | S17: 1475.3039 | T17: 1517.392 | U17: 2070.6582 | V17: 1321.9629 | W17: 1586.593 | X17: 1836.4016 | Y17: 1696.9075 | Z17: 2049.4803 | AA17: 1945.8028 | AB17: 1591.3102 | AC17: 1717.884 | AD17: 2081.5219 | AE17: 2101.3962 | AF17: 1952.6288 | AG17: 2882.0352 | AH17: 2205.6547 | AI17: 2432.9032 | AJ17: 3178.6839 | AK17: 1833.1397 | AL17: 3129.9131 | AM17: 2406.0947 | AN17: 1802.7879 | AO17: 5031.5523 | AP17: 359.37971 | AQ17: 2059.982
B18: Direct taxes | C18: 264.92158 | D18: 93.785902 | E18: 239.21576 | F18: 493.77636 | G18: 316.76594 | H18: 462.6528 | I18: 782.29407 | J18: 549.20396 | K18: 363.88911 | L18: 474.09533 | M18: 349.80347 | N18: 409.94956 | O18: 262.38836 | P18: 305.63905 | Q18: 587.82209 | R18: 556.64684 | S18: 358.42464 | T18: 630.81833 | U18: 1078.4338 | V18: 370.7886 | W18: 466.00185 | X18: 679.29298 | Y18: 384.37494 | Z18: 982.86391 | AA18: 460.94458 | AB18: 322.15675 | AC18: 499.75191 | AD18: 683.83691 | AE18: 444.18059 | AF18: 504.88389 | AG18: 1398.4444 | AH18: 581.45998 | AI18: 817.46278 | AJ18: 1452.5782 | AK18: 431.57248 | AL18: 1339.2296 | AM18: 666.77419 | AN18: 260.18879 | AO18: 3497.8024 | AP18: -1116.1507 | AQ18: 581.78857
B19: Indirect taxes | C19: 662.3375 | D19: 590.79173 | E19: 584.65017 | F19: 643.4212 | G19: 719.62246 | H19: 732.52186 | I19: 684.68501 | J19: 1127.5556 | K19: 762.4219 | L19: 1021.0446 | M19: 867.04695 | N19: 1123.4385 | O19: 1158.8978 | P19: 1114.1658 | Q19: 923.97075 | R19: 990.65152 | S19: 1116.8793 | T19: 886.5737 | U19: 992.22442 | V19: 951.17428 | W19: 1120.5911 | X19: 1157.1086 | Y19: 1312.5325 | Z19: 1066.6164 | AA19: 1484.8582 | AB19: 1269.1535 | AC19: 1218.132 | AD19: 1397.685 | AE19: 1657.2156 | AF19: 1447.7449 | AG19: 1483.5908 | AH19: 1624.1947 | AI19: 1615.4404 | AJ19: 1726.1057 | AK19: 1401.5672 | AL19: 1790.6835 | AM19: 1739.3205 | AN19: 1542.5992 | AO19: 1533.7499 | AP19: 1475.5304 | AQ19: 1478.1934
B20: Non-tax revenues | C20: 412.17153 | D20: 263.23668 | E20: 477.47154 | F20: 396.31818 | G20: 405.8771 | H20: 302.3006 | I20: 236.34354 | J20: 251.91149 | K20: 249.07914 | L20: 293.85032 | M20: 420.45023 | N20: 629.25635 | O20: 92.699001 | P20: 216.28298 | Q20: 380.95978 | R20: 260.82031 | S20: 198.03471 | T20: 223.04127 | U20: 345.57869 | V20: 235.90568 | W20: 352.33609 | X20: 317.28161 | Y20: 365.77105 | Z20: 336.34541 | AA20: 123.53966 | AB20: 454.87733 | AC20: 455.90907 | AD20: 521.83519 | AE20: 286.3643 | AF20: 666.21731 | AG20: 539.56175 | AH20: 328.513 | AI20: 323.00026 | AJ20: 314.70184 | AK20: 373.45112 | AL20: 273.61552 | AM20: 784.9496 | AN20: 1941.8493 | AO20: 407.72999 | AP20: 641.74248 | AQ20: 1174.3442
B21: Grants | C21: 0.095689464 | D21: 0 | E21: 0.30240247 | F21: 0 | G21: 5.86307 | H21: 3.6897 | I21: 0 | J21: 76.7922 | K21: 0 | L21: 120.28531 | M21: 13.609785 | N21: 154.47458 | O21: 0 | P21: 0 | Q21: 95.7875 | R21: 4.19184 | S21: 0.57372944 | T21: 0 | U21: 0 | V21: 0 | W21: 0 | X21: 0 | Y21: 0 | Z21: 0 | AA21: 182.12391 | AB21: 3.32748 | AC21: 1.3443233 | AD21: 92.343799 | AE21: 0 | AF21: 3.94452 | AG21: 144.05441 | AH21: 0 | AI21: 0 | AJ21: 7.629 | AK21: 0 | AL21: 0 | AM21: 79.5459 | AN21: 0 | AO21: 0 | AP21: 61.337461 | AQ21: 0
B24: Source: Ministry of Finance and Planning.
B25: *Preliminary data.
B26: Cash revenue data are adjusted and presented on a gross basis taking into account revenues settled with EBS subsidies.
B27: 1Mining revenues from the oil, gold and mining quarrying sectors.
B28: 4Note: The negative amount reflects a timing difference between the deposit made at the commercial bank in March and the transfer to the Central Bank in April.

Sheet T 2.1.2
B3: Table 2.1.2 Suriname: Mining revenues by company segment, revenue type and original currency, Jan 2023 - May 2026
C6: ='T 2.1.3'!C5 -> 44927 | D6: ='T 2.1.3'!D5 -> 44958 | E6: ='T 2.1.3'!E5 -> 44986 | F6: ='T 2.1.3'!F5 -> 45017 | G6: ='T 2.1.3'!G5 -> 45047 | H6: ='T 2.1.3'!H5 -> 45078 | I6: ='T 2.1.3'!I5 -> 45108 | J6: ='T 2.1.3'!J5 -> 45139 | ... AQ6: ='T 2.1.3'!AQ5 -> 46143
B8: Total mining revenues (SRD million)1 | C8: 1363.8258 | D8: 982.71703 | E8: 1337.7528 | F8: 1057.1074 | G8: 1648.4596 | H8: 1353.1588 | I8: 1526.8542 | J8: 1117.8792 | K8: 1301.9784 | L8: 1601.7706 | M8: 1338.7808 | N8: 1394.03 | O8: 1647.6064 | P8: 1886.0034 | Q8: 1181.1805 | R8: 1412.3919 | S8: 1354.0185 | T8: 1365.7932 | U8: 1167.6275 | V8: 712.63516 | W8: 2398.9086 | X8: 1231.7859 | Y8: 1087.8047 | Z8: 1086.4496 | AA8: 1324.9586 | AB8: 1539.9171 | AC8: 1604.8489 | AD8: 1822.305 | AE8: 1373.1131 | AF8: 1977.1793 | AG8: 1736.8651 | AH8: 819.20341 | AI8: 841.52003 | AJ8: 3581.8028 | AK8: 884.75607 | AL8: 2462.9436 | AM8: 3513.0344 | AN8: 1721.3252 | AO8: 1751.1818 | AP8: 5767.8896 | AQ8: 1137.6119
B10: Large and medium-sized companies | C10: 1278.7016 | D10: 871.07791 | E10: 1213.2739 | F10: 888.36639 | G10: 1481.036 | H10: 1222.0032 | I10: 1369.8944 | J10: 984.73208 | K10: 1167.8704 | L10: 1431.061 | M10: 1150.9124 | N10: 1211.1729 | O10: 1496.9045 | P10: 1717.3864 | Q10: 1027.0455 | R10: 1261.5039 | S10: 1165.8453 | T10: 1226.1298 | U10: 1015.6359 | V10: 579.60353 | W10: 2239.2976 | X10: 1070.0201 | Y10: 938.09323 | Z10: 944.33723 | AA10: 1199.2489 | AB10: 1447.6026 | AC10: 1486.4761 | AD10: 1734.7456 | AE10: 1266.8263 | AF10: 1918.2369 | AG10: 1602.4616 | AH10: 718.78089 | AI10: 667.94929 | AJ10: 3377.0545 | AK10: 727.77148 | AL10: 2082.0625 | AM10: 3204.2026 | AN10: 1476.8906 | AO10: 1490.11 | AP10: 5498.8606 | AQ10: 892.7632
B11: Direct taxes | C11: 597.07882 | D11: 440.94735 | E11: 753.70314 | F11: 542.87763 | G11: 766.07738 | H11: 658.25349 | I11: 629.84633 | J11: 657.30969 | K11: 634.24579 | L11: 660.48998 | M11: 647.79611 | N11: 695.1838 | O11: 650.74916 | P11: 599.30504 | Q11: 646.226 | R11: 759.81554 | S11: 792.5017 | T11: 945.42025 | U11: 619.37308 | V11: 434.75189 | W11: 809.23738 | X11: 572.15273 | Y11: 547.49653 | Z11: 495.88661 | AA11: 892.21513 | AB11: 582.53861 | AC11: 711.83283 | AD11: 970.24468 | AE11: 660.94506 | AF11: 1503.3748 | AG11: 976.62911 | AH11: 563.33289 | AI11: 526.58484 | AJ11: 1317.8204 | AK11: 520.69116 | AL11: 802.1196 | AM11: 1262.7443 | AN11: 805.81 | AO11: 688.88218 | AP11: 3928.4427 | AQ11: 742.89037
B12: Indirect taxes | C12: 0 | D12: 0 | E12: 45.358366 | F12: 20.628541 | G12: 20.502945 | H12: 23.330667 | I12: 23.285167 | J12: 17.923155 | K12: 27.256259 | L12: 35.879221 | M12: 28.996077 | N12: 45.345251 | O12: 59.252212 | P12: 49.174751 | Q12: 41.496768 | R12: 9.4055629 | S12: 43.434259 | T12: 52.608309 | U12: 43.790129 | V12: 46.921773 | W12: 43.678417 | X12: 45.078996 | Y12: 46.829141 | Z12: 52.29692 | AA12: 23.548021 | AB12: 37.260191 | AC12: 51.118664 | AD12: 51.987561 | AE12: 48.866037 | AF12: 48.338834 | AG12: 47.700118 | AH12: 53.478336 | AI12: 48.467452 | AJ12: 48.697544 | AK12: 50.248449 | AL12: 39.382558 | AM12: 35.343814 | AN12: 42.299466 | AO12: 46.511451 | AP12: 104.31366 | AQ12: 0
B13: Non-tax revenues | C13: 681.62274 | D13: 430.13057 | E13: 414.21244 | F13: 324.86022 | G13: 694.45564 | H13: 540.41903 | I13: 716.76292 | J13: 309.49923 | K13: 506.36834 | L13: 734.69177 | M13: 474.12023 | N13: 470.64382 | O13: 786.90317 | P13: 1068.9067 | Q13: 339.32271 | R13: 492.2828 | S13: 329.90938 | T13: 228.10124 | U13: 352.47273 | V13: 97.929869 | W13: 1386.3818 | X13: 452.78835 | Y13: 343.76755 | Z13: 396.15369 | AA13: 283.48575 | AB13: 827.80384 | AC13: 723.52459 | AD13: 712.5134 | AE13: 557.01521 | AF13: 366.5233 | AG13: 578.13238 | AH13: 101.96966 | AI13: 92.896998 | AJ13: 2010.5365 | AK13: 156.83187 | AL13: 1240.5603 | AM13: 1906.1145 | AN13: 628.78112 | AO13: 754.7164 | AP13: 1466.1042 | AQ13: 149.87283
B15: Small-scale gold mining companies | C15: 85.12425 | D15: 111.63911 | E15: 124.47881 | F15: 168.74099 | G15: 167.42366 | H15: 131.15558 | I15: 156.95974 | J15: 133.14713 | K15: 134.108 | L15: 170.70967 | M15: 187.86836 | N15: 182.85708 | O15: 150.70183 | P15: 168.617 | Q15: 154.13507 | R15: 150.88802 | S15: 188.17317 | T15: 139.6634 | U15: 151.99154 | V15: 133.03164 | W15: 159.61097 | X15: 161.76582 | Y15: 149.71152 | Z15: 142.11237 | AA15: 125.70973 | AB15: 92.314483 | AC15: 118.37284 | AD15: 87.559327 | AE15: 106.28679 | AF15: 58.942339 | AG15: 134.4035 | AH15: 100.42252 | AI15: 173.57074 | AJ15: 204.74837 | AK15: 156.98459 | AL15: 380.88116 | AM15: 308.83185 | AN15: 244.43464 | AO15: 261.07176 | AP15: 269.02902 | AQ15: 244.84868
B16: Direct taxes | C16: 0.50062629 | D16: 0.3337298 | E16: 0.3010584 | F16: 0.75228451 | G16: 0.33655902 | H16: 0.40628726 | I16: 0.86075084 | J16: 1.0867982 | K16: 0.81095836 | L16: 0.49703602 | M16: 0.5820965 | N16: 0.88255163 | O16: 0.65511054 | P16: 5.016524 | Q16: 0.43572083 | R16: 0.381729 | S16: 1.0381927 | T16: 0.94166525 | U16: 1.1761545 | V16: 0.94737736 | W16: 0.65386936 | X16: 1.120653 | Y16: 0.353516 | Z16: 0.96020868 | AA16: 0.717694 | AB16: 1.1246641 | AC16: 0.980139 | AD16: 0.141877 | AE16: 5.2211295 | AF16: 0.12746525 | AG16: 13.580128 | AH16: 0.622081 | AI16: 0.93805401 | AJ16: 4.8508421 | AK16: 0.606677 | AL16: 0.73652 | AM16: 1.3204003 | AN16: 1.328831 | AO16: 0.93253825 | AP16: 6.4274352 | AQ16: 0.631006
B17: Indirect taxes | C17: 0 | D17: 0 | E17: 0 | F17: 0.186372 | G17: 0.012094 | H17: 0.153118 | I17: 0.077689 | J17: 0.087953 | K17: 0 | L17: 0.021734 | M17: 0.000827 | N17: 0.049432 | O17: 0.076058 | P17: 0.27491968 | Q17: 0.097662 | R17: 0 | S17: 0.44044548 | T17: 0.057885 | U17: 0.122079 | V17: 0.071399 | W17: 0.094826 | X17: 0.088471 | Y17: 0.146776 | Z17: 0 | AA17: 0.261387 | AB17: 0.095758 | AC17: 0.113627 | AD17: 0.061485 | AE17: 3.600986 | AF17: 0.100545 | AG17: 0.207786 | AH17: 0.064699 | AI17: 5.101133 | AJ17: 0.08165 | AK17: 6.731423 | AL17: 1.346241 | AM17: 0.169664 | AN17: 0.145387 | AO17: 4.2693559 | AP17: 1.07574 | AQ17: 0.22060267
B18: Non-tax revenues | C18: 84.623624 | D18: 111.30539 | E18: 124.17775 | F18: 167.80234 | G18: 167.07501 | H18: 130.59618 | I18: 156.0213 | J18: 131.97238 | K18: 133.29704 | L18: 170.1909 | M18: 187.28543 | N18: 181.9251 | O18: 149.97067 | P18: 163.32555 | Q18: 153.60168 | R18: 150.50629 | S18: 186.69453 | T18: 138.66385 | U18: 150.69331 | V18: 132.01286 | W18: 158.86228 | X18: 160.5567 | Y18: 149.21123 | Z18: 141.15216 | AA18: 124.73065 | AB18: 91.094061 | AC18: 117.27908 | AD18: 87.355965 | AE18: 97.464671 | AF18: 58.714329 | AG18: 120.61559 | AH18: 99.735737 | AI18: 167.53156 | AJ18: 199.81588 | AK18: 149.64649 | AL18: 378.7984 | AM18: 307.34178 | AN18: 242.96042 | AO18: 255.86987 | AP18: 261.52584 | AQ18: 243.99707
B20: By original currency
B21: Mining revenues in SRD original currency (SRD million) | C21: 748.87106 | D21: 594.40465 | E21: 913.17914 | F21: 809.21516 | G21: 1120.7516 | H21: 967.08613 | I21: 903.02775 | J21: 601.69408 | K21: 870.30261 | L21: 786.25327 | M21: 850.81314 | N21: 958.76622 | O21: 805.87442 | P21: 779.01053 | Q21: 721.29351 | R21: 645.00241 | S21: 858.33101 | T21: 662.74592 | U21: 531.04573 | V21: 510.4144 | W21: 464.37392 | X21: 496.91688 | Y21: 659.39688 | Z21: 613.39317 | AA21: 740.8968 | AB21: 544.51147 | AC21: 556.08751 | AD21: 583.00013 | AE21: 592.69125 | AF21: 703.9924 | AG21: 682.85745 | AH21: 637.87559 | AI21: 618.00144 | AJ21: 692.56982 | AK21: 613.03518 | AL21: 618.53629 | AM21: 760.05057 | AN21: 755.23797 | AO21: 660.93177 | AP21: 785.74081 | AQ21: 784.07168
B22: Mining revenues in US$ original currency (valued in SRD million) | C22: 614.95475 | D22: 388.31238 | E22: 424.57361 | F22: 247.89222 | G22: 527.70807 | H22: 386.07264 | I22: 623.82641 | J22: 516.18513 | K22: 431.67578 | L22: 815.51737 | M22: 487.96762 | N22: 435.26373 | O22: 841.73195 | P22: 1106.9929 | Q22: 459.88703 | R22: 767.38952 | S22: 495.68749 | T22: 703.04728 | U22: 636.58175 | V22: 202.22076 | W22: 1934.5346 | X22: 734.86902 | Y22: 428.40787 | Z22: 473.05642 | AA22: 584.06183 | AB22: 995.40565 | AC22: 1048.7614 | AD22: 1239.3048 | AE22: 780.42184 | AF22: 1273.1869 | AG22: 1054.0076 | AH22: 181.32782 | AI22: 223.51859 | AJ22: 2889.233 | AK22: 271.72089 | AL22: 1844.4073 | AM22: 2752.9839 | AN22: 966.08726 | AO22: 1090.25 | AP22: 4982.1488 | AQ22: 353.5402
B23: Memorandum:
B24: Mining revenues in US$ original currency (US$ million) | C24: 19.19035 | D24: 11.801014 | E24: 12.203547 | F24: 6.7157624 | G24: 14.204411 | H24: 10.203305 | I24: 16.354938 | J24: 13.460198 | K24: 11.257681 | L24: 21.374361 | M24: 12.857155 | N24: 11.688698 | O24: 23.061149 | P24: 30.887941 | Q24: 13.127252 | R24: 22.400301 | S24: 15.376353 | T24: 22.503274 | U24: 21.660545 | V24: 7.0367027 | W24: 65.166565 | X24: 22.455204 | Y24: 12.153415 | Z24: 13.482 | AA24: 16.679856 | AB24: 28.163356 | AC24: 29.002555 | AD24: 33.767604 | AE24: 21.434861 | AF24: 34.177678 | AG24: 28.716425 | AH24: 4.8450988 | AI24: 5.8308184 | AJ24: 74.439827 | AK24: 7.0908374 | AL24: 48.243764 | AM24: 72.397409 | AN24: 25.636537 | AO24: 29.158087 | AP24: 133.40515 | AQ24: 9.5078581
B25: Large and medium-sized companies | C25: 17.38516 | D25: 9.120878 | E25: 9.584153 | F25: 3.0897714 | G25: 10.519741 | H25: 7.5499914 | I25: 13.153142 | J25: 10.74838 | K25: 8.6211665 | L25: 17.923523 | M25: 8.8674746 | N25: 7.8904595 | O25: 19.797687 | P25: 27.057729 | Q25: 9.7848856 | R25: 19.266103 | S25: 10.678565 | T25: 19.025073 | U25: 17.707358 | V25: 3.4565981 | W25: 61.081061 | X25: 18.671008 | Y25: 8.7785192 | Z25: 10.240094 | AA25: 13.792062 | AB25: 26.158563 | AC25: 26.358159 | AD25: 31.940662 | AE25: 19.255383 | AF25: 33.117542 | AG25: 25.722125 | AH25: 2.7678415 | AI25: 2.5306795 | AJ25: 70.355811 | AK25: 4.2001139 | AL25: 40.485047 | AM25: 66.217435 | AN25: 20.28698 | AO25: 23.813121 | AP25: 127.76823 | AQ25: 4.2047805
B26: Small-scale gold mining companies | C26: 1.8051894 | D26: 2.6801364 | E26: 2.6193943 | F26: 3.625991 | G26: 3.6846699 | H26: 2.6533133 | I26: 3.2017964 | J26: 2.7118176 | K26: 2.6365145 | L26: 3.4508375 | M26: 3.9896809 | N26: 3.7982383 | O26: 3.2634621 | P26: 3.8302118 | Q26: 3.3423667 | R26: 3.1341981 | S26: 4.6977878 | T26: 3.4782009 | U26: 3.9531869 | V26: 3.5801046 | W26: 4.0855033 | X26: 3.7841963 | Y26: 3.3748954 | Z26: 3.2419058 | AA26: 2.8877934 | AB26: 2.0047933 | AC26: 2.6443966 | AD26: 1.8269422 | AE26: 2.1794775 | AF26: 1.0601354 | AG26: 2.9943001 | AH26: 2.0772573 | AI26: 3.3001389 | AJ26: 4.084016 | AK26: 2.8907236 | AL26: 7.7587176 | AM26: 6.1799741 | AN26: 5.349557 | AO26: 5.3449656 | AP26: 5.6369267 | AQ26: 5.3030776
B28: Exchange rate (US$) | C28: 32.045 | D28: 32.905 | E28: 34.791 | F28: 36.912 | G28: 37.151 | H28: 37.838 | I28: 38.143 | J28: 38.349 | K28: 38.345 | L28: 38.154 | M28: 37.953 | N28: 37.238 | O28: 36.5 | P28: 35.839 | Q28: 35.033 | R28: 34.258 | S28: 32.237 | T28: 31.242 | U28: 29.389 | V28: 28.738 | W28: 29.686 | X28: 32.726 | Y28: 35.25 | Z28: 35.088 | AA28: 35.016 | AB28: 35.344 | AC28: 36.161 | AD28: 36.701 | AE28: 36.409 | AF28: 37.252 | AG28: 36.704 | AH28: 37.425 | AI28: 38.334 | AJ28: 38.813 | AK28: 38.32 | AL28: 38.231 | AM28: 38.026 | AN28: 37.684 | AO28: 37.391 | AP28: 37.346 | AQ28: 37.184
B31: Source: Ministry of Finance and Planning.
B32: *Preliminary data.
B33: Cash revenue data are adjusted and presented on a gross basis taking into account revenues settled with EBS subsidies.
B34: 1Mining revenues from the oil, gold and mining quarrying sectors.

Sheet T 2.1.3
B2: Table 2.1.3 Suriname: Mining revenues by revenue type, Jan 2023 - May 2026 (SRD million)
C5: ='T 2.2'!C5 -> 44927 | D5: ='T 2.2'!D5 -> 44958 | E5: ='T 2.2'!E5 -> 44986 | F5: ='T 2.2'!F5 -> 45017 | G5: ='T 2.2'!G5 -> 45047 | H5: ='T 2.2'!H5 -> 45078 | I5: ='T 2.2'!I5 -> 45108 | J5: ='T 2.2'!J5 -> 45139 | ... AQ5: ='T 2.2'!AQ5 -> 46143
B7: Total mining revenues1 | C7: 1363.8258 | D7: 982.71703 | E7: 1337.7528 | F7: 1057.1074 | G7: 1648.4596 | H7: 1353.1588 | I7: 1526.8542 | J7: 1117.8792 | K7: 1301.9784 | L7: 1601.7706 | M7: 1338.7808 | N7: 1394.03 | O7: 1647.6064 | P7: 1886.0034 | Q7: 1181.1805 | R7: 1412.3919 | S7: 1354.0185 | T7: 1365.7932 | U7: 1167.6275 | V7: 712.63516 | W7: 2398.9086 | X7: 1231.7859 | Y7: 1087.8047 | Z7: 1086.4496 | AA7: 1324.9586 | AB7: 1539.9171 | AC7: 1604.8489 | AD7: 1822.305 | AE7: 1373.1131 | AF7: 1977.1793 | AG7: 1736.8651 | AH7: 819.20341 | AI7: 841.52003 | AJ7: 3581.8028 | AK7: 884.75607 | AL7: 2462.9436 | AM7: 3513.0344 | AN7: 1721.3252 | AO7: 1751.1818 | AP7: 5767.8896 | AQ7: 1137.6119
B9: Direct taxes | C9: 597.57944 | D9: 441.28108 | E9: 754.00419 | F9: 543.62992 | G9: 766.41394 | H9: 658.65978 | I9: 630.70708 | J9: 658.39649 | K9: 635.05675 | L9: 660.98702 | M9: 648.3782 | N9: 696.06636 | O9: 651.40427 | P9: 604.32156 | Q9: 646.66172 | R9: 760.19727 | S9: 793.53989 | T9: 946.36192 | U9: 620.54923 | V9: 435.69926 | W9: 809.89125 | X9: 573.27338 | Y9: 547.85005 | Z9: 496.84682 | AA9: 892.93283 | AB9: 583.66327 | AC9: 712.81297 | AD9: 970.38656 | AE9: 666.16619 | AF9: 1503.5022 | AG9: 990.20924 | AH9: 563.95497 | AI9: 527.52289 | AJ9: 1322.6713 | AK9: 521.29784 | AL9: 802.85612 | AM9: 1264.0647 | AN9: 807.13883 | AO9: 689.81472 | AP9: 3934.8701 | AQ9: 743.52138
B10: Corporate tax | C10: 281.21725 | D10: 193.94833 | E10: 495.17794 | F10: 288.99708 | G10: 332.45978 | H10: 372.58679 | I10: 377.65194 | J10: 453.24387 | K10: 386.72255 | L10: 451.3925 | M10: 432.61833 | N10: 516.03447 | O10: 337.94336 | P10: 383.45418 | Q10: 432.32237 | R10: 565.73721 | S10: 385.93115 | T10: 734.12919 | U10: 454.13544 | V10: 267.10972 | W10: 275.31318 | X10: 460.30001 | Y10: 344.8232 | Z10: 277.74743 | AA10: 589.83022 | AB10: 363.51784 | AC10: 367.64152 | AD10: 724.58388 | AE10: 354.93936 | AF10: 1177.0544 | AG10: 730.6944 | AH10: 347.24143 | AI10: 363.9397 | AJ10: 762.8296 | AK10: 343.27024 | AL10: 363.11238 | AM10: 730.88176 | AN10: 338.21858 | AO10: 366.07585 | AP10: 3630.3078 | AQ10: 422.6807
B11: Wage tax (includes social contribution) | C11: 214.78835 | D11: 147.37619 | E11: 149.80589 | F11: 181.06073 | G11: 329.64617 | H11: 196.27569 | I11: 178.61662 | J11: 201.54762 | K11: 186.05448 | L11: 144.03824 | M11: 166.32006 | N11: 154.52523 | O11: 290.92344 | P11: 176.99279 | Q11: 131.07106 | R11: 147.34429 | S11: 334.47588 | T11: 164.56296 | U11: 146.8351 | V11: 166.87337 | W11: 120.49436 | X11: 111.17731 | Y11: 130.19737 | Z11: 138.22162 | AA11: 285.69806 | AB11: 129.76355 | AC11: 116.04266 | AD11: 149.75871 | AE11: 173.16205 | AF11: 322.71907 | AG11: 255.85903 | AH11: 213.12818 | AI11: 159.92913 | AJ11: 243.409 | AK11: 174.23763 | AL11: 128.39768 | AM11: 295.50366 | AN11: 332.61015 | AO11: 193.88603 | AP11: 174.85894 | AQ11: 315.41645
B12: Other direct taxes | C12: 101.57385 | D12: 99.956555 | E12: 109.02037 | F12: 73.572108 | G12: 104.30798 | H12: 89.797308 | I12: 74.438518 | J12: 3.6050006 | K12: 62.279723 | L12: 65.556281 | M12: 49.439812 | N12: 25.506655 | O12: 22.537475 | P12: 43.874598 | Q12: 83.268287 | R12: 47.115761 | S12: 73.132858 | T12: 47.669769 | U12: 19.578689 | V12: 1.7161781 | W12: 414.08371 | X12: 1.7960631 | Y12: 72.829478 | Z12: 80.877769 | AA12: 17.404553 | AB12: 90.381878 | AC12: 229.12879 | AD12: 96.043971 | AE12: 138.06478 | AF12: 3.7287718 | AG12: 3.6558019 | AH12: 3.5853644 | AI12: 3.6540705 | AJ12: 316.43268 | AK12: 3.7899708 | AL12: 311.34607 | AM12: 237.67928 | AN12: 136.3101 | AO12: 129.85285 | AP12: 129.70339 | AQ12: 5.4242272
B14: Indirect taxes | C14: 0 | D14: 0 | E14: 45.358366 | F14: 20.814913 | G14: 20.515039 | H14: 23.483785 | I14: 23.362856 | J14: 18.011108 | K14: 27.256259 | L14: 35.900955 | M14: 28.996904 | N14: 45.394683 | O14: 59.32827 | P14: 49.449671 | Q14: 41.59443 | R14: 9.4055629 | S14: 43.874704 | T14: 52.666194 | U14: 43.912208 | V14: 46.993172 | W14: 43.773243 | X14: 45.167467 | Y14: 46.975917 | Z14: 52.29692 | AA14: 23.809408 | AB14: 37.355949 | AC14: 51.232291 | AD14: 52.049046 | AE14: 52.467023 | AF14: 48.439379 | AG14: 47.907904 | AH14: 53.543035 | AI14: 53.568585 | AJ14: 48.779194 | AK14: 56.979872 | AL14: 40.728799 | AM14: 35.513478 | AN14: 42.444853 | AO14: 50.780807 | AP14: 105.3894 | AQ14: 0.22060267
B15: VAT | C15: 0 | D15: 0 | E15: 45.358366 | F15: 20.814913 | G15: 20.515039 | H15: 23.483785 | I15: 23.362856 | J15: 18.011108 | K15: 27.256259 | L15: 35.900955 | M15: 28.996904 | N15: 45.394683 | O15: 59.32827 | P15: 49.449671 | Q15: 41.59443 | R15: 9.4055629 | S15: 43.874704 | T15: 52.666194 | U15: 43.912208 | V15: 46.993172 | W15: 43.773243 | X15: 45.167467 | Y15: 46.975917 | Z15: 52.29692 | AA15: 23.809408 | AB15: 37.355949 | AC15: 51.232291 | AD15: 52.049046 | AE15: 52.467023 | AF15: 48.439379 | AG15: 47.907904 | AH15: 53.543035 | AI15: 53.568585 | AJ15: 48.779194 | AK15: 56.979872 | AL15: 40.728799 | AM15: 35.513478 | AN15: 42.444853 | AO15: 50.780807 | AP15: 105.3894 | AQ15: 0.22060267
B16: Other indirect taxes | O16: 0 | P16: 0 | Q16: 0 | R16: 0 | S16: 0 | T16: 0 | U16: 0 | V16: 0 | W16: 0 | X16: 0 | Y16: 0 | Z16: 0 | AA16: 0 | AB16: 0 | AC16: 0 | AD16: 0 | AE16: 0 | AF16: 0 | AG16: 0 | AH16: 0 | AI16: 0 | AJ16: 0 | AK16: 0 | AL16: 0 | AM16: 0 | AN16: 0 | AO16: 0 | AP16: 0 | AQ16: 0
B18: Non-tax revenues | C18: 766.24637 | D18: 541.43595 | E18: 538.39019 | F18: 492.66255 | G18: 861.53065 | H18: 671.01521 | I18: 872.78422 | J18: 441.47162 | K18: 639.66538 | L18: 904.88267 | M18: 661.40566 | N18: 652.56892 | O18: 936.87383 | P18: 1232.2322 | Q18: 492.92439 | R18: 642.7891 | S18: 516.60391 | T18: 366.76509 | U18: 503.16604 | V18: 229.94273 | W18: 1545.2441 | X18: 613.34505 | Y18: 492.97878 | Z18: 537.30585 | AA18: 408.2164 | AB18: 918.8979 | AC18: 840.80367 | AD18: 799.86936 | AE18: 654.47988 | AF18: 425.23763 | AG18: 698.74796 | AH18: 201.7054 | AI18: 260.42855 | AJ18: 2210.3524 | AK18: 306.47835 | AL18: 1619.3587 | AM18: 2213.4563 | AN18: 871.74155 | AO18: 1010.5863 | AP18: 1727.6301 | AQ18: 393.8699
B19: Consent rights | C19: 26.789889 | D19: 23.073496 | E19: 31.266404 | F19: 44.553906 | G19: 32.28049 | H19: 30.096819 | I19: 32.82882 | J19: 27.412287 | K19: 32.304819 | L19: 38.389328 | M19: 35.718495 | N19: 40.504986 | O19: 30.55461 | P19: 30.387498 | Q19: 35.990882 | R19: 42.432564 | S19: 44.036391 | T19: 29.647636 | U19: 41.186172 | V19: 26.866502 | W19: 37.157929 | X19: 37.194783 | Y19: 30.403892 | Z19: 27.4374 | AA19: 34.087375 | AB19: 20.115901 | AC19: 21.938749 | AD19: 31.265598 | AE19: 21.130358 | AF19: 18.992983 | AG19: 22.277385 | AH19: 22.048693 | AI19: 40.7188 | AJ19: 42.341262 | AK19: 38.754947 | AL19: 82.484972 | AM19: 83.827958 | AN19: 41.459716 | AO19: 55.986392 | AP19: 55.33394 | AQ19: 46.540122
B20: Royalties | C20: 452.12229 | D20: 224.41214 | E20: 186.31436 | F20: 234.92566 | G20: 522.919 | H20: 193.24276 | I20: 432.49898 | J20: 219.34731 | K20: 236.9406 | L20: 486.58081 | M20: 295.12669 | N20: 245.04985 | O20: 584.296 | P20: 233.35109 | Q20: 212.3849 | R20: 464.66828 | S20: 258.00174 | T20: 199.34493 | U20: 406.91414 | V20: 202.5251 | W20: 198.48152 | X20: 575.68376 | Y20: 250.65743 | Z20: 260.41627 | AA20: 251.46454 | AB20: 637.08471 | AC20: 141.24212 | AD20: 492.29675 | AE20: 230.08755 | AF20: 214.51247 | AG20: 676.1767 | AH20: 179.48438 | AI20: 219.70738 | AJ20: 938.80993 | AK20: 267.4072 | AL20: 614.06362 | AM20: 1427.3783 | AN20: 451.4037 | AO20: 472.18796 | AP20: 1297.6253 | AQ20: 347.32738
B21: Dividend | C21: 287.02042 | D21: 293.35054 | E21: 319.7274 | F21: 212.47088 | G21: 305.60387 | H21: 261.8115 | I21: 216.49732 | J21: 2.823 | K21: 178.93762 | L21: 188.49919 | M21: 140.86725 | N21: 68.836725 | O21: 67.612425 | P21: 179.59606 | Q21: 243.99919 | R21: 135.18431 | S21: 214.23938 | T21: 137.59709 | U21: 53.875416 | V21: 0 | W21: 1309.4953 | X21: 0 | Y21: 211.84875 | Z21: 236.80747 | AA21: 122.3383 | AB21: 261.5325 | AC21: 677.41125 | AD21: 276.285 | AE21: 403.03125 | AF21: 191.07924 | AG21: 0 | AH21: 0 | AI21: 0 | AJ21: 1229.1029 | AK21: 0 | AL21: 922.575 | AM21: 701.50237 | AN21: 378.68004 | AO21: 456.44532 | AP21: 374.50554 | AQ21: 0
B22: Other non-tax | C22: 0.31376712 | D22: 0.5997785 | E22: 1.0820252 | F22: 0.712113 | G22: 0.72728443 | H22: 185.86412 | I22: 190.9591 | J22: 191.88901 | K22: 191.48234 | L22: 191.41334 | M22: 189.69322 | N22: 298.17735 | O22: 254.41079 | P22: 788.89756 | Q22: 0.54942159 | R22: 0.50394356 | S22: 0.32640899 | T22: 0.17542998 | U22: 1.19032 | V22: 0.55112875 | W22: 0.10933294 | X22: 0.46650114 | Y22: 0.06871289 | Z22: 12.644709 | AA22: 0.32617684 | AB22: 0.164793 | AC22: 0.21154919 | AD22: 0.0220135 | AE22: 0.23072136 | AF22: 0.65293692 | AG22: 0.29387492 | AH22: 0.17233157 | AI22: 0.00237 | AJ22: 0.09831444 | AK22: 0.31620806 | AL22: 0.235129 | AM22: 0.74766716 | AN22: 0.19809501 | AO22: 25.966596 | AP22: 0.1653105 | AQ22: 0.0024
B25: Source: Ministry of Finance and Planning.
B26: *Preliminary data.
B27: Cash revenue data are adjusted and presented on a gross basis taking into account revenues settled with EBS subsidies.
B28: 1 Mining revenues from the oil, gold and mining quarrying sectors.
O49: =O19='[11]Tabel 2.1.3 '!C46 -> TRUE | P49: =P19='[11]Tabel 2.1.3 '!D46 -> TRUE | Q49: =Q19='[11]Tabel 2.1.3 '!E46 -> TRUE | R49: =R19='[11]Tabel 2.1.3 '!F46 -> TRUE | S49: =S19='[11]Tabel 2.1.3 '!G46 -> TRUE | T49: =T19='[11]Tabel 2.1.3 '!H46 -> TRUE | U49: =U19='[11]Tabel 2.1.3 '!I46 -> TRUE | V49: =V19='[11]Tabel 2.1.3 '!J46 -> TRUE | ... Z49: =Z19='[11]Tabel 2.1.3 '!N46 -> TRUE
O50: =O20='[11]Tabel 2.1.3 '!C51 -> TRUE | P50: =P20='[11]Tabel 2.1.3 '!D51 -> TRUE | Q50: =Q20='[11]Tabel 2.1.3 '!E51 -> TRUE | R50: =R20='[11]Tabel 2.1.3 '!F51 -> TRUE | S50: =S20='[11]Tabel 2.1.3 '!G51 -> TRUE | T50: =T20='[11]Tabel 2.1.3 '!H51 -> TRUE | U50: =U20='[11]Tabel 2.1.3 '!I51 -> TRUE | V50: =V20='[11]Tabel 2.1.3 '!J51 -> TRUE | ... Z50: =Z20='[11]Tabel 2.1.3 '!N51 -> TRUE
O51: =O21='[11]Tabel 2.1.3 '!C63 -> TRUE | P51: =P21='[11]Tabel 2.1.3 '!D63 -> TRUE | Q51: =Q21='[11]Tabel 2.1.3 '!E63 -> TRUE | R51: =R21='[11]Tabel 2.1.3 '!F63 -> TRUE | S51: =S21='[11]Tabel 2.1.3 '!G63 -> TRUE | T51: =T21='[11]Tabel 2.1.3 '!H63 -> TRUE | U51: =U21='[11]Tabel 2.1.3 '!I63 -> TRUE | V51: =V21='[11]Tabel 2.1.3 '!J63 -> TRUE | ... Z51: =Z21='[11]Tabel 2.1.3 '!N63 -> TRUE
O52: =O22=('[11]Tabel 2.1.3 '!C57+'[11]Tabel 2.1.3 '!C66) -> TRUE | P52: =P22=('[11]Tabel 2.1.3 '!D57+'[11]Tabel 2.1.3 '!D66) -> TRUE | Q52: =Q22=('[11]Tabel 2.1.3 '!E57+'[11]Tabel 2.1.3 '!E66) -> TRUE | R52: =R22=('[11]Tabel 2.1.3 '!F57+'[11]Tabel 2.1.3 '!F66) -> TRUE | S52: =S22=('[11]Tabel 2.1.3 '!G57+'[11]Tabel 2.1.3 '!G66) -> TRUE | T52: =T22=('[11]Tabel 2.1.3 '!H57+'[11]Tabel 2.1.3 '!H66) -> TRUE | U52: =U22=('[11]Tabel 2.1.3 '!I57+'[11]Tabel 2.1.3 '!I66) -> TRUE | V52: =V22=('[11]Tabel 2.1.3 '!J57+'[11]Tabel 2.1.3 '!J66) -> TRUE | ... Z52: =Z22=('[11]Tabel 2.1.3 '!N57+'[11]Tabel 2.1.3 '!N66) -> TRUE

Sheet T 2.1.4
B3: Tabel 2.1.4 Suriname: Oil and Mining revenues1 by revenue type, Jan 2023 - May 2026 (SRD million)
C5: 44927 | E5: 44958 | G5: 44986 | I5: 45017 | K5: 45047 | M5: 45078 | O5: 45108 | Q5: 45139 | S5: 45170 | U5: 45200 | W5: 45231 | Y5: 45261 | AA5: 45292 | AC5: 45323 | AE5: 45352 | AG5: 45383 | AI5: 45413 | AK5: 45444 | AM5: 45474 | AO5: 45505 | AQ5: 45536 | AS5: 45566 | AU5: 45597 | AW5: 45627 | AY5: 45658 | BA5: 45689 | BC5: 45717 | BE5: 45748 | BG5: 45778 | BI5: 45809 | BK5: 45839 | BM5: 45870 | BO5: 45901 | BQ5: 45931 | BS5: 45962 | BU5: 45992 | BW5: 46023 | BY5: 46054 | CA5: 46082 | CC5: 46113 | CE5: 46143
C6: OIL | D6: MINING | E6: OIL | F6: MINING | G6: OIL | H6: MINING | I6: OIL | J6: MINING | K6: OIL | L6: MINING | M6: OIL | N6: MINING | O6: OIL | P6: MINING | Q6: OIL | R6: MINING | S6: OIL | T6: MINING | U6: OIL | V6: MINING | W6: OIL | X6: MINING | Y6: OIL | Z6: MINING | AA6: OIL | AB6: MINING | AC6: OIL | AD6: MINING | AE6: OIL | AF6: MINING | AG6: OIL | AH6: MINING | AI6: OIL | AJ6: MINING | AK6: OIL | AL6: MINING | AM6: OIL | AN6: MINING | AO6: OIL | AP6: MINING | AQ6: OIL | AR6: MINING | AS6: OIL | AT6: MINING | AU6: OIL | AV6: MINING | AW6: OIL | AX6: MINING | AY6: OIL | AZ6: MINING | BA6: OIL | BB6: MINING | BC6: OIL | BD6: MINING | BE6: OIL | BF6: MINING | BG6: OIL | BH6: MINING | BI6: OIL | BJ6: MINING | BK6: OIL | BL6: MINING | BM6: OIL | BN6: MINING | BO6: OIL | BP6: MINING | BQ6: OIL | BR6: MINING | BS6: OIL | BT6: MINING | BU6: OIL | BV6: MINING | BW6: OIL | BX6: MINING | BY6: OIL | BZ6: MINING | CA6: OIL | CB6: MINING | CC6: OIL | CD6: MINING | CE6: OIL | CF6: MINING
B8: DIRECT TAXES | C8: 183.97067 | D8: 132.41403 | E8: 154.74194 | F8: 92.613311 | G8: 151.59806 | H8: 353.32576 | I8: 171.79368 | J8: 85.437309 | K8: 178.00614 | L8: 255.95066 | M8: 309.14016 | N8: 91.684367 | O8: 230.34147 | P8: 80.503448 | Q8: 66.99632 | R8: 241.57971 | S8: 137.57063 | T8: 111.17764 | U8: 117.74042 | V8: 91.92429 | W8: 109.81624 | X8: 106.06268 | Y8: 72.401394 | Z8: 108.10828 | AA8: 127.52104 | AB8: 186.00374 | AC8: 97.329931 | AD8: 128.45261 | AE8: 121.5371 | AF8: 92.805983 | AG8: 91.279928 | AH8: 276.94317 | AI8: 137.9798 | AJ8: 270.18876 | AK8: 126.8028 | AL8: 462.86309 | AM8: 91.953693 | AN8: 228.89022 | AO8: 45.479687 | AP8: 123.62524 | AQ8: 468.52538 | AR8: 66.563395 | AS8: 36.079532 | AT8: 237.28619 | AU8: 130.55909 | AV8: 72.467754 | AW8: 120.93314 | AX8: 98.716676 | AY8: 96.210833 | AZ8: 388.95412 | BA8: 143.40053 | BB8: 76.895282 | BC8: 272.85067 | BD8: 72.35247 | BE8: 143.59842 | BF8: 470.43995 | BG8: 207.21549 | BH8: 108.27628 | BI8: 74.530422 | BJ8: 1116.047 | BK8: 168.26292 | BL8: 470.80994 | BM8: 95.445894 | BN8: 121.41348 | BO8: 73.198409 | BP8: 90.62667 | BQ8: 384.51301 | BR8: 562.35201 | BS8: 80.349215 | BT8: 97.678383 | BU8: 350.55099 | BV8: 89.192754 | BW8: 350.50071 | BX8: 560.18531 | BY8: 256.806 | BZ8: 212.69572 | CA8: 217.70826 | CB8: 106.11295 | CC8: 182.80977 | CD8: 3292.0009 | CE8: 82.807232 | CF8: 238.31237
B9: Income Tax, | C9: 0 | D9: 0.0225 | E9: 0 | F9: 0.0225 | G9: 0 | H9: 246.09756 | I9: 2.1605384 | J9: 0.43760442 | K9: 0 | L9: 0.002651 | M9: 114.675 | N9: 0.0765359 | O9: 57.282 | P9: 0.50777742 | Q9: 0 | R9: 103.42341 | S9: 0 | T9: 0.41406222 | U9: 0 | V9: 0.0701912 | W9: 0 | X9: 0.119048 | Y9: 0 | Z9: 0.47778133 | AA9: 0 | AB9: 0.06386945 | AC9: 0 | AD9: 4.9151536 | AE9: 0 | AF9: 0.00373 | AG9: 0 | AH9: 173.76305 | AI9: 0 | AJ9: 0.55982272 | AK9: 0 | AL9: 377.43316 | AM9: 0 | AN9: 154.43012 | AO9: 0 | AP9: 0.51538836 | AQ9: 0 | AR9: 0.51070036 | AS9: 0 | AT9: 160.39235 | AU9: 0 | AV9: 0 | AW9: 0 | AX9: 0.55043036 | AY9: 0 | AZ9: 182.06235 | BA9: 0 | BB9: 0.15038208 | BC9: 0 | BD9: 0.031689 | BE9: 4.1591315 | BF9: 364.07656 | BG9: 0 | BH9: 4.2649355 | BI9: 0 | BJ9: 864.12963 | BK9: 1.9863799 | BL9: 377.57165 | BM9: 0 | BN9: 0.145832 | BO9: 0 | BP9: 0.24188201 | BQ9: 0 | BR9: 387.02335 | BS9: 0 | BT9: 0 | BU9: 0 | BV9: 0 | BW9: 0 | BX9: 377.50308 | BY9: 0 | BZ9: 0.581474 | CA9: 0 | CB9: 0.08233725 | CC9: 0 | CD9: 3170.2483 | CE9: 0 | CF9: 0.278923
B10: Wage Tax & AOV | C10: 88.297199 | D10: 126.49115 | E10: 56.958424 | F10: 90.417769 | G10: 45.02226 | H10: 104.78363 | I10: 98.809512 | J10: 82.251222 | K10: 76.138184 | L10: 253.50799 | M10: 107.19466 | N10: 89.081024 | O10: 101.18035 | P10: 77.436265 | Q10: 66.05532 | R10: 135.4923 | S10: 77.924753 | T10: 108.12973 | U10: 54.907357 | V10: 89.13088 | W10: 62.860489 | X10: 103.45957 | Y10: 49.455819 | Z10: 105.06942 | AA10: 104.98356 | AB10: 185.93987 | AC10: 55.491338 | AD10: 121.50145 | AE10: 40.204035 | AF10: 90.867029 | AG10: 46.21849 | AH10: 101.1258 | AI10: 66.566675 | AJ10: 267.9092 | AK10: 80.937104 | AL10: 83.625853 | AM10: 73.995221 | AN10: 72.839876 | AO10: 45.479687 | AP10: 121.39368 | AQ10: 56.178423 | AR10: 64.315935 | AS10: 36.079532 | AT10: 75.097781 | AU10: 59.942841 | AV10: 70.254527 | AW10: 41.997318 | AX10: 96.224302 | AY10: 96.210833 | AZ10: 189.48722 | BA10: 56.223031 | BB10: 73.540522 | BC10: 47.046916 | BD10: 68.99574 | BE10: 47.344289 | BF10: 102.41442 | BG10: 72.87174 | BH10: 100.29031 | BI10: 74.530422 | BJ10: 248.18864 | BK10: 166.27654 | BL10: 89.582489 | BM10: 95.445894 | BN10: 117.68228 | BO10: 73.198409 | BP10: 86.730718 | BQ10: 71.956826 | BR10: 171.45217 | BS10: 80.349215 | BT10: 93.888412 | BU10: 43.025992 | BV10: 85.371686 | BW10: 116.66659 | BX10: 178.83708 | BY10: 130.57932 | BZ10: 202.03083 | CA10: 92.975239 | CB10: 100.91079 | CC10: 57.974586 | CD10: 116.88435 | CE10: 82.807232 | CF10: 232.60922
B11: Dividend Tax | C11: 95.673474 | D11: 0 | E11: 97.783513 | F11: 0 | G11: 106.5758 | H11: 0 | I11: 70.823625 | J11: 0 | K11: 101.86796 | L11: 0 | M11: 87.270501 | N11: 0 | O11: 71.879113 | P11: 0 | Q11: 0.941 | R11: 0 | S11: 59.645875 | T11: 0 | U11: 62.833062 | V11: 0 | W11: 46.95575 | X11: 0 | Y11: 22.945575 | Z11: 0 | AA11: 22.537475 | AB11: 0 | AC11: 41.838593 | AD11: 0 | AE11: 81.333062 | AF11: 0 | AG11: 45.061437 | AH11: 0 | AI11: 71.413125 | AJ11: 0 | AK11: 45.865698 | AL11: 0 | AM11: 17.958472 | AN11: 0 | AO11: 0 | AP11: 0 | AQ11: 412.34695 | AR11: 0 | AS11: 0 | AT11: 0 | AU11: 70.61625 | AV11: 0 | AW11: 78.935825 | AX11: 0 | AY11: 0 | AZ11: 0 | BA11: 87.1775 | BB11: 0 | BC11: 225.80375 | BD11: 0 | BE11: 92.095 | BF11: 0 | BG11: 134.34375 | BH11: 0 | BI11: 0 | BJ11: 0 | BK11: 0 | BL11: 0 | BM11: 0 | BN11: 0 | BO11: 0 | BP11: 0 | BQ11: 312.55618 | BR11: 0 | BS11: 0 | BT11: 0 | BU11: 307.525 | BV11: 0 | BW11: 233.83412 | BX11: 0 | BY11: 126.22668 | BZ11: 0 | CA11: 124.73302 | CB11: 0 | CC11: 124.83518 | CD11: 0 | CE11: 0 | CF11: 0
B12: Withholding tax S&G | C12: 0 | D12: 5.9003716 | E12: 0 | F12: 2.173042 | G12: 0 | H12: 2.4445705 | I12: 0 | J12: 2.7484825 | K12: 0 | L12: 2.4376845 | M12: 0 | N12: 2.5268069 | O12: 0 | P12: 2.5594051 | Q12: 0 | R12: 2.6640006 | S12: 0 | T12: 2.6338481 | U12: 0 | V12: 2.7232187 | W12: 0 | X12: 2.4840618 | Y12: 0 | Z12: 2.5610797 | AA12: 0 | AB12: 0 | AC12: 0 | AD12: 2.0360055 | AE12: 0 | AF12: 1.9352242 | AG12: 0 | AH12: 2.0543237 | AI12: 0 | AJ12: 1.7197334 | AK12: 0 | AL12: 1.8040712 | AM12: 0 | AN12: 1.620217 | AO12: 0 | AP12: 1.7161781 | AQ12: 0 | AR12: 1.736759 | AS12: 0 | AT12: 1.7960631 | AU12: 0 | AV12: 2.2132276 | AW12: 0 | AX12: 1.9419443 | AY12: 0 | AZ12: 17.404553 | BA12: 0 | BB12: 3.2043778 | BC12: 0 | BD12: 3.3250415 | BE12: 0 | BF12: 3.9489713 | BG12: 0 | BH12: 3.7210311 | BI12: 0 | BJ12: 3.7287718 | BK12: 0 | BL12: 3.6558019 | BM12: 0 | BN12: 3.5853644 | BO12: 0 | BP12: 3.6540705 | BQ12: 0 | BR12: 3.8764935 | BS12: 0 | BT12: 3.7899708 | BU12: 0 | BV12: 3.8210679 | BW12: 0 | BX12: 3.8451514 | BY12: 0 | BZ12: 10.083418 | CA12: 0 | CB12: 5.1198241 | CC12: 0 | CD12: 4.8682139 | CE12: 0 | CF12: 5.4242272
B13: Other direct tax | C13: 0 | D13: 0 | E13: 0 | F13: 0 | G13: 0 | H13: 0 | I13: 0 | J13: 0 | K13: 0 | L13: 0.00234 | M13: 0 | N13: 0 | O13: 0 | P13: 0 | Q13: 0 | R13: 0 | S13: 0 | T13: 0 | U13: 0 | V13: 0 | W13: 0 | X13: 0 | Y13: 0 | Z13: 0
B16: INDIRECT TAXES | C16: 0 | D16: 0 | E16: 0 | F16: 0 | G16: 45.358366 | H16: 0 | I16: 20.628541 | J16: 0.186372 | K16: 20.502945 | L16: 0.012094 | M16: 23.330667 | N16: 0.153118 | O16: 23.285167 | P16: 0.077689 | Q16: 17.923155 | R16: 0.087953 | S16: 27.256259 | T16: 0 | U16: 35.879221 | V16: 0.021734 | W16: 28.996077 | X16: 0.000827 | Y16: 45.345251 | Z16: 0.049432 | AA16: 59.252212 | AB16: 0.076058 | AC16: 49.174751 | AD16: 0.27491968 | AE16: 41.496768 | AF16: 0.097662 | AG16: 9.4055629 | AH16: 0 | AI16: 43.434259 | AJ16: 0.44044548 | AK16: 52.608309 | AL16: 0.057885 | AM16: 43.790129 | AN16: 0.122079 | AO16: 46.921773 | AP16: 0.071399 | AQ16: 43.678417 | AR16: 0.094826 | AS16: 45.078996 | AT16: 0.088471 | AU16: 46.829141 | AV16: 0.146776 | AW16: 52.29692 | AX16: 0 | AY16: 23.548021 | AZ16: 0.261387 | BA16: 37.260191 | BB16: 0.095758 | BC16: 51.118664 | BD16: 0.113627 | BE16: 51.987561 | BF16: 0.061485 | BG16: 48.866037 | BH16: 3.600986 | BI16: 48.338834 | BJ16: 0.100545 | BK16: 47.700118 | BL16: 0.207786 | BM16: 53.478336 | BN16: 0.064699 | BO16: 48.467452 | BP16: 5.101133 | BQ16: 48.697544 | BR16: 0.08165 | BS16: 50.248449 | BT16: 6.731423 | BU16: 39.382558 | BV16: 1.346241 | BW16: 35.343814 | BX16: 0.169664 | BY16: 42.299466 | BZ16: 0.145387 | CA16: 46.511451 | CB16: 4.2693559 | CC16: 104.31366 | CD16: 1.07574 | CE16: 0 | CF16: 0.22060267
B19: OTHER INCOME | C19: 310.84105 | D19: 455.40532 | E19: 293.73409 | F19: 247.70186 | G19: 319.76505 | H19: 218.62514 | I19: 212.52299 | J19: 280.13956 | K19: 328.76731 | L19: 532.76334 | M19: 447.23576 | N19: 223.77944 | O19: 425.42966 | P19: 447.35457 | Q19: 194.27723 | R19: 247.19438 | S19: 370.34347 | T19: 269.32191 | U19: 379.61342 | V19: 525.26924 | W19: 337.09561 | X19: 324.31004 | Y19: 366.78072 | Z19: 285.7882 | AA19: 339.88205 | AB19: 596.99179 | AC19: 913.9106 | AD19: 318.32161 | AE19: 244.01664 | AF19: 248.90775 | AG19: 150.39828 | AH19: 492.39082 | AI19: 214.25714 | AJ19: 302.34677 | AK19: 137.6276 | AL19: 229.13748 | AM19: 79.113187 | AN19: 424.05286 | AO19: 0.017384 | AP19: 229.92534 | AQ19: 1237.0409 | AR19: 308.2032 | AS19: 39.65541 | AT19: 573.68964 | AU19: 211.85411 | AV19: 281.12467 | AW19: 236.80747 | AX19: 300.49838 | AY19: 10.5213 | AZ19: 397.6951 | BA19: 329.48671 | BB19: 589.4112 | BC19: 677.4293 | BD19: 163.37436 | BE19: 338.63986 | BF19: 461.2295 | BG19: 403.03425 | BH19: 251.44563 | BI19: 0 | BJ19: 425.23763 | BK19: 64.858402 | BL19: 633.88956 | BM19: 0 | BN19: 201.7054 | BO19: 0 | BP19: 260.42855 | BQ19: 1046.8875 | BR19: 1163.4649 | BS19: 0.077586 | BT19: 306.40077 | BU19: 922.58171 | BV19: 696.77701 | BW19: 843.08399 | BX19: 1370.3723 | BY19: 378.68004 | BZ19: 493.06151 | CA19: 374.19907 | CB19: 636.3872 | CC19: 434.18642 | CD19: 1293.4437 | CE19: 0 | CF19: 393.8699
B20: Consent rights | C20: 0 | D20: 26.789889 | E20: 0 | F20: 23.073496 | G20: 0 | H20: 31.266404 | I20: 0 | J20: 44.553906 | K20: 0 | L20: 32.28049 | M20: 0 | N20: 30.096819 | O20: 0 | P20: 32.82882 | Q20: 0 | R20: 27.412287 | S20: 0 | T20: 32.304819 | U20: 0 | V20: 38.389328 | W20: 0 | X20: 35.718495 | Y20: 0 | Z20: 40.504986 | AA20: 0 | AB20: 30.55461 | AC20: 0 | AD20: 30.387498 | AE20: 0 | AF20: 35.990882 | AG20: 0 | AH20: 42.432564 | AI20: 0 | AJ20: 44.036391 | AK20: 0 | AL20: 29.647636 | AM20: 8.6229 | AN20: 32.563272 | AO20: 0 | AP20: 26.866502 | AQ20: 0 | AR20: 37.157929 | AS20: 0 | AT20: 37.194783 | AU20: 0 | AV20: 30.403892 | AW20: 0 | AX20: 27.4374 | AY20: 10.5213 | AZ20: 23.566075 | BA20: 0 | BB20: 20.115901 | BC20: 0 | BD20: 21.938749 | BE20: 10.9809 | BF20: 20.284698 | BG20: 0 | BH20: 21.130358 | BI20: 0 | BJ20: 18.992983 | BK20: 0 | BL20: 22.277385 | BM20: 0 | BN20: 22.048693 | BO20: 0 | BP20: 40.7188 | BQ20: 0 | BR20: 42.341262 | BS20: 0 | BT20: 38.754947 | BU20: 0 | BV20: 82.484972 | BW20: 11.3679 | BX20: 72.460058 | BY20: 0 | BZ20: 41.459716 | CA20: 0 | CB20: 55.986392 | CC20: 0 | CD20: 55.33394 | CE20: 0 | CF20: 46.540122
B21: Cash Dividend | C21: 287.02042 | D21: 0 | E21: 293.35054 | F21: 0 | G21: 319.7274 | H21: 0 | I21: 212.47088 | J21: 0 | K21: 305.60387 | L21: 0 | M21: 261.8115 | N21: 0 | O21: 215.63734 | P21: 0.859985 | Q21: 2.823 | R21: 0 | S21: 178.93762 | T21: 0 | U21: 188.49919 | V21: 0 | W21: 140.86725 | X21: 0 | Y21: 68.836725 | Z21: 0 | AA21: 67.612425 | AB21: 0 | AC21: 125.51578 | AD21: 54.080279 | AE21: 243.99919 | AF21: 0 | AG21: 135.18431 | AH21: 0 | AI21: 214.23938 | AJ21: 0 | AK21: 137.59709 | AL21: 0 | AM21: 53.875416 | AN21: 0 | AO21: 0 | AP21: 0 | AQ21: 1237.0409 | AR21: 72.45442 | AS21: 0 | AT21: 0 | AU21: 211.84875 | AV21: 0 | AW21: 236.80747 | AX21: 0 | AY21: 0 | AZ21: 122.3383 | BA21: 261.5325 | BB21: 0 | BC21: 677.41125 | BD21: 0 | BE21: 276.285 | BF21: 0 | BG21: 403.03125 | BH21: 0 | BI21: 0 | BJ21: 191.07924 | BK21: 0 | BL21: 0 | BM21: 0 | BN21: 0 | BO21: 0 | BP21: 0 | BQ21: 937.66855 | BR21: 291.4343 | BS21: 0 | BT21: 0 | BU21: 922.575 | BV21: 0 | BW21: 701.50237 | BX21: 0 | BY21: 378.68004 | BZ21: 0 | CA21: 374.19907 | CB21: 82.246252 | CC21: 374.50554 | CD21: 0 | CE21: 0 | CF21: 0
B22: Royalty | C22: 23.820626 | D22: 428.30166 | E22: 0 | F22: 224.41214 | G22: 0 | H22: 186.31436 | I22: 0 | J22: 234.92566 | K22: 23.160942 | L22: 499.75806 | M22: 0 | N22: 193.24276 | O22: 18.996707 | P22: 413.50228 | Q22: 0 | R22: 219.34731 | S22: 0 | T22: 236.9406 | U22: 0 | V22: 486.58081 | W22: 6.5541217 | X22: 288.57257 | Y22: 0 | Z22: 245.04985 | AA22: 18.233048 | AB22: 566.06295 | AC22: 0 | AD22: 233.35109 | AE22: 0 | AF22: 212.3849 | AG22: 15.213964 | AH22: 449.45431 | AI22: 0 | AJ22: 258.00174 | AK22: 0 | AL22: 199.34493 | AM22: 16.614871 | AN22: 390.29926 | AO22: 0 | AP22: 202.5251 | AQ22: 0 | AR22: 198.48152 | AS22: 39.556419 | AT22: 536.12734 | AU22: 0 | AV22: 250.65743 | AW22: 0 | AX22: 260.41627 | AY22: 0 | AZ22: 251.46454 | BA22: 67.917306 | BB22: 569.1674 | BC22: 0 | BD22: 141.24212 | BE22: 51.372463 | BF22: 440.92429 | BG22: 0 | BH22: 230.08755 | BI22: 0 | BJ22: 214.51247 | BK22: 64.840203 | BL22: 611.3365 | BM22: 0 | BN22: 179.48438 | BO22: 0 | BP22: 219.70738 | BQ22: 109.21594 | BR22: 829.59399 | BS22: 0 | BT22: 267.4072 | BU22: 0.00671188 | BV22: 614.05691 | BW22: 130.21372 | BX22: 1297.1645 | BY22: 0 | BZ22: 451.4037 | CA22: 0 | CB22: 472.18796 | CC22: 59.680879 | CD22: 1237.9444 | CE22: 0 | CF22: 347.32738
B23: Surface rights | C23: 0 | D23: 0.0567818 | E23: 0 | F23: 0.086 | G23: 0 | H23: 1.002894 | I23: 0 | J23: 0.21913375 | K23: 0 | L23: 0.084018 | M23: 0 | N23: 0.1596 | O23: 0 | P23: 0.074471 | Q23: 0 | R23: 0.152 | S23: 0 | T23: 0 | U23: 0 | V23: 0.055779 | W23: 0 | X23: 0 | Y23: 0 | Z23: 0 | AA23: 0 | AB23: 0.1934777 | AC23: 0 | AD23: 0.4021164 | AE23: 0 | AF23: 0.015 | AG23: 0 | AH23: 0.2396 | AI23: 0 | AJ23: 0.036203 | AK23: 0 | AL23: 0 | AM23: 0 | AN23: 1.1353884 | AO23: 0 | AP23: 0.33105375 | AQ23: 0 | AR23: 0 | AS23: 0 | AT23: 0.2253634 | AU23: 0 | AV23: 0 | AW23: 0 | AX23: 0 | AY23: 0 | AZ23: 0.15941132 | BA23: 0 | BB23: 0 | BC23: 0 | BD23: 0 | BE23: 0 | BF23: 0 | BG23: 0 | BH23: 0.04600635 | BI23: 0 | BJ23: 0.61503592 | BK23: 0 | BL23: 0 | BM23: 0 | BN23: 0 | BO23: 0 | BP23: 0 | BQ23: 0 | BR23: 0 | BS23: 0 | BT23: 0 | BU23: 0 | BV23: 0 | BW23: 0 | BX23: 0.56875263 | BY23: 0 | BZ23: 0 | CA23: 0 | CB23: 0 | CC23: 0 | CD23: 0 | CE23: 0 | CF23: 0
B24: Non-tax other | C24: 0 | D24: 0.25698532 | E24: 0.3835489 | F24: 0.1302296 | G24: 0.037652 | H24: 0.0414792 | I24: 0.052119 | J24: 0.44086025 | K24: 0.0025 | L24: 0.64076643 | M24: 185.42426 | N24: 0.28026586 | O24: 190.79561 | P24: 0.089012252 | Q24: 191.45423 | R24: 0.28277984 | S24: 191.40584 | T24: 0.076495 | U24: 191.11424 | V24: 0.24332769 | W24: 189.67424 | X24: 0.0189775 | Y24: 297.94399 | Z24: 0.23336375 | AA24: 254.03657 | AB24: 0.18074331 | AC24: 788.39483 | AD24: 0.10062064 | AE24: 0.01745 | AF24: 0.51697159 | AG24: 0 | AH24: 0.26434356 | AI24: 0.017763 | AJ24: 0.27244299 | AK24: 0.030511 | AL24: 0.14491898 | AM24: 0 | AN24: 0.0549316 | AO24: 0.017384 | AP24: 0.202691 | AQ24: 0 | AR24: 0.10933294 | AS24: 0.0989912 | AT24: 0.14214654 | AU24: 0.0053625 | AV24: 0.06335039 | AW24: 0 | AX24: 12.644709 | AY24: 0 | AZ24: 0.16676552 | BA24: 0.0368995 | BB24: 0.1278935 | BC24: 0.018056 | BD24: 0.19349319 | BE24: 0.0015 | BF24: 0.0205135 | BG24: 0.003 | BH24: 0.18171501 | BI24: 0 | BJ24: 0.037901 | BK24: 0.0181985 | BL24: 0.27567642 | BM24: 0 | BN24: 0.17233157 | BO24: 0 | BP24: 0.00237 | BQ24: 0.003 | BR24: 0.09531444 | BS24: 0.077586 | BT24: 0.23862206 | BU24: 0 | BV24: 0.235129 | BW24: 0 | BX24: 0.17891453 | BY24: 0 | BZ24: 0.19809501 | CA24: 0 | CB24: 25.966596 | CC24: 0 | CD24: 0.1653105 | CE24: 0 | CF24: 0.0024
B26: Total revenues on cash basis | C26: 494.81172 | D26: 587.81934 | E26: 448.47602 | F26: 340.31518 | G26: 516.72147 | H26: 571.9509 | I26: 404.94521 | J26: 365.76324 | K26: 527.2764 | L26: 788.72609 | M26: 779.70659 | N26: 315.61693 | O26: 679.05629 | P26: 527.9357 | Q26: 279.19671 | R26: 488.86204 | S26: 535.17035 | T26: 380.49955 | U26: 533.23306 | V26: 617.21527 | W26: 475.90793 | X26: 430.37355 | Y26: 484.52736 | Z26: 393.94591 | AA26: 526.6553 | AB26: 783.07159 | AC26: 1060.4153 | AD26: 447.04913 | AE26: 407.0505 | AF26: 341.8114 | AG26: 251.08377 | AH26: 769.33399 | AI26: 395.6712 | AJ26: 572.97597 | AK26: 317.03871 | AL26: 692.05846 | AM26: 214.85701 | AN26: 653.06515 | AO26: 92.418844 | AP26: 353.62199 | AQ26: 1749.2447 | AR26: 374.86142 | AS26: 120.81394 | AT26: 811.0643 | AU26: 389.24234 | AV26: 353.7392 | AW26: 410.03754 | AX26: 399.21505 | AY26: 130.28015 | AZ26: 786.91061 | BA26: 510.14743 | BB26: 666.40224 | BC26: 1001.3986 | BD26: 235.84046 | BE26: 534.22585 | BF26: 931.73094 | BG26: 659.11578 | BH26: 363.32289 | BI26: 122.86926 | BJ26: 1541.3852 | BK26: 280.82144 | BL26: 1104.9073 | BM26: 148.92423 | BN26: 323.18358 | BO26: 121.66586 | BP26: 356.15636 | BQ26: 1480.098 | BR26: 1725.8985 | BS26: 130.67525 | BT26: 410.81057 | BU26: 1312.5153 | BV26: 787.316 | BW26: 1228.9285 | BX26: 1930.7272 | BY26: 677.7855 | BZ26: 705.90262 | CA26: 638.41878 | CB26: 746.76951 | CC26: 721.30984 | CD26: 4586.5203 | CE26: 82.807232 | CF26: 632.40287
B27: Settlements | C27: 281.19475 | D27: 0 | E27: 193.92583 | F27: 0 | G27: 249.08038 | H27: 0 | I27: 286.39893 | J27: 0 | K27: 332.45713 | L27: 0 | M27: 257.83525 | N27: 0 | O27: 319.86217 | P27: 0 | Q27: 349.82046 | R27: 0 | S27: 386.30849 | T27: 0 | U27: 451.32231 | V27: 0 | W27: 432.49928 | X27: 0 | Y27: 515.55669 | Z27: 0 | AA27: 337.87949 | AB27: 0 | AC27: 378.53902 | AD27: 0 | AE27: 432.31864 | AF27: 0 | AG27: 391.97417 | AH27: 0 | AI27: 385.37133 | AJ27: 0 | AK27: 356.69603 | AL27: 0 | AM27: 299.70532 | AN27: 0 | AO27: 266.59433 | AP27: 0 | AQ27: 274.80248 | AR27: 0 | AS27: 299.90766 | AT27: 0 | AU27: 344.8232 | AV27: 0 | AW27: 277.197 | AX27: 0 | AY27: 407.76787 | AZ27: 0 | BA27: 363.36746 | BB27: 0 | BC27: 367.60983 | BD27: 0 | BE27: 356.34819 | BF27: 0 | BG27: 350.67442 | BH27: 0 | BI27: 312.92477 | BJ27: 0 | BK27: 351.13637 | BL27: 0 | BM27: 347.0956 | BN27: 0 | BO27: 363.69782 | BP27: 0 | BQ27: 375.80626 | BR27: 0 | BS27: 343.27024 | BT27: 0 | BU27: 363.11238 | BV27: 0 | BW27: 353.37868 | BX27: 0 | BY27: 337.6371 | BZ27: 0 | CA27: 365.99351 | CB27: 0 | CC27: 460.05951 | CD27: 0 | CE27: 422.40177 | CF27: 0
B28: Total revenues on adjusted cash basis | C28: 776.00647 | D28: 587.81934 | E28: 642.40185 | F28: 340.31518 | G28: 765.80185 | H28: 571.9509 | I28: 691.34414 | J28: 365.76324 | K28: 859.73353 | L28: 788.72609 | M28: 1037.5418 | N28: 315.61693 | O28: 998.91846 | P28: 527.9357 | Q28: 629.01717 | R28: 488.86204 | S28: 921.47884 | T28: 380.49955 | U28: 984.55537 | V28: 617.21527 | W28: 908.40721 | X28: 430.37355 | Y28: 1000.084 | Z28: 393.94591 | AA28: 864.53478 | AB28: 783.07159 | AC28: 1438.9543 | AD28: 447.04913 | AE28: 839.36914 | AF28: 341.8114 | AG28: 643.05793 | AH28: 769.33399 | AI28: 781.04253 | AJ28: 572.97597 | AK28: 673.73474 | AL28: 692.05846 | AM28: 514.56233 | AN28: 653.06515 | AO28: 359.01318 | AP28: 353.62199 | AQ28: 2024.0471 | AR28: 374.86142 | AS28: 420.7216 | AT28: 811.0643 | AU28: 734.06555 | AV28: 353.7392 | AW28: 687.23454 | AX28: 399.21505 | AY28: 538.04803 | AZ28: 786.91061 | BA28: 873.51488 | BB28: 666.40224 | BC28: 1369.0085 | BD28: 235.84046 | BE28: 890.57404 | BF28: 931.73094 | BG28: 1009.7902 | BH28: 363.32289 | BI28: 435.79403 | BJ28: 1541.3852 | BK28: 631.95782 | BL28: 1104.9073 | BM28: 496.01983 | BN28: 323.18358 | BO28: 485.36368 | BP28: 356.15636 | BQ28: 1855.9043 | BR28: 1725.8985 | BS28: 473.94549 | BT28: 410.81057 | BU28: 1675.6276 | BV28: 787.316 | BW28: 1582.3072 | BX28: 1930.7272 | BY28: 1015.4226 | BZ28: 705.90262 | CA28: 1004.4123 | CB28: 746.76951 | CC28: 1181.3694 | CD28: 4586.5203 | CE28: 505.209 | CF28: 632.40287
B32: Source: Ministry of Finance and Planning.
B33: *Preliminary data.
B34: 1 In this table a distinction is made between revenues from the oil sector and other mining sectors (including the gold sector).

Sheet T 2.2
B2: Table 2.2 Suriname: Direct taxes, Jan 2023 - May 2026 (SRD million)
C5: ='T 2.3'!C5 -> 44927 | D5: ='T 2.3'!D5 -> 44958 | E5: ='T 2.3'!E5 -> 44986 | F5: ='T 2.3'!F5 -> 45017 | G5: ='T 2.3'!G5 -> 45047 | H5: ='T 2.3'!H5 -> 45078 | I5: ='T 2.3'!I5 -> 45108 | J5: ='T 2.3'!J5 -> 45139 | ... AQ5: ='T 2.3'!AQ5 -> 46143
B7: Total direct taxes | C7: 862.50102 | D7: 535.06698 | E7: 993.21996 | F7: 1037.4063 | G7: 1083.1799 | H7: 1121.3126 | I7: 1413.0011 | J7: 1207.6005 | K7: 998.94586 | L7: 1135.0823 | M7: 998.18167 | N7: 1106.0159 | O7: 913.79263 | P7: 909.96061 | Q7: 1234.4838 | R7: 1316.8441 | S7: 1151.9645 | T7: 1577.1802 | U7: 1698.983 | V7: 806.48786 | W7: 1275.8931 | X7: 1252.5664 | Y7: 932.22499 | Z7: 1479.7107 | AA7: 1353.8774 | AB7: 905.82002 | AC7: 1212.5649 | AD7: 1654.2235 | AE7: 1110.3468 | AF7: 2008.3861 | AG7: 2388.6536 | AH7: 1145.4149 | AI7: 1344.9857 | AJ7: 2775.2495 | AK7: 952.87033 | AL7: 2142.0857 | AM7: 1935.6846 | AN7: 1078.1697 | AO7: 4187.6172 | AP7: 2818.7194 | AQ7: 1325.3099
B9: Corporate tax, mining | C9: 281.21725 | D9: 193.94833 | E9: 495.17794 | F9: 288.99708 | G9: 332.45978 | H9: 372.58679 | I9: 377.65194 | J9: 453.24387 | K9: 386.72255 | L9: 451.3925 | M9: 432.61833 | N9: 516.03447 | O9: 337.94336 | P9: 383.45418 | Q9: 432.32237 | R9: 565.73721 | S9: 385.93115 | T9: 734.12919 | U9: 454.13544 | V9: 267.10972 | W9: 275.31318 | X9: 460.30001 | Y9: 344.8232 | Z9: 277.74743 | AA9: 589.83022 | AB9: 363.51784 | AC9: 367.64152 | AD9: 724.58388 | AE9: 354.93936 | AF9: 1177.0544 | AG9: 730.6944 | AH9: 347.24143 | AI9: 363.9397 | AJ9: 762.8296 | AK9: 343.27024 | AL9: 363.11238 | AM9: 730.88176 | AN9: 338.21858 | AO9: 366.07585 | AP9: 3630.3078 | AQ9: 422.6807
B10: Corporate tax, non-mining | C10: 149.51573 | D10: 25.911893 | E10: 254.60011 | F10: 219.41389 | G10: 114.6397 | H10: 477.0757 | I10: 385.40038 | J10: 323.79316 | K10: 109.29157 | L10: 203.06882 | M10: 36.017523 | N10: 235.5828 | O10: 92.112165 | P10: 120.35872 | Q10: 342.96894 | R10: 461.27677 | S10: 87.335207 | T10: 605.95873 | U10: 314.34136 | V10: 43.958867 | W10: 103.24043 | X10: 443.89745 | Y10: 86.440618 | Z10: 486.48279 | AA10: 46.351675 | AB10: 22.865966 | AC10: 129.62029 | AD10: 334.1688 | AE10: 84.439125 | AF10: 168.76537 | AG10: 820.65147 | AH10: 58.589817 | AI10: 348.73246 | AJ10: 896.76089 | AK10: 49.787839 | AL10: 206.4708 | AM10: 32.591104 | AN10: 11.034463 | AO10: 340.1236 | AP10: 27.343221 | AQ10: 4.8705941
B11: Wage tax, mining | C11: 214.78835 | D11: 147.37619 | E11: 149.80589 | F11: 181.06073 | G11: 329.64617 | H11: 196.27569 | I11: 178.61662 | J11: 201.54762 | K11: 186.05448 | L11: 144.03824 | M11: 166.32006 | N11: 154.52523 | O11: 290.92344 | P11: 176.99279 | Q11: 131.07106 | R11: 147.34429 | S11: 334.47588 | T11: 164.56296 | U11: 146.8351 | V11: 166.87337 | W11: 120.49436 | X11: 111.17731 | Y11: 130.19737 | Z11: 138.22162 | AA11: 285.69806 | AB11: 129.76355 | AC11: 116.04266 | AD11: 149.75871 | AE11: 173.16205 | AF11: 322.71907 | AG11: 255.85903 | AH11: 213.12818 | AI11: 159.92913 | AJ11: 243.409 | AK11: 174.23763 | AL11: 128.39768 | AM11: 295.50366 | AN11: 332.61015 | AO11: 193.88603 | AP11: 174.85894 | AQ11: 315.41645
B12: Wage tax, non mining | C12: 188.92343 | D12: 189.76722 | E12: 230.84019 | F12: 188.90169 | G12: 316.52499 | H12: 218.45112 | I12: 277.34193 | J12: 449.744 | K12: 249.30129 | L12: 249.42072 | M12: 223.79585 | N12: 259.67107 | O12: 247.57768 | P12: 225.69738 | Q12: 202.63047 | R12: 194.39589 | S12: 224.48413 | T12: 204.98 | U12: 253.23455 | V12: 209.3372 | W12: 254.71593 | X12: 218.78132 | Y12: 205.6657 | Z12: 130.15953 | AA12: 376.20895 | AB12: 278.68584 | AC12: 344.54187 | AD12: 300.82375 | AE12: 318.44401 | AF12: 186.89768 | AG12: 386.13266 | AH12: 269.42629 | AI12: 379.46956 | AJ12: 384.91139 | AK12: 336.98128 | AL12: 351.54911 | AM12: 480.79047 | AN12: 862.63597 | AO12: 374.48873 | AP12: 311.40322 | AQ12: 173.70307
B13: Withholding tax | C13: 5.9003716 | D13: 2.173042 | E13: 2.4445705 | F13: 2.7484825 | G13: 2.4376845 | H13: 2.5268069 | I13: 2.5594051 | J13: 2.6640006 | K13: 2.6338481 | L13: 2.7232187 | M13: 2.4840618 | N13: 2.5610797 | O13: 0 | P13: 2.0360055 | Q13: 1.9352242 | R13: 2.0543237 | S13: 1.7197334 | T13: 1.8040712 | U13: 1.620217 | V13: 1.7161781 | W13: 1.736759 | X13: 1.7960631 | Y13: 2.2132276 | Z13: 1.9419443 | AA13: 17.404553 | AB13: 3.2043778 | AC13: 3.3250415 | AD13: 3.9489713 | AE13: 3.7210311 | AF13: 3.7287718 | AG13: 3.6558019 | AH13: 3.5853644 | AI13: 3.6540705 | AJ13: 3.8764935 | AK13: 3.7899708 | AL13: 3.8210679 | AM13: 3.8451514 | AN13: 10.083418 | AO13: 5.1198241 | AP13: 4.8682139 | AQ13: 5.4242272
B14: Wealth tax (inheritance, property tax) | C14: 0.32763018 | D14: 0.38800881 | E14: 0.39267989 | F14: 0.56694444 | G14: 0.35823932 | H14: 0.44003703 | I14: 0.47061944 | J14: 0.38233876 | K14: 0.36727981 | L14: 0.28768335 | M14: 0.457397 | N14: 0.55726945 | O14: 0.23711713 | P14: 0.54985782 | Q14: 0.48428581 | R14: 0.42877744 | S14: 0.45027908 | T14: 0.46326053 | U14: 1.391658 | V14: 0.97087742 | W14: 1.0523402 | X14: 1.6417065 | Y14: 1.1923173 | Z14: 1.259472 | AA14: 1.1696426 | AB14: 0.50239932 | AC14: 0.5932636 | AD14: 0.55608446 | AE14: 0.5344317 | AF14: 0.26372731 | AG14: 0.6895607 | AH14: 0.56622579 | AI14: 0.79438491 | AJ14: 1.0098761 | AK14: 0.55756789 | AL14: 0.89891898 | AM14: 0.31311826 | AN14: 3.643436 | AO14: 0.6829527 | AP14: 0.13945343 | AQ14: 0.19369984
B15: Dividend tax | C15: 101.14415 | D15: 100.23289 | E15: 107.395 | F15: 100.49744 | G15: 102.15412 | H15: 92.524736 | I15: 72.739097 | J15: 2.3316077 | K15: 63.043855 | L15: 62.906578 | M15: 48.750944 | N15: 24.671557 | O15: 27.614138 | P15: 41.838593 | Q15: 86.036877 | R15: 45.712173 | S15: 73.533696 | T15: 57.594652 | U15: 25.696406 | V15: 6.1059435 | W15: 412.36177 | X15: 0 | Y15: 70.650003 | Z15: 78.935825 | AA15: 7.199715 | AB15: 92.303755 | AC15: 226.965 | AD15: 92.6375 | AE15: 143.33216 | AF15: 7.4800826 | AG15: 7e-06 | AH15: 25.931436 | AI15: 1.62508 | AJ15: 294.04912 | AK15: 2.257398 | AL15: 262.81125 | AM15: 233.8685 | AN15: 150.29731 | AO15: 124.75012 | AP15: 124.83518 | AQ15: 0.284246
B16: Rental value Tax | C16: 0.26277694 | D16: 0.41889013 | E16: 0.31207724 | F16: 0.46899296 | G16: 0.35799557 | H16: 0.23533794 | I16: 0.37148034 | J16: 0.19665027 | K16: 0.13374125 | L16: 0.15898993 | M16: 0.18105668 | N16: 0.27238339 | O16: 0.17534304 | P16: 0.12414437 | Q16: 0.45326643 | R16: 0.37378975 | S16: 0.42835111 | T16: 0.44000742 | U16: 0.26586528 | V16: 0.29450206 | W16: 0.20223925 | X16: 0.18392252 | Y16: 0.22243959 | Z16: 0.19844823 | AA16: 0.25208473 | AB16: 0.12992476 | AC16: 0.24687455 | AD16: 0.31039596 | AE16: 0.22388355 | AF16: 0.48564228 | AG16: 0.31621971 | AH16: 0.20829406 | AI16: 0.17714424 | AJ16: 0.48601797 | AK16: 0.18668356 | AL16: 0.272045 | AM16: 0.18313619 | AN16: 0.72440421 | AO16: 0.7655607 | AP16: 0.24216181 | AQ16: 0.26725572
B17: Casino tax | C17: 3.4172 | D17: 3.1816 | E17: 3.432 | F17: 2.4048 | G17: 6.1416 | H17: 5.688 | I17: 4.3232 | J17: 6.2272 | K17: 4.4232 | L17: 6.3161201 | M17: 4.544 | N17: 4.8096 | O17: 5.3 | P17: 5.408 | Q17: 5.6361785 | R17: 4.5768 | S17: 4.9368 | T17: 4.7792 | U17: 5.087705 | V17: 4.6832 | W17: 4.6712 | X17: 5.13136 | Y17: 4.64256 | Z17: 6.73632 | AA17: 6.71952 | AB17: 4.048 | AC17: 4.49776 | AD17: 4.4272 | AE17: 3.85616 | AF17: 3.9632 | AG17: 3.9952 | AH17: 4.34 | AI17: 3.5616 | AJ17: 4.0312 | AK17: 4.1558 | AL17: 4.3310511 | AM17: 5.63872 | AN17: 4.85968 | AO17: 5.5144 | AP17: 4.6912 | AQ17: 5.1136
B18: Lottery Tax | C18: 0.10392658 | D18: 1.1945321 | E18: 1.4568574 | F18: 0.19174475 | G18: 0.86403656 | H18: 0.33838048 | I18: 0.49203082 | J18: 0.81797542 | K18: 0.64978728 | L18: 0.306 | M18: 0.43459327 | N18: 0.5548912 | O18: 0.77744689 | P18: 0.6510319 | Q18: 0.71625988 | R18: 1.4490207 | S18: 1.2918922 | T18: 0.5771577 | U18: 0.71586455 | V18: 0.87424246 | W18: 0.73535773 | X18: 0.5596185 | Y18: 0.8330562 | Z18: 0.66398153 | AA18: 0.68115953 | AB18: 0.88680385 | AC18: 1.0557505 | AD18: 0.33051627 | AE18: 0 | AF18: 0.9771363 | AG18: 1.580445 | AH18: 0 | AI18: 0 | AJ18: 0 | AK18: 0 | AL18: 0 | AM18: 0.76009593 | AN18: 1.1953063 | AO18: 0 | AP18: 0 | AQ18: 0.93553158
B19: Other (algemeen/tussenrek) | C19: 7.06957 | D19: 4.453044 | E19: 6.4898868 | F19: 4.192478 | G19: 14.32797 | H19: 3.4287606 | I19: 4.4747216 | J19: 5.9106349 | K19: 1.4609453 | L19: 3.4703073 | M19: 0.5800111 | N19: 0.55221026 | O19: 7.0366038 | P19: 10.240801 | Q19: 11.309924 | R19: 20.282748 | S19: 5.207231 | T19: 6.9699205 | U19: 26.498522 | V19: 6.6351307 | W19: 3.4517327 | X19: 27.260866 | Y19: 5.1745877 | Z19: 13.567644 | AA19: 1.1007626 | AB19: 0.58158267 | AC19: 0.52960504 | AD19: 1.8426876 | AE19: 1.0169418 | AF19: 10.481157 | AG19: 1.1118775 | AH19: 0.61160919 | AI19: 2.9002645 | AJ19: 0.57026515 | AK19: 1.4271549 | AL19: 0.08482987 | AM19: 3.5268803 | AN19: 0.88425221 | AO19: 0.57069467 | AP19: 0.12037487 | AQ19: 0.01523064
B20: Statistical Discrepancy ODB1 | C20: -90.169364 | D20: -133.97866 | E20: -259.12724 | F20: 47.961995 | G20: -136.73241 | H20: -248.25878 | I20: 108.55972 | J20: -239.25861 | K20: -5.1366789 | L20: 10.993181 | M20: 81.997846 | N20: -93.776644 | O20: -95.904656 | P20: -57.390885 | Q20: 18.918948 | R20: -126.78768 | S20: 32.170185 | T20: -205.0789 | U20: 469.16035 | V20: 97.928632 | W20: 97.917817 | X20: -18.163261 | Y20: 80.169907 | Z20: 343.79573 | AA20: 21.261068 | AB20: 9.3299821 | AC20: 17.505237 | AD20: 40.834974 | AE20: 26.677628 | AF20: 125.56989 | AG20: 183.96694 | AH20: 221.78631 | AI20: 80.202295 | AJ20: 183.31568 | AK20: 36.218763 | AL20: 820.33655 | AM20: 147.78196 | AN20: -638.01728 | AO20: 2775.6394 | AP20: -1460.0904 | AQ20: 396.40534
B23: Source: Ministry of Finance and Planning.
B24: *Preliminary data.
B25: Cash revenue data are adjusted and presented on a gross basis taking into account revenues settled with EBS subsidies.
B26: 1 Caused by the time difference between cash receipts and administrative bookings of the Receiver of Direct Taxes (Ontvanger der Directe Belastingen/ODB).
O44: 1000000 | P44: 1000000 | Q44: 1000000
O47: =O48=O10 -> FALSE | P47: =P48=P10 -> FALSE | Q47: =Q48=Q10 -> FALSE
O48: =O49+O51 -> 0 | P48: =P49+P51 -> 0 | Q48: =Q49+Q51 -> 0
O49: ='[12]2022 - 2023'!AB6/O44 -> 0 | P49: ='[12]2022 - 2023'!AC6/P44 -> 0 | Q49: ='[12]2022 - 2023'!AD6/Q44 -> 0
O50: ='[12]2022 - 2023'!AB13/O44 -> 5.3 | P50: ='[12]2022 - 2023'!AC13/P44 -> 5.408 | Q50: ='[12]2022 - 2023'!AD13/Q44 -> 5.6361785
O51: =[12]Schattingen!AB17/O44 -> 0 | P51: =[12]Schattingen!AC17/P44 -> 0 | Q51: =[12]Schattingen!AD17/Q44 -> 0
O53: =O54-O12 -> -155.46551 | P53: =P54-P12 -> -105.33866 | Q53: =Q54-Q12 -> 140.33847
O54: =O55+O57 -> 92.112165 | P54: =P55+P57 -> 120.35872 | Q54: =Q55+Q57 -> 342.96894
O55: ='[12]2022 - 2023'!AB7/O44 -> 92.112165 | P55: ='[12]2022 - 2023'!AC7/P44 -> 120.35872 | Q55: ='[12]2022 - 2023'!AD7/Q44 -> 342.96894
O56: =O50 -> 5.3 | P56: =P50 -> 5.408 | Q56: =Q50 -> 5.6361785
O57: =[12]Schattingen!AB16/O44 -> 0 | P57: =[12]Schattingen!AC16/P44 -> 0 | Q57: =[12]Schattingen!AD16/Q44 -> 0
O59: =O60=O14 -> FALSE | P59: =P60=P14 -> FALSE | Q59: =Q60=Q14 -> FALSE
O60: ='[12]2022 - 2023'!AB8/O44 -> 504.43451 | P60: ='[12]2022 - 2023'!AC8/P44 -> 361.95367 | Q60: ='[12]2022 - 2023'!AD8/Q44 -> 297.44486
O62: =O63=O16 -> FALSE | P62: =P63=P16 -> FALSE | Q62: =Q63=Q16 -> FALSE
O63: ='[12]2022 - 2023'!AB9/O44 -> 0 | P63: ='[12]2022 - 2023'!AC9/P44 -> 4.0720111 | Q63: ='[12]2022 - 2023'!AD9/Q44 -> 3.8847309
O65: =O66=O17 -> FALSE | P65: =P66=P17 -> FALSE | Q65: =Q66=Q17 -> FALSE
O66: ='[12]2022 - 2023'!AB12/O44 -> 0.17534304 | P66: ='[12]2022 - 2023'!AC12/P44 -> 0.12414437 | Q66: ='[12]2022 - 2023'!AD12/Q44 -> 0.45326643
O68: =O69=O18 -> FALSE | P68: =P69=P18 -> FALSE | Q68: =Q69=Q18 -> FALSE
O69: ='[12]2022 - 2023'!AB10/O44 -> 0.23711713 | P69: ='[12]2022 - 2023'!AC10/P44 -> 0.54985782 | Q69: ='[12]2022 - 2023'!AD10/Q44 -> 0.48428581
O72: =O73=O19 -> FALSE | P72: =P73=P19 -> FALSE | Q72: =Q73=Q19 -> FALSE
O73: =[12]Schattingen!AB19/O44 -> 0 | P73: =[12]Schattingen!AC19/P44 -> 0 | Q73: =[12]Schattingen!AD19/Q44 -> 0

Sheet T 2.3
B2: Table 2.3 Suriname: Indirect taxes, Jan 2023 - May 2026 (SRD million)
C5: ='T 2.4'!C6 -> 44927 | D5: ='T 2.4'!D6 -> 44958 | E5: ='T 2.4'!E6 -> 44986 | F5: ='T 2.4'!F6 -> 45017 | G5: ='T 2.4'!G6 -> 45047 | H5: ='T 2.4'!H6 -> 45078 | I5: ='T 2.4'!I6 -> 45108 | J5: ='T 2.4'!J6 -> 45139 | ... AQ5: ='T 2.4'!AQ6 -> 46143
B7: Total indirect taxes | C7: 662.3375 | D7: 590.79173 | E7: 630.00854 | F7: 664.23612 | G7: 740.1375 | H7: 756.00564 | I7: 708.04786 | J7: 1145.5667 | K7: 789.67816 | L7: 1056.9455 | M7: 896.04386 | N7: 1168.8332 | O7: 1218.2261 | P7: 1163.6154 | Q7: 965.56518 | R7: 1000.0571 | S7: 1160.754 | T7: 939.2399 | U7: 1036.1366 | V7: 998.16745 | W7: 1164.3644 | X7: 1202.2761 | Y7: 1359.5084 | Z7: 1118.9133 | AA7: 1508.6676 | AB7: 1306.5094 | AC7: 1269.3643 | AD7: 1449.7341 | AE7: 1709.6826 | AF7: 1496.1843 | AG7: 1531.4987 | AH7: 1677.7377 | AI7: 1669.009 | AJ7: 1774.8849 | AK7: 1458.5471 | AL7: 1831.4123 | AM7: 1774.8339 | AN7: 1585.044 | AO7: 1584.5307 | AP7: 1580.9198 | AQ7: 1478.414
B9: Import duties | C9: 214.33209 | D9: 152.22193 | E9: 208.26353 | F9: 219.85479 | G9: 225.27026 | H9: 220.87488 | I9: 227.41999 | J9: 258.12679 | K9: 210.26203 | L9: 276.64554 | M9: 795.19183 | N9: 265.26918 | O9: 294.87226 | P9: 218.59028 | Q9: 361.88493 | R9: 305.37998 | S9: 227.85486 | T9: 551.51223 | U9: 387.08446 | V9: 348.88579 | W9: 415.60124 | X9: 413.11409 | Y9: 459.47899 | Z9: 674.84023 | AA9: 429.91046 | AB9: 439.5269 | AC9: 488.13617 | AD9: 519.66187 | AE9: 436.86619 | AF9: 359.66476 | AG9: 419.11573 | AH9: 424.80923 | AI9: 431.57832 | AJ9: 418.06938 | AK9: 430.50049 | AL9: 497.64878 | AM9: 441.2331 | AN9: 378.76186 | AO9: 373.77704 | AP9: 395.52859 | AQ9: 439.12727
B10: Statistical fees | C10: 14.404069 | D10: 11.957197 | E10: 15.932125 | F10: 14.911417 | G10: 17.206945 | H10: 22.917027 | I10: 15.908937 | J10: 16.605529 | K10: 14.470894 | L10: 17.615915 | M10: 60.716085 | N10: 16.344313 | O10: 20.04711 | P10: 13.713869 | Q10: 34.040755 | R10: 20.158212 | S10: 16.393615 | T10: 12.58523 | U10: 15.430415 | V10: 15.087435 | W10: 14.943997 | X10: 14.277535 | Y10: 14.810142 | Z10: 32.286771 | AA10: 19.719384 | AB10: 24.515548 | AC10: 18.764008 | AD10: 29.083122 | AE10: 24.158728 | AF10: 21.356179 | AG10: 23.008994 | AH10: 23.887039 | AI10: 31.22505 | AJ10: 31.250898 | AK10: 31.395783 | AL10: 28.469454 | AM10: 39.602882 | AN10: 34.165652 | AO10: 28.5028 | AP10: 30.463536 | AQ10: 28.31986
B11: Exicise on alcohol free drinks | C11: 16.828675 | D11: 15.830937 | E11: 12.750718 | F11: 10.579233 | G11: 24.215641 | H11: 12.987291 | I11: 14.305757 | J11: 20.852484 | K11: 25.976338 | L11: 22.639042 | M11: 14.145535 | N11: 15.365846 | O11: 28.037372 | P11: 13.9117 | Q11: 15.23792 | R11: 14.555541 | S11: 18.945289 | T11: 23.667331 | U11: 16.774271 | V11: 19.86731 | W11: 17.370155 | X11: 22.622382 | Y11: 19.845054 | Z11: 18.921971 | AA11: 33.23018 | AB11: 13.706797 | AC11: 12.678201 | AD11: 15.791644 | AE11: 25.896849 | AF11: 32.441338 | AG11: 26.121016 | AH11: 18.895122 | AI11: 21.814403 | AJ11: 32.64683 | AK11: 31.170442 | AL11: 30.887635 | AM11: 8.1500394 | AN11: 34.569549 | AO11: 21.246931 | AP11: 23.092701 | AQ11: 12.182902
B12: Wood export tax | C12: 53.628461 | D12: 16.012003 | E12: 58.390838 | F12: 67.384295 | G12: 19.09124 | H12: 44.555334 | I12: 15.788921 | J12: 18.126762 | K12: 65.315138 | L12: 22.806478 | M12: 50.097953 | N12: 38.920349 | O12: 59.342888 | P12: 47.118795 | Q12: 56.685084 | R12: 48.006576 | S12: 62.270113 | T12: 39.886082 | U12: 17.367159 | V12: 15.824421 | W12: 24.907758 | X12: 51.086335 | Y12: 36.704003 | Z12: 39.07016 | AA12: 37.41341 | AB12: 20.981191 | AC12: 36.707844 | AD12: 41.047363 | AE12: 14.705344 | AF12: 11.535333 | AG12: 9.5328469 | AH12: 29.109584 | AI12: 24.030912 | AJ12: 40.832563 | AK12: 44.848273 | AL12: 37.498183 | AM12: 14.712799 | AN12: 19.858859 | AO12: 51.21742 | AP12: 27.954691 | AQ12: 20.856219
B13: Excise on alcohol | C13: 23.724399 | D13: 2.0999676 | E13: 16.656653 | F13: 2.492996 | G13: 4.2170806 | H13: 7.5046847 | I13: 2.2607567 | J13: 1.7825645 | K13: 1.8743375 | L13: 5.5267124 | M13: 9.9788311 | N13: 7.7311769 | O13: 12.746336 | P13: 14.065656 | Q13: 8.3402173 | R13: 6.2614491 | S13: 17.61947 | T13: 9.2211787 | U13: 14.676669 | V13: 3.1643302 | W13: 3.3810979 | X13: 24.732521 | Y13: 20.040106 | Z13: 26.753195 | AA13: 2.1428733 | AB13: 1.3280122 | AC13: 13.508165 | AD13: 38.816814 | AE13: 3.1842606 | AF13: 4.1837275 | AG13: 28.071396 | AH13: 4.6419977 | AI13: 17.083271 | AJ13: 18.680605 | AK13: 16.184484 | AL13: 30.597762 | AM13: 15.352814 | AN13: 8.8368039 | AO13: 7.1868456 | AP13: 10.098365 | AQ13: 10.307158
B14: Public entertainment tax | C14: 1.13485 | D14: 0.6287 | E14: 0.6864 | F14: 0.8615 | G14: 1.153906 | H14: 0.791725 | I14: 0.74105 | J14: 1.03588 | K14: 0.579 | L14: 1.62248 | M14: 1.82894 | N14: 1.95727 | O14: 1.02415 | P14: 0.4348 | Q14: 1.16259 | R14: 1.39259 | S14: 1.385065 | T14: 0.85182 | U14: 0.871289 | V14: 1.09058 | W14: 1.4247 | X14: 2.14371 | Y14: 1.7337795 | Z14: 2.408837 | AA14: 0.802225 | AB14: 0.60803 | AC14: 0.40377 | AD14: 0.91887 | AE14: 2.087975 | AF14: 1.6340142 | AG14: 1.92219 | AH14: 1.564965 | AI14: 2.22161 | AJ14: 3.66154 | AK14: 1.36881 | AL14: 4.41841 | AM14: 0.65137 | AN14: 0.47631 | AO14: 0.94624 | AP14: 2.06869 | AQ14: 1.74647
B15: Excise on beer | C15: 1.6764194 | D15: 20.904566 | E15: 10.306401 | F15: 11.518743 | G15: 0.52355573 | H15: 1.9255461 | I15: 34.726969 | J15: 2.0009309 | K15: 18.558865 | L15: 3.2634107 | M15: 45.706613 | N15: 23.940586 | O15: 26.509896 | P15: 23.969445 | Q15: 0.92032807 | R15: 0.76033191 | S15: 1.5075864 | T15: 53.913273 | U15: 4.3396083 | V15: 3.0615472 | W15: 49.8716 | X15: 1.2871699 | Y15: 54.79878 | Z15: 26.210011 | AA15: 1.0425678 | AB15: 41.009654 | AC15: 2.103127 | AD15: 27.086249 | AE15: 38.063608 | AF15: 1.7163549 | AG15: 3.0042205 | AH15: 44.542972 | AI15: 2.3220055 | AJ15: 21.45989 | AK15: 43.948199 | AL15: 27.629189 | AM15: 61.036522 | AN15: 16.104454 | AO15: 16.051488 | AP15: 1.7235849 | AQ15: 19.841243
B16: Excise on tobacco and cigarettes | C16: 21.829476 | D16: 19.091685 | E16: 17.646343 | F16: 1.6763076 | G16: 27.772491 | H16: 25.550374 | I16: 17.894526 | J16: 22.54437 | K16: 20.003125 | L16: 20.786839 | M16: 16.703675 | N16: 32.234198 | O16: 18.13849 | P16: 20.805718 | Q16: 19.942025 | R16: 16.861546 | S16: 21.945998 | T16: 11.039591 | U16: 16.892517 | V16: 18.125591 | W16: 12.942034 | X16: 17.607011 | Y16: 17.312351 | Z16: 18.457204 | AA16: 22.896488 | AB16: 18.281761 | AC16: 18.168342 | AD16: 15.231236 | AE16: 16.532314 | AF16: 27.727991 | AG16: 19.399842 | AH16: 22.961406 | AI16: 30.780914 | AJ16: 29.229897 | AK16: 32.943319 | AL16: 25.515993 | AM16: 39.975619 | AN16: 19.720301 | AO16: 19.577009 | AP16: 25.884876 | AQ16: 21.395808
B17: Fuel tax | C17: 5.0707612 | D17: 3.433593 | E17: 37.788542 | F17: 5.039742 | G17: 5.9515766 | H17: 4.6167429 | I17: 5.7578049 | J17: 297.59685 | K17: 6.890213 | L17: 60.10446 | M17: 54.755282 | N17: 55.401193 | O17: 120.57944 | P17: 104.01473 | Q17: 51.75535 | R17: 83.595555 | S17: 99.014754 | T17: 165.67877 | U17: 178.94915 | V17: 215.859 | W17: 251.10242 | X17: 286.27229 | Y17: 236.52427 | Z17: 283.07493 | AA17: 230.79759 | AB17: 149.89604 | AC17: 290.51547 | AD17: 206.51957 | AE17: 306.89509 | AF17: 285.09414 | AG17: 297.19868 | AH17: 324.81488 | AI17: 316.45588 | AJ17: 336.41109 | AK17: 421.08495 | AL17: 443.80508 | AM17: 419.86634 | AN17: 419.8554 | AO17: 423.68596 | AP17: 291.90408 | AQ17: 159.75714
B18: Sales tax | C18: 115.02547 | D18: 44.947014 | E18: 21.939224 | F18: 10.769641 | G18: 32.673109 | H18: 14.253575 | I18: 9.9078151 | J18: 14.140893 | K18: 12.240835 | L18: 20.41103 | M18: 316.26703 | N18: 10.803917 | O18: 2.7350322 | P18: 2.2335186 | Q18: 0.52775441 | R18: 11.69151 | S18: 0.33519587 | T18: 1.5019971 | U18: 0.37040977 | V18: 0.78442844 | W18: 0.19725975 | X18: 2.4367728 | Y18: 5.3543472 | Z18: 0.55513563 | AA18: 3.8856455 | AB18: 5.7961366 | AC18: 3.0225886 | AD18: 0.21003194 | AE18: 0.52426709 | AF18: 0.25930582 | AG18: 0.13723009 | AH18: 0.09103725 | AI18: 0.14494684 | AJ18: 0.31631933 | AK18: 0.14903822 | AL18: 0.28926405 | AM18: 0.55803826 | AN18: 0.76200237 | AO18: 0.82036636 | AP18: 0.26240742 | AQ18: 0.45860154
B19: Value Added Tax (VAT) | C19: 199.35407 | D19: 252.39105 | E19: 309.9981 | F19: 322.71589 | G19: 367.56147 | H19: 366.48166 | I19: 329.24784 | J19: 423.1288 | K19: 394.54149 | L19: 440.55601 | M19: 551.69917 | N19: 431.8351 | O19: 552.09696 | P19: 433.91591 | Q19: 552.93494 | R19: 436.0855 | S19: 517.35935 | T19: 400.97497 | U19: 474.97697 | V19: 442.10211 | W19: 497.6538 | X19: 496.72261 | Y19: 537.10769 | Z19: 775.50797 | AA19: 679.9261 | AB19: 621.61667 | AC19: 599.09016 | AD19: 715.12057 | AE19: 772.80339 | AF19: 679.83415 | AG19: 710.16389 | AH19: 737.53441 | AI19: 746.10083 | AJ19: 845.29742 | AK19: 752.11922 | AL19: 755.72193 | AM19: 823.23367 | AN19: 720.71209 | AO19: 725.80746 | AP19: 778.3906 | AQ19: 755.26631
B20: Statistical Discrepancy OIA1 | C20: -4.6712371 | D20: 51.273085 | E20: -80.350331 | F20: -3.568437 | G20: 14.500231 | H20: 33.54681 | I20: 34.087492 | J20: 69.624854 | K20: 18.965898 | L20: 164.9676 | M20: -1021.0471 | N20: 269.03003 | O20: 82.096126 | P20: 270.84102 | Q20: -137.86671 | R20: 55.308296 | S20: 176.12268 | T20: -331.59257 | U20: -91.596294 | V20: -85.685097 | W20: -125.03167 | X20: -130.02634 | Y20: -44.201087 | Z20: -779.1731 | AA20: 46.900667 | AB20: -30.757333 | AC20: -213.73351 | AD20: -159.75328 | AE20: 67.964581 | AF20: 70.737018 | AG20: -6.17729 | AH20: 44.8851 | AI20: 45.250814 | AJ20: -2.9715689 | AK20: -347.16593 | AL20: -51.069387 | AM20: -89.539247 | AN20: -68.779272 | AO20: -84.28889 | AP20: -6.4522853 | AQ20: 9.1550484
B23: Source: Ministry of Finance and Planning.
B24: * Preliminary data.
B25: Cash revenue data are adjusted and presented on a gross basis taking into account revenues settled with EBS subsidies.
B26: 1 Caused by the time difference between cash receipts and administrative bookings of the Receiver of Import Duties and Excises
B27: (Ontvanger der Invoerrechten en Accijnzen/OIA).

Sheet T 2.4
B3: Table 2.4 Suriname: Non-tax revenues, Jan 2023 - May 2026 (SRD million)
C6: ='T 2.5'!C6 -> 44927 | D6: ='T 2.5'!D6 -> 44958 | E6: ='T 2.5'!E6 -> 44986 | F6: ='T 2.5'!F6 -> 45017 | G6: ='T 2.5'!G6 -> 45047 | H6: ='T 2.5'!H6 -> 45078 | I6: ='T 2.5'!I6 -> 45108 | J6: ='T 2.5'!J6 -> 45139 | ... AQ6: ='T 2.5'!AQ6 -> 46143
B8: Total non-tax revenues | C8: 1178.4179 | D8: 804.67263 | E8: 1015.8617 | F8: 888.98073 | G8: 1267.4078 | H8: 973.31581 | I8: 1109.1278 | J8: 693.3831 | K8: 888.74452 | L8: 1198.733 | M8: 1081.8559 | N8: 1281.8253 | O8: 1029.5728 | P8: 1448.5152 | Q8: 873.88417 | R8: 903.60941 | S8: 714.63862 | T8: 589.80635 | U8: 848.74474 | V8: 465.8484 | W8: 1897.5802 | X8: 930.62665 | Y8: 858.74983 | Z8: 873.65126 | AA8: 531.75606 | AB8: 1373.7752 | AC8: 1296.7127 | AD8: 1321.7046 | AE8: 940.84418 | AF8: 1091.4549 | AG8: 1238.3097 | AH8: 530.2184 | AI8: 583.42882 | AJ8: 2525.0542 | AK8: 679.92948 | AL8: 1892.9742 | AM8: 2998.4059 | AN8: 2813.5908 | AO8: 1418.3163 | AP8: 2369.3726 | AQ8: 1568.2141
B10: Cost import, export and transit | C10: 0.636935 | D10: 0.573319 | E10: 0.40324 | F10: 0.29129 | G10: 0.267955 | H10: 0.412625 | I10: 0.4529 | J10: 0.708785 | K10: 0.45001 | L10: 0.31603 | M10: 0.648835 | N10: 0.56186 | O10: 0.312815 | P10: 0.4135893 | Q10: 0.385455 | R10: 0.653145 | S10: 0.45261 | T10: 0.564655 | U10: 0.43539 | V10: 0.296865 | W10: 0.4032018 | X10: 0.536995 | Y10: 0.545875 | Z10: 0.412375 | AA10: 0.42223925 | AB10: 0.493335 | AC10: 1.0190125 | AD10: 0.338395 | AE10: 0.8917575 | AF10: 0.34915 | AG10: 0.7733375 | AH10: 1.556035 | AI10: 1.121195 | AJ10: 0.9450707 | AK10: 0.667255 | AL10: 1.3005163 | AM10: 0.36264 | AN10: 0.45693 | AO10: 0.428445 | AP10: 0.488245 | AQ10: 0.630315
B11: Tax penalty and fees | C11: 0.63115291 | D11: 0.00495 | E11: 0.23933643 | F11: 0.0138 | G11: 0.24685 | H11: 0.97045 | I11: 2.9656176 | J11: 1.8793 | K11: 0.191018 | L11: 0.09251824 | M11: 0.1765 | N11: 0.43156 | O11: 0.1673 | P11: 0.34425 | Q11: 0.46195 | R11: 0.76517 | S11: 0.72535 | T11: 0.61357 | U11: 3.794 | V11: 0.63577 | W11: 0.7426 | X11: 0.56895 | Y11: 0.64045 | Z11: 0.5227923 | AA11: 0.9352832 | AB11: 0.27361377 | AC11: 0.62405 | AD11: 0.5075485 | AE11: 0.74098 | AF11: 0.5123 | AG11: 0.617193 | AH11: 0.6539 | AI11: 0.9878 | AJ11: 0.77207978 | AK11: 1.5396 | AL11: 1.65915 | AM11: 1.29662 | AN11: 0.788478 | AO11: 0.1252 | AP11: 0.20522 | AQ11: 0.53661
B12: Number plates | C12: 0.31878 | D12: 0.24386 | E12: 0.31327 | F12: 0.27746 | G12: 0.4944 | H12: 0.45645 | I12: 0.48525 | J12: 0.54615 | K12: 0.6088 | L12: 0.59385 | M12: 0.61765 | N12: 0.70435 | O12: 0.6456 | P12: 0.5754 | Q12: 0.5112 | R12: 0.51765 | S12: 0.6934 | T12: 0.59465 | U12: 0.6364 | V12: 0.70935 | W12: 0.73255 | X12: 0.68375 | Y12: 0.58755 | Z12: 0.44655 | AA12: 0.9909 | AB12: 0.67895 | AC12: 0.70415 | AD12: 0.68715 | AE12: 0.80685 | AF12: 0.7166 | AG12: 0.88145 | AH12: 0.82945 | AI12: 0.93685 | AJ12: 1.0008 | AK12: 0.93255 | AL12: 0.8994 | AM12: 1.4956 | AN12: 1.12705 | AO12: 1.02955 | AP12: 1.0745 | AQ12: 0.94495
B13: AOV (Old age contribution) | C13: 48.140092 | D13: 37.152589 | E13: 47.479517 | F13: 58.306693 | G13: 58.062282 | H13: 67.967765 | I13: 53.276865 | J13: 65.746298 | K13: 72.398156 | L13: 55.807618 | M13: 49.287888 | N13: 118.19784 | O13: 69.696364 | P13: 73.866698 | Q13: 75.774363 | R13: 84.864325 | S13: 97.79079 | T13: 86.39691 | U13: 86.003414 | V13: 70.413716 | W13: 71.376547 | X13: 77.664432 | Y13: 75.321488 | Z13: 67.496054 | AA13: 119.38326 | AB13: 94.652431 | AC13: 92.9276 | AD13: 101.80384 | AE13: 106.82615 | AF13: 259.42305 | AG13: 119.93832 | AH13: 114.25342 | AI13: 111.0541 | AJ13: 122.62486 | AK13: 107.2828 | AL13: 112.32375 | AM13: 139.47992 | AN13: 406.95336 | AO13: 113.46447 | AP13: 108.47648 | AQ13: 113.27044
B14: Consent rights | C14: 47.920416 | D14: 38.624811 | E14: 53.465574 | F14: 67.199539 | G14: 56.944922 | H14: 51.262244 | I14: 57.407455 | J14: 54.330501 | K14: 54.283377 | L14: 68.286388 | M14: 178.14296 | N14: 66.37869 | O14: 69.398126 | P14: 51.495469 | Q14: 93.367524 | R14: 80.735459 | S14: 71.078599 | T14: 52.329181 | U14: 73.33491 | V14: 57.375781 | W14: 62.922289 | X14: 63.447078 | Y14: 60.334726 | Z14: 107.8165 | AA14: 73.458624 | AB14: 54.098665 | AC14: 57.95192 | AD14: 73.338021 | AE14: 73.089445 | AF14: 59.117775 | AG14: 64.72304 | AH14: 65.675099 | AI14: 87.238759 | AJ14: 88.071417 | AK14: 85.099114 | AL14: 132.58087 | AM14: 133.73606 | AN14: 83.632261 | AO14: 99.571839 | AP14: 97.822783 | AQ14: 88.331048
B15: Royalties | C15: 452.12229 | D15: 224.41214 | E15: 186.31436 | F15: 234.92566 | G15: 522.919 | H15: 193.24276 | I15: 432.49898 | J15: 219.34731 | K15: 236.9406 | L15: 486.58081 | M15: 295.12669 | N15: 245.04985 | O15: 584.296 | P15: 233.35109 | Q15: 212.3849 | R15: 464.66828 | S15: 258.00174 | T15: 199.34493 | U15: 406.91414 | V15: 202.5251 | W15: 198.48152 | X15: 575.68376 | Y15: 250.65743 | Z15: 260.41627 | AA15: 251.46454 | AB15: 637.08471 | AC15: 141.24212 | AD15: 492.29675 | AE15: 230.08755 | AF15: 214.51247 | AG15: 676.1767 | AH15: 179.48438 | AI15: 219.70738 | AJ15: 938.80993 | AK15: 267.4072 | AL15: 614.06362 | AM15: 1427.3783 | AN15: 451.4037 | AO15: 472.18796 | AP15: 1297.6253 | AQ15: 347.32738
B16: Navigation fees | C16: 0 | D16: 0.67406264 | E16: 10.94396 | F16: 1.4996316 | G16: 2.6867735 | H16: 1.9809532 | I16: 0 | J16: 1.3062846 | K16: 4.105627 | L16: 0.5172795 | M16: 4.453792 | N16: 0.38046975 | O16: 9.691331 | P16: 9.4448114 | Q16: 0 | R16: 1.886328 | S16: 11.203374 | T16: 3.7177749 | U16: 33.09831 | V16: 15.949724 | W16: 11.058639 | X16: 15.342317 | Y16: 0 | Z16: 0 | AA16: 0.00175455 | AB16: 1.0544808 | AC16: 16.744153 | AD16: 13.398432 | AE16: 0.0073142 | AF16: 0 | AG16: 3.0346445 | AH16: 0.5059935 | AI16: 0.038339301 | AJ16: 8.9066512 | AK16: 0.11878415 | AL16: 12.952177 | AM16: 1.0905963 | AN16: 0 | AO16: 0.27423833 | AP16: 0.027047175 | AQ16: 0
B17: License fees | C17: 0.80521691 | D17: 15.178864 | E17: 11.550943 | F17: 2.054433 | G17: 3.0680729 | H17: 1.205903 | I17: 5.6280449 | J17: 3.4576535 | K17: 1.1799497 | L17: 1.0762308 | M17: 1.0614618 | N17: 1.1107644 | O17: 0.84622707 | P17: 16.201132 | Q17: 8.5060645 | R17: 6.5035059 | S17: 4.1331892 | T17: 4.4148294 | U17: 6.152786 | V17: 3.7628691 | W17: 3.9635318 | X17: 4.0588683 | Y17: 3.6869321 | Z17: 3.9754027 | AA17: 3.6350572 | AB17: 12.178725 | AC17: 12.778528 | AD17: 10.004418 | AE17: 4.8750342 | AF17: 3.9140214 | AG17: 4.7729823 | AH17: 6.4950247 | AI17: 6.3332299 | AJ17: 5.1667679 | AK17: 7.239793 | AL17: 5.9973362 | AM17: 7.3137904 | AN17: 5.3289594 | AO17: 5.3477479 | AP17: 8.9760803 | AQ17: 4.2963838
B18: Visa fees / PSA / touristcard | C18: 25.269732 | D18: 13.016857 | E18: 18.865353 | F18: 23.264464 | G18: 15.945115 | H18: 16.446138 | I18: 16.448677 | J18: 17.904427 | K18: 14.986023 | L18: 21.527574 | M18: 20.513281 | N18: 15.74429 | O18: 14.419027 | P18: 14.085884 | Q18: 15.345201 | R18: 19.770633 | S18: 17.444139 | T18: 32.595909 | U18: 16.873135 | V18: 25.362495 | W18: 27.127734 | X18: 15.47547 | Y18: 22.54701 | Z18: 25.990607 | AA18: 27.085695 | AB18: 29.453446 | AC18: 29.628292 | AD18: 27.517286 | AE18: 29.701351 | AF18: 26.531034 | AG18: 88.697428 | AH18: 26.508996 | AI18: 0.06527909 | AJ18: 56.672161 | AK18: 0.0220216 | AL18: 30.675944 | AM18: 28.287025 | AN18: 32.205401 | AO18: 28.408642 | AP18: 28.060513 | AQ18: 25.787037
B19: Mortgage registry office / Glis / stamp fees | C19: 0 | D19: 0 | E19: 0 | F19: 0 | G19: 0 | H19: 0 | I19: 0 | J19: 0 | K19: 40 | L19: 103.41861 | M19: 0 | N19: 71.013637 | O19: 30.792446 | P19: 11.735389 | Q19: 38.818159 | R19: 0 | S19: 0 | T19: 0 | U19: 84.3591 | V19: 0 | W19: 20.574898 | X19: 45.881409 | Y19: 0 | Z19: 49.605954 | AA19: 0 | AB19: 0 | AC19: 0 | AD19: 25.253601 | AE19: 0 | AF19: 0 | AG19: 112.98013 | AH19: 0 | AI19: 0 | AJ19: 0 | AK19: 0 | AL19: 0 | AM19: 0 | AN19: 0 | AO19: 0 | AP19: 0 | AQ19: 168.84402
B20: Dividend | C20: 287.02042 | D20: 293.35054 | E20: 319.7274 | F20: 212.47088 | G20: 305.60387 | H20: 261.8115 | I20: 216.49732 | J20: 2.823 | K20: 178.93762 | L20: 188.49919 | M20: 140.86725 | N20: 183.81162 | O20: 67.612425 | P20: 179.59606 | Q20: 243.99919 | R20: 135.18431 | S20: 214.23938 | T20: 137.59709 | U20: 53.875416 | V20: 0 | W20: 1309.4953 | X20: 0 | Y20: 211.84875 | Z20: 236.80747 | AA20: 122.3383 | AB20: 261.5325 | AC20: 677.41125 | AD20: 276.285 | AE20: 403.03125 | AF20: 191.07924 | AG20: 0 | AH20: 0 | AI20: 0 | AJ20: 1229.1029 | AK20: 0 | AL20: 922.575 | AM20: 701.50237 | AN20: 378.68004 | AO20: 456.44532 | AP20: 374.50554 | AQ20: 0
... B25: Other non-tax revenues | C25: 223.7693 | D25: 181.44064 | E25: 366.55878 | F25: 288.67689 | G25: 301.16851 | H25: 377.55901 | I25: 323.46665 | J25: 314.30152 | K25: 284.66334 | L25: 272.01689 | M25: 367.97118 | N25: 578.39033 | O25: 180.74702 | P25: 855.67977 | Q25: 176.19083 | R25: 105.28989 | S25: 35.211764 | T25: 68.150249 | U25: 79.36072 | V25: 85.561373 | W25: 169.14959 | X25: 127.77146 | Y25: 229.37021 | Z25: 115.72111 | AA25: -75.126192 | AB25: 272.06511 | AC25: 131.3268 | AD25: 247.87282 | AE25: 43.992396 | AF25: 314.22992 | AG25: 103.7848 | AH25: 102.18129 | AI25: 149.23842 | AJ25: 67.224257 | AK25: 161.94628 | AL25: -37.93218 | AM25: 511.30126 | AN25: 431.58464 | AO25: 187.59165 | AP25: 399.01035 | AQ25: 773.60517
B28: Source: Ministry of Finance and Planning.
B29: *Preliminary data. Cash revenue data are adjusted and presented on a gross basis taking into account revenues settled with EBS subsidies.

Sheet T 2.5
B3: Table 2.5 Suriname: Wages and salaries of civil servants by ministry, Jan 2023 - May 2026 (SRD million)
C6: ='T 2.6'!C5 -> 44927 | D6: ='T 2.6'!D5 -> 44958 | E6: ='T 2.6'!E5 -> 44986 | F6: ='T 2.6'!F5 -> 45017 | G6: ='T 2.6'!G5 -> 45047 | H6: ='T 2.6'!H5 -> 45078 | I6: ='T 2.6'!I5 -> 45108 | J6: ='T 2.6'!J5 -> 45139 | ... AQ6: ='T 2.6'!AQ5 -> 46143
B8: Total wages and salaries | C8: 653.27885 | D8: 672.38728 | E8: 682.41854 | F8: 654.67013 | G8: 793.53984 | H8: 794.47415 | I8: 1033.3847 | J8: 802.65874 | K8: 795.03841 | L8: 770.23483 | M8: 784.75495 | N8: 894.76066 | O8: 867.53344 | P8: 854.45951 | Q8: 835.23654 | R8: 907.8301 | S8: 889.60423 | T8: 896.2077 | U8: 1046.7901 | V8: 847.24164 | W8: 896.69015 | X8: 1002.5274 | Y8: 1064.4896 | Z8: 1122.5309 | AA8: 1093.5337 | AB8: 1132.8995 | AC8: 1199.6879 | AD8: 1342.4579 | AE8: 1300.2469 | AF8: 1234.5074 | AG8: 1885.8664 | AH8: 1187.4723 | AI8: 1218.7775 | AJ8: 1152.0129 | AK8: 1147.3497 | AL8: 1237.3881 | AM8: 1278.75 | AN8: 1228.8301 | AO8: 1246.9898 | AP8: 1243.7517 | AQ8: 1265.0982
B10: By ministry:
B11: Justice and Police | C11: 162.60386 | D11: 165.88775 | E11: 163.66213 | F11: 161.22729 | G11: 191.40695 | H11: 199.41592 | I11: 232.42928 | J11: 192.47328 | K11: 193.06082 | L11: 187.98337 | M11: 203.76684 | N11: 214.60343 | O11: 198.70138 | P11: 193.67656 | Q11: 188.79691 | R11: 251.14316 | S11: 234.01418 | T11: 216.87802 | U11: 247.90643 | V11: 208.60701 | W11: 234.10995 | X11: 249.78914 | Y11: 268.18487 | Z11: 278.33383 | AA11: 289.20789 | AB11: 303.10444 | AC11: 350.29573 | AD11: 360.33799 | AE11: 366.38358 | AF11: 369.42166 | AG11: 450.52405 | AH11: 336.48516 | AI11: 341.0961 | AJ11: 335.46549 | AK11: 328.78388 | AL11: 367.48722 | AM11: 342.85494 | AN11: 339.00492 | AO11: 343.12717 | AP11: 341.70091 | AQ11: 353.84204
B12: Home Affairs | C12: 92.715009 | D12: 101.60723 | E12: 104.78571 | F12: 107.24032 | G12: 113.37614 | H12: 110.17405 | I12: 141.72248 | J12: 114.92736 | K12: 113.82274 | L12: 111.68696 | M12: 112.68076 | N12: 131.4384 | O12: 120.55079 | P12: 115.79223 | Q12: 118.06739 | R12: 122.21499 | S12: 125.35977 | T12: 128.14102 | U12: 148.79995 | V12: 119.60818 | W12: 130.88427 | X12: 142.31241 | Y12: 158.20654 | Z12: 166.88409 | AA12: 157.42022 | AB12: 166.64054 | AC12: 156.40133 | AD12: 177.9569 | AE12: 183.26034 | AF12: 168.49718 | AG12: 274.65295 | AH12: 151.31085 | AI12: 152.7823 | AJ12: 161.06896 | AK12: 161.29909 | AL12: 178.08904 | AM12: 168.29822 | AN12: 178.39437 | AO12: 165.63842 | AP12: 171.14343 | AQ12: 173.87356
B13: Regional Development and Sport** | C13: 67.366127 | D13: 70.41122 | E13: 67.522808 | F13: 64.348335 | G13: 86.061171 | H13: 84.495294 | I13: 117.00194 | J13: 85.525956 | K13: 84.53259 | L13: 89.690396 | M13: 84.54093 | N13: 100.21731 | O13: 97.116745 | P13: 90.026323 | Q13: 89.857874 | R13: 103.58311 | S13: 94.0839 | T13: 95.906725 | U13: 115.43714 | V13: 92.085139 | W13: 92.312102 | X13: 115.93448 | Y13: 120.30868 | Z13: 122.78428 | AA13: 118.5654 | AB13: 124.99893 | AC13: 131.26184 | AD13: 134.02551 | AE13: 136.98975 | AF13: 123.50262 | AG13: 214.68414 | AH13: 121.32455 | AI13: 168.07851 | AJ13: 122.9886 | AK13: 123.15857 | AL13: 133.47388 | AM13: 210.82268 | AN13: 113.57258 | AO13: 123.71636 | AP13: 123.10824 | AQ13: 126.32762
B14: Defense | C14: 55.05837 | D14: 51.893561 | E14: 58.768475 | F14: 52.650957 | G14: 64.817895 | H14: 62.269947 | I14: 88.281721 | J14: 64.133952 | K14: 63.111935 | L14: 61.982191 | M14: 62.584776 | N14: 70.523328 | O14: 67.419312 | P14: 68.703862 | Q14: 67.021153 | R14: 65.371735 | S14: 65.728505 | T14: 69.210514 | U14: 84.693138 | V14: 66.558115 | W14: 68.709962 | X14: 79.249553 | Y14: 81.181401 | Z14: 100.56837 | AA14: 84.48639 | AB14: 89.981074 | AC14: 89.560381 | AD14: 95.109964 | AE14: 92.833188 | AF14: 89.160801 | AG14: 140.13959 | AH14: 89.606495 | AI14: 87.539365 | AJ14: 86.388919 | AK14: 87.497253 | AL14: 90.477694 | AM14: 84.640654 | AN14: 86.987567 | AO14: 90.501052 | AP14: 90.723645 | AQ14: 89.875739
B15: Foreign Affairs, International Business and International Cooperation | C15: 3.6208243 | D15: 3.2927128 | E15: 3.1619147 | F15: 2.8364992 | G15: 3.6139884 | H15: 4.1078637 | I15: 6.0096327 | J15: 4.3614998 | K15: 4.3623123 | L15: 4.0743867 | M15: 3.7327528 | N15: 4.7131477 | O15: 3.8137444 | P15: 5.4436819 | Q15: 4.1634918 | R15: 4.8874788 | S15: 4.999494 | T15: 4.8289014 | U15: 5.9232976 | V15: 5.3099462 | W15: 4.6153481 | X15: 6.2327693 | Y15: 7.8726208 | Z15: 6.1627001 | AA15: 5.787832 | AB15: 7.0337281 | AC15: 5.8496893 | AD15: 6.2451478 | AE15: 6.9473799 | AF15: 8.6073498 | AG15: 10.338204 | AH15: 6.9378558 | AI15: 6.4839376 | AJ15: 6.9982668 | AK15: 6.2322981 | AL15: 6.4860707 | AM15: 5.9218411 | AN15: 6.7321969 | AO15: 7.03253 | AP15: 7.3955903 | AQ15: 6.7300447
B16: Finance and Planning | C16: 12.714196 | D16: 11.589923 | E16: 11.823153 | F16: 11.651906 | G16: 14.40824 | H16: 14.653077 | I16: 20.206176 | J16: 18.60783 | K16: 18.061061 | L16: 17.509066 | M16: 18.992193 | N16: 19.113724 | O16: 21.001551 | P16: 28.010513 | Q16: 28.075072 | R16: 19.872968 | S16: 19.871437 | T16: 20.501747 | U16: 25.306605 | V16: 20.469774 | W16: 20.965733 | X16: 23.609269 | Y16: 25.328404 | Z16: 27.290637 | AA16: 28.716539 | AB16: 29.480566 | AC16: 31.829619 | AD16: 34.107919 | AE16: 31.696666 | AF16: 32.050769 | AG16: 44.988547 | AH16: 34.779624 | AI16: 35.781617 | AJ16: 36.333062 | AK16: 35.427291 | AL16: 32.899868 | AM16: 32.941408 | AN16: 40.87391 | AO16: 41.938068 | AP16: 42.671053 | AQ16: 46.780967
B17: Economic Affairs, Entrepeneurship and Technological Innovation | C17: 5.582413 | D17: 5.2813778 | E17: 5.1542489 | F17: 5.0686445 | G17: 6.538877 | H17: 6.5513765 | I17: 9.010221 | J17: 6.6054932 | K17: 6.4854048 | L17: 6.4461334 | M17: 6.4898161 | N17: 7.3384286 | O17: 7.3152371 | P17: 7.6486701 | Q17: 6.926515 | R17: 7.0546505 | S17: 6.896536 | T17: 7.3198388 | U17: 9.1773093 | V17: 7.3098235 | W17: 7.2431765 | X17: 8.5993523 | Y17: 9.2240063 | Z17: 9.0478829 | AA17: 8.8971542 | AB17: 9.2153153 | AC17: 9.1430865 | AD17: 9.5017114 | AE17: 9.5484922 | AF17: 8.4849203 | AG17: 15.644451 | AH17: 8.5309136 | AI17: 8.7146987 | AJ17: 8.4786081 | AK17: 8.2881559 | AL17: 9.052174 | AM17: 9.0420119 | AN17: 8.3492521 | AO17: 9.0454099 | AP17: 9.0319902 | AQ17: 8.6815166
B18: Agriculture, Animal Husbandry and Fisheries | C18: 14.315994 | D18: 12.618388 | E18: 12.314304 | F18: 13.899064 | G18: 16.049482 | H18: 16.094012 | I18: 21.559365 | J18: 16.877934 | K18: 16.721646 | L18: 16.72026 | M18: 15.22354 | N18: 18.313409 | O18: 18.490601 | P18: 18.835325 | Q18: 17.132453 | R18: 17.344379 | S18: 19.75334 | T18: 18.757521 | U18: 21.368467 | V18: 19.368653 | W18: 17.616486 | X18: 21.378557 | Y18: 23.058783 | Z18: 23.925824 | AA18: 23.625442 | AB18: 23.512688 | AC18: 23.506816 | AD18: 25.71329 | AE18: 26.221042 | AF18: 24.164466 | AG18: 41.586847 | AH18: 24.04087 | AI18: 24.44313 | AJ18: 24.657782 | AK18: 24.679672 | AL18: 25.599569 | AM18: 26.212931 | AN18: 25.793251 | AO18: 26.542432 | AP18: 28.620487 | AQ18: 28.510173
B19: Natural Resources | C19: 7.2698112 | D19: 6.4365563 | E19: 6.7487843 | F19: 6.4097018 | G19: 9.0334596 | H19: 8.8480975 | I19: 12.088142 | J19: 9.2268246 | K19: 9.3544087 | L19: 8.61366 | M19: 8.5668295 | N19: 10.124443 | O19: 10.024901 | P19: 9.2487734 | Q19: 8.9934258 | R19: 9.0672441 | S19: 9.6375466 | T19: 10.347765 | U19: 12.273985 | V19: 9.4274933 | W19: 9.602685 | X19: 11.441769 | Y19: 12.431849 | Z19: 13.95424 | AA19: 11.2776 | AB19: 11.291872 | AC19: 13.31874 | AD19: 14.25864 | AE19: 13.17189 | AF19: 12.016119 | AG19: 20.983282 | AH19: 10.927987 | AI19: 11.208911 | AJ19: 11.65049 | AK19: 12.85043 | AL19: 13.460992 | AM19: 12.886283 | AN19: 11.323774 | AO19: 12.48784 | AP19: 11.913887 | AQ19: 13.832166
B20: Labour, Employment and Youth Affairs** | C20: 5.4900826 | D20: 4.4331816 | E20: 4.4981154 | F20: 4.3900678 | G20: 6.1372946 | H20: 5.8821309 | I20: 8.1684956 | J20: 6.2788695 | K20: 5.7563062 | L20: 5.5707163 | M20: 5.7523038 | N20: 6.2939685 | O20: 6.6456295 | P20: 5.9675889 | Q20: 5.7256625 | R20: 6.0039318 | S20: 7.1938951 | T20: 6.4200334 | U20: 7.6440573 | V20: 6.1046017 | W20: 5.828035 | X20: 7.0759457 | Y20: 7.7912433 | Z20: 7.6584103 | AA20: 7.3321568 | AB20: 7.485799 | AC20: 7.5442122 | AD20: 11.443374 | AE20: 9.1650381 | AF20: 7.5269309 | AG20: 13.143118 | AH20: 6.9486481 | AI20: 7.0171348 | AJ20: 7.6551108 | AK20: 7.6018582 | AL20: 8.5391685 | AM20: 6.1958027 | AN20: 5.3775459 | AO20: 5.3797187 | AP20: 5.6815254 | AQ20: 5.4381941
B21: Social Affairs and Public Housing | C21: 24.312336 | D21: 24.477178 | E21: 21.823263 | F21: 24.312734 | G21: 30.487715 | H21: 30.115438 | I21: 43.703626 | J21: 29.850199 | K21: 30.730116 | L21: 29.565384 | M21: 29.028123 | N21: 35.99141 | O21: 35.152823 | P21: 33.997755 | Q21: 36.526173 | R21: 33.64508 | S21: 40.079404 | T21: 32.625754 | U21: 38.343612 | V21: 30.363592 | W21: 29.704291 | X21: 35.673995 | Y21: 38.385127 | Z21: 46.495494 | AA21: 36.522682 | AB21: 38.853534 | AC21: 44.334171 | AD21: 44.163821 | AE21: 44.956256 | AF21: 38.502314 | AG21: 70.757633 | AH21: 37.728033 | AI21: 37.124397 | AJ21: 36.620195 | AK21: 37.30241 | AL21: 41.327848 | AM21: 40.103401 | AN21: 36.493273 | AO21: 41.095602 | AP21: 40.831242 | AQ21: 39.725236
B22: Education, Science and Culture | C22: 143.8596 | D22: 160.35984 | E22: 168.37295 | F22: 147.27685 | G22: 181.45966 | H22: 183.495 | I22: 239.06529 | J22: 181.29985 | K22: 176.46717 | L22: 160.73164 | M22: 161.72512 | N22: 189.82144 | O22: 197.72114 | P22: 201.31824 | Q22: 188.59887 | R22: 188.00709 | S22: 182.05117 | T22: 201.50248 | U22: 233.65653 | V22: 185.89575 | W22: 200.17337 | X22: 210.69105 | Y22: 215.55944 | Z22: 217.87261 | AA22: 218.82355 | AB22: 216.41898 | AC22: 231.85234 | AD22: 321.20545 | AE22: 269.88786 | AF22: 254.03252 | AG22: 409.74159 | AH22: 259.68437 | AI22: 240.85512 | AJ22: 220.5321 | AK22: 220.21618 | AL22: 230.06766 | AM22: 228.39273 | AN22: 271.56923 | AO22: 268.96864 | AP22: 257.45459 | AQ22: 258.79325
... B29: Physical Planning and Environment** | C29: 0.42286549 | D29: 0.48835217 | E29: 0.45209437 | F29: 0.78520747 | G29: 0.5572701 | H29: 0.55979166 | I29: 0.85923381 | J29: 0.82623657 | K29: 0.83536773 | L29: 0.78298012 | M29: 0.70382732 | N29: 1.1360599 | O29: 0.86185518 | P29: 1.0738631 | Q29: 1.1527499 | R29: 0.94148716 | S29: 0.90649585 | T29: 0.92523416 | U29: 1.3463104 | V29: 0.94424742 | W29: 1.0638645 | X29: 1.1904009 | Y29: 1.1718734 | Z29: 1.4189915 | AA29: 1.5137399 | AB29: 1.4693831 | AC29: 1.4631126 | AD29: 1.5433854 | AE29: 1.9446317 | AF29: 1.6085293 | AG29: 2.5540627 | AH29: 1.9685833 | AI29: 1.8181307 | AJ29: 1.501181 | AK29: 1.4995124 | AL29: 1.6030895 | AM29: 11.853206 | AN29: 11.118795 | AO29: 11.66206 | AP29: 11.930654 | AQ29: 11.964958
B32: Source: Ministry of Finance and Planning.
B33: *Preliminary data.
B34: ** Ministries that have partly been transferred to another ministry, but the description has not yet been adjusted in the CEBUMA report.
AM44: =B11='[13]T 2.5'!C11 -> FALSE
AM45: =B12='[13]T 2.5'!C12 -> FALSE
AM46: =B13='[13]T 2.5'!C13 -> FALSE
AM47: =B14='[13]T 2.5'!C14 -> FALSE
AM48: =B15='[13]T 2.5'!C15 -> FALSE
AM49: =B16='[13]T 2.5'!C16 -> FALSE
AM50: =B17='[13]T 2.5'!C17 -> FALSE
AM51: =B18='[13]T 2.5'!C18 -> FALSE
AM52: =B19='[13]T 2.5'!C19 -> FALSE
AM53: =B20='[13]T 2.5'!C20 -> FALSE
AM54: =B21='[13]T 2.5'!C21 -> FALSE
AM55: =B22='[13]T 2.5'!C22 -> FALSE
... AM69: =B36='[13]T 2.5'!C36 -> TRUE

Sheet T 2.6
B2: Table 2.6 Suriname: Wages and salaries of civil servants by type of allowance, Jan 2023 - May 2026 (SRD million)
C5: ='T 2.7'!C5 -> 44927 | D5: ='T 2.7'!D5 -> 44958 | E5: ='T 2.7'!E5 -> 44986 | F5: ='T 2.7'!F5 -> 45017 | G5: ='T 2.7'!G5 -> 45047 | H5: ='T 2.7'!H5 -> 45078 | I5: ='T 2.7'!I5 -> 45108 | J5: ='T 2.7'!J5 -> 45139 | ... AQ5: ='T 2.7'!AQ5 -> 46143
B7: Total wages and salaries | C7: 653.27885 | D7: 672.38728 | E7: 682.41854 | F7: 654.67013 | G7: 793.53984 | H7: 794.47415 | I7: 1033.3847 | J7: 802.65874 | K7: 795.03841 | L7: 770.23483 | M7: 784.75495 | N7: 894.76066 | O7: 867.53344 | P7: 854.45951 | Q7: 835.23654 | R7: 907.8301 | S7: 889.60423 | T7: 896.2077 | U7: 1046.7901 | V7: 847.24164 | W7: 896.69015 | X7: 1002.5274 | Y7: 1064.4896 | Z7: 1122.5309 | AA7: 1093.5337 | AB7: 1132.8995 | AC7: 1199.6879 | AD7: 1342.4579 | AE7: 1300.2469 | AF7: 1234.5074 | AG7: 1885.8664 | AH7: 1187.4723 | AI7: 1218.7775 | AJ7: 1152.0129 | AK7: 1147.3497 | AL7: 1237.3881 | AM7: 1282.1168 | AN7: 1232.1404 | AO7: 1250.5904 | AP7: 1247.3993 | AQ7: 1268.6259
B9: By type of allowance:
B10: Salary | C10: 326.78302 | D10: 330.9602 | E10: 329.0441 | F10: 330.01698 | G10: 332.27606 | H10: 330.95528 | I10: 326.46325 | J10: 333.80212 | K10: 332.2524 | L10: 330.46549 | M10: 337.00663 | N10: 333.75309 | O10: 330.16409 | P10: 330.78693 | Q10: 334.41827 | R10: 333.68331 | S10: 334.18794 | T10: 344.55774 | U10: 329.96775 | V10: 335.85631 | W10: 339.3912 | X10: 434.38711 | Y10: 462.69394 | Z10: 453.29887 | AA10: 609.48283 | AB10: 640.5591 | AC10: 636.50601 | AD10: 632.29088 | AE10: 624.24101 | AF10: 627.22841 | AG10: 615.25295 | AH10: 622.23354 | AI10: 618.78255 | AJ10: 613.3649 | AK10: 612.26421 | AL10: 613.71834 | AM10: 608.72256 | AN10: 614.10247 | AO10: 609.95369 | AP10: 606.50176 | AQ10: 610.79363
B11: Child benefits | C11: 2.602092 | D11: 3.1371153 | E11: 2.5554995 | F11: 2.4986778 | G11: 2.4461845 | H11: 3.1977662 | I11: 2.2678328 | J11: 3.9907586 | K11: 4.7764445 | L11: 3.814 | M11: 5.8758892 | N11: 15.045096 | O11: 2.9296875 | P11: 3.3362708 | Q11: 2.5913958 | R11: 1.855475 | S11: 2.2520333 | T11: 2.3090833 | U11: 1.8082 | V11: 3.084351 | W11: 3.532225 | X11: 4.1116542 | Y11: 4.8058292 | Z11: 15.788146 | AA11: 3.2715925 | AB11: 2.309455 | AC11: 1.9888873 | AD11: 2.724853 | AE11: 2.9055661 | AF11: 2.6232846 | AG11: 2.1307084 | AH11: 3.3301435 | AI11: 4.0682287 | AJ11: 4.3177849 | AK11: 5.8250653 | AL11: 18.758975 | AM11: 3.060908 | AN11: 0.72835949 | AO11: 0.37195449 | AP11: 0.39460169 | AQ11: 0.40223852
B12: Representation allowances | C12: 3.9679854 | D12: 4.2478696 | E12: 4.1841301 | F12: 4.3395397 | G12: 3.7823152 | H12: 4.0913823 | I12: 3.7256932 | J12: 4.0535583 | K12: 3.9253418 | L12: 4.1696067 | M12: 3.9236551 | N12: 3.9831381 | O12: 4.066514 | P12: 4.6373611 | Q12: 4.2741838 | R12: 6.2719847 | S12: 7.061119 | T12: 7.2817298 | U12: 5.2659308 | V12: 5.1994315 | W12: 5.1725532 | X12: 7.5667023 | Y12: 7.9240233 | Z12: 8.3722039 | AA12: 11.42672 | AB12: 11.931217 | AC12: 11.64223 | AD12: 12.656498 | AE12: 12.26023 | AF12: 13.175309 | AG12: 9.6262985 | AH12: 11.086779 | AI12: 13.868477 | AJ12: 11.597394 | AK12: 11.717249 | AL12: 1.3226473 | AM12: 12.036321 | AN12: 11.897053 | AO12: 11.771359 | AP12: 12.281744 | AQ12: 11.957116
B13: Premium | C13: 1.257869 | D13: 2.2929861 | E13: 1.3804312 | F13: 1.4495117 | G13: 1.3910486 | H13: 1.3850963 | I13: 1.4133813 | J13: 1.3659409 | K13: 1.4578428 | L13: 1.4340526 | M13: 1.3529922 | N13: 1.3733421 | O13: 1.3766054 | P13: 1.3958234 | Q13: 1.3624994 | R13: 1.3513304 | S13: 1.3710154 | T13: 1.3504992 | U13: 1.3419488 | V13: 1.3973345 | W13: 1.3244902 | X13: 1.3152443 | Y13: 1.7188785 | Z13: 1.7478409 | AA13: 1.6892783 | AB13: 3.040267 | AC13: 2.1377229 | AD13: 2.1458387 | AE13: 2.139 | AF13: 2.1223548 | AG13: 2.1157549 | AH13: 2.1171552 | AI13: 2.1074105 | AJ13: 2.1448448 | AK13: 2.101571 | AL13: 2.0934128 | AM13: 2.2663246 | AN13: 2.2277263 | AO13: 2.2267859 | AP13: 0.00010008 | AQ13: 2.2545104
B14: Vacation allowances | C14: 37.141463 | D14: 3.2921559 | E14: 1.4035601 | F14: 1.1252355 | G14: 1.8298746 | H14: 1.4028415 | I14: 404.44732 | J14: 2.2824348 | K14: 1.6116418 | L14: 1.173042 | M14: 1.5069981 | N14: 1.4816453 | O14: 1.0412993 | P14: 0.84451447 | Q14: 1.0175205 | R14: 0.97034581 | S14: 4.0997614 | T14: 1.3654783 | U14: 395.14706 | V14: 1.2570337 | W14: 2.9787733 | X14: 0.77535999 | Y14: 1.1610296 | Z14: 32.01615 | AA14: 0.75569801 | AB14: 1.0544105 | AC14: 1.0464601 | AD14: 1.7733536 | AE14: 2.218142 | AF14: 3.2137076 | AG14: 708.70105 | AH14: 4.7613392 | AI14: 2.1365216 | AJ14: 1.3147037 | AK14: 1.5063151 | AL14: 1.4736894 | AM14: 0.78263823 | AN14: 1.5619531 | AO14: 0.96822862 | AP14: 0.00575779 | AQ14: 0.99682408
B15: Special allowances | C15: 3.948305 | D15: 3.9167499 | E15: 9.90101 | F15: 5.8545467 | G15: 5.82906 | H15: 5.7736833 | I15: 5.7518833 | J15: 5.8483262 | K15: 5.8032047 | L15: 5.6999314 | M15: 5.662998 | N15: 5.5718913 | O15: 5.5603667 | P15: 5.5437447 | Q15: 5.5945713 | R15: 5.498896 | S15: 5.5133913 | T15: 5.4858247 | U15: 5.4265597 | V15: 5.335398 | W15: 5.4910907 | X15: 5.336088 | Y15: 5.6141633 | Z15: 5.2395417 | AA15: 5.2479113 | AB15: 5.2544847 | AC15: 5.193258 | AD15: 5.2884313 | AE15: 5.0997447 | AF15: 5.1097113 | AG15: 5.0415713 | AH15: 5.1850747 | AI15: 5.0533647 | AJ15: 5.1804245 | AK15: 5.056258 | AL15: 5.0008047 | AM15: 4.9888513 | AN15: 5.0116347 | AO15: 5.042958 | AP15: 4.9240047 | AQ15: 4.9341147
B16: Overtime | C16: 82.4566 | D16: 87.390455 | E16: 84.385893 | F16: 83.183276 | G16: 88.170525 | H16: 99.237624 | I16: 89.373198 | J16: 91.544222 | K16: 94.073598 | L16: 87.497391 | M16: 89.12887 | N16: 95.39186 | O16: 82.34349 | P16: 82.938335 | Q16: 75.426729 | R16: 80.054709 | S16: 84.941017 | T16: 81.807202 | U16: 76.603134 | V16: 81.322524 | W16: 82.325122 | X16: 74.452617 | Y16: 92.890718 | Z16: 94.060881 | AA16: 91.622232 | AB16: 92.796987 | AC16: 148.50586 | AD16: 150.05576 | AE16: 148.31121 | AF16: 145.49741 | AG16: 149.96049 | AH16: 137.78873 | AI16: 134.33172 | AJ16: 142.55371 | AK16: 135.69566 | AL16: 147.552 | AM16: 142.34207 | AN16: 154.41232 | AO16: 146.98431 | AP16: 150.11934 | AQ16: 149.86528
B17: Reward | C17: 1.1909306 | D17: 2.9823692 | E17: 1.6306337 | F17: 2.4488989 | G17: 1.762008 | H17: 2.0024502 | I17: 0.87091953 | J17: 6.4666388 | K17: 2.3158204 | L17: 2.2531816 | M17: 2.0572792 | N17: 3.7411782 | O17: 1.3254444 | P17: 1.9159698 | Q17: 1.3885507 | R17: 1.4096659 | S17: 2.038051 | T17: 2.6228558 | U17: 1.2757008 | V17: 1.7533274 | W17: 2.3546817 | X17: 4.2753703 | Y17: 2.3534295 | Z17: 3.1869307 | AA17: 2.4816153 | AB17: 1.2097163 | AC17: 4.0402708 | AD17: 4.0469021 | AE17: 9.45683 | AF17: 5.0601131 | AG17: 2.2707519 | AH17: 3.2256509 | AI17: 3.8603219 | AJ17: 3.4139772 | AK17: 4.3708667 | AL17: 10.523099 | AM17: 0.03266 | AN17: 0 | AO17: 0 | AP17: 0.0518595 | AQ17: 0.195
B18: S.Z.F. employers contribution | C18: 40.551254 | D18: 40.847136 | E18: 41.266522 | F18: 39.517662 | G18: 52.570758 | H18: 53.652513 | I18: 74.567915 | J18: 53.058249 | K18: 52.743687 | L18: 51.149457 | M18: 52.10484 | N18: 61.25459 | O18: 59.257395 | P18: 57.282497 | Q18: 56.089996 | R18: 62.066241 | S18: 60.414696 | T18: 59.692315 | U18: 75.221742 | V18: 57.179466 | W18: 61.784671 | X18: 66.355564 | Y18: 70.025459 | Z18: 75.123071 | AA18: 65.931003 | AB18: 67.438132 | AC18: 73.728519 | AD18: 84.296234 | AE18: 81.33352 | AF18: 75.526193 | AG18: 134.49707 | AH18: 73.496153 | AI18: 72.048648 | AJ18: 70.626088 | AK18: 70.073032 | AL18: 77.798342 | AM18: 73.735597 | AN18: 75.521354 | AO18: 79.18705 | AP18: 79.001909 | AQ18: 80.100808
B19: Pension employers contribution | C19: 15.544466 | D19: 15.787712 | E19: 15.97697 | F19: 15.926066 | G19: 15.900972 | H19: 15.811829 | I19: 15.649806 | J19: 15.985495 | K19: 16.012941 | L19: 16.091538 | M19: 16.32258 | N19: 16.069674 | O19: 16.245747 | P19: 16.111128 | Q19: 16.21926 | R19: 16.738185 | S19: 16.687987 | T19: 17.096462 | U19: 16.182972 | V19: 16.540878 | W19: 17.384274 | X19: 21.466157 | Y19: 22.91434 | Z19: 22.5639 | AA19: 30.048309 | AB19: 31.421985 | AC19: 31.653317 | AD19: 31.274095 | AE19: 30.786768 | AF19: 31.019164 | AG19: 30.426776 | AH19: 31.524252 | AI19: 30.727625 | AJ19: 30.407594 | AK19: 30.374079 | AL19: 30.517287 | AM19: 30.443938 | AN19: 30.88373 | AO19: 30.62261 | AP19: 30.56761 | AQ19: 30.75528
B20: Tax credit | C20: 0.00221492 | D20: 0.00146492 | E20: 0.00315993 | F20: 0.00521492 | G20: 0.00796492 | H20: 0.00146492 | I20: 0.00146492 | J20: 0.00212323 | K20: 0.00189992 | L20: 0.00146492 | M20: 0.03208492 | N20: 0.00174882 | O20: 0.00146492 | P20: 0.00146492 | Q20: 0.00146492 | R20: 0.00146492 | S20: 0.00146492 | T20: 0.00133992 | U20: 0.00133992 | V20: 0.00133992 | W20: 0.00133992 | X20: 0.00208992 | Y20: 0.02383992 | Z20: 0.00283992 | AA20: 0.00133992 | AB20: 0.00133992 | AC20: 0.00058992 | AD20: 0.00058992 | AE20: 0.00058992 | AF20: 0.00358992 | AG20: 0.00058992 | AH20: 0.00058992 | AI20: 0.00058992 | AJ20: 0.00058992 | AK20: 0.00058992 | AL20: 0.00058992 | AM20: 0.00066075 | AN20: 0.00041075 | AO20: 0.00041075 | AP20: 0.00041075 | AQ20: 0
B21: Purchasing power compensation | C21: 0.96427667 | D21: 0.86777667 | E21: 0.83347667 | F21: 0.76055 | G21: 134.53589 | H21: 135.02002 | I21: 1.4018167 | J21: 135.51138 | K21: 135.65587 | L21: 134.27395 | M21: 133.40652 | N21: 222.45418 | O21: 228.81135 | P21: 186.93733 | Q21: 183.7019 | R21: 186.72788 | S21: 181.70159 | T21: 185.09775 | U21: 2.2415804 | V21: 179.28363 | W21: 183.10149 | X21: 181.22388 | Y21: 181.80201 | Z21: 181.57948 | AA21: 2.0610034 | AB21: 1.7536867 | AC21: 3.0254449 | AD21: 2.18002 | AE21: 4.25605 | AF21: 2.4614913 | AG21: 1.4069917 | AH21: 2.4088917 | AI21: 2.229475 | AJ21: 1.485975 | AK21: 1.289475 | AL21: 1.159625 | AM21: 1.094375 | AN21: 1.087375 | AO21: 57.792575 | AP21: 58.440025 | AQ21: 59.531675
... B28: Other | C28: 1.5064809 | D28: 23.96356 | E28: 33.893335 | F28: 18.894397 | G28: 12.238401 | H28: 3.5100612 | I28: -23.073294 | J28: 10.538816 | K28: 9.3842967 | L28: 0.5225265 | M28: 4.2829378 | N28: 3.1925063 | O28: 2.4241917 | P28: 32.614565 | Q28: 27.483492 | R28: 79.823744 | S28: 44.522963 | T28: 51.614293 | U28: 6.6351659 | V28: 35.001198 | W28: 66.101106 | X28: 42.608042 | Y28: 52.882706 | Z28: 72.583802 | AA28: 75.914428 | AB28: 81.5296 | AC28: 84.476497 | AD28: 207.78227 | AE28: 181.59499 | AF28: 118.54494 | AG28: 29.012103 | AH28: 107.95304 | AI28: 143.45103 | AJ28: 81.565509 | AK28: 84.012706 | AL28: 144.92716 | AM28: 219.70416 | AN28: 137.34933 | AO28: 97.199011 | AP28: 121.92355 | AQ28: 110.20114
B31: Source: Ministry of Finance and Planning.
B32: *Preliminary data.
B33: 1Employment contract
B34: 2Temporary appointment

Sheet T 2.7
B2: Table 2.7 Suriname: Deductions to wages and salaries, Jan 2023 - May 2026 (SRD million)
C5: ='T 2.8'!C5 -> 44927 | D5: ='T 2.8'!D5 -> 44958 | E5: ='T 2.8'!E5 -> 44986 | F5: ='T 2.8'!F5 -> 45017 | G5: ='T 2.8'!G5 -> 45047 | H5: ='T 2.8'!H5 -> 45078 | I5: ='T 2.8'!I5 -> 45108 | J5: ='T 2.8'!J5 -> 45139 | ... AQ5: ='T 2.8'!AQ5 -> 46143
B7: Total deductions | C7: 220.14299 | D7: 232.98869 | E7: 236.81127 | F7: 228.77155 | G7: 246.99793 | H7: 248.3178 | I7: 269.48528 | J7: 247.70537 | K7: 248.05454 | L7: 241.64812 | M7: 249.7187 | N7: 272.10937 | O7: 236.40999 | P7: 242.37588 | Q7: 236.01939 | R7: 251.97782 | S7: 259.1748 | T7: 257.75238 | U7: 263.73415 | V7: 243.92817 | W7: 255.36891 | X7: 299.08058 | Y7: 317.97112 | Z7: 326.83669 | AA7: 381.85837 | AB7: 399.90643 | AC7: 424.58958 | AD7: 452.51312 | AE7: 439.71561 | AF7: 444.91105 | AG7: 490.98387 | AH7: 424.87901 | AI7: 424.12314 | AJ7: 417.04207 | AK7: 417.57589 | AL7: 432.66375 | AM7: 425.3044 | AN7: 462.43869 | AO7: 438.09887 | AP7: 436.48299 | AQ7: 444.66309
B9: Wage tax | C9: 42.358656 | D9: 50.099962 | E9: 51.795443 | F9: 46.547384 | G9: 51.103558 | H9: 50.159462 | I9: 51.050253 | J9: 48.856581 | K9: 48.350634 | L9: 43.288301 | M9: 49.465903 | N9: 50.749594 | O9: 28.848495 | P9: 35.518383 | Q9: 31.03856 | R9: 35.713703 | S9: 46.064653 | T9: 41.455456 | U9: 37.847984 | V9: 35.33825 | W9: 37.779513 | X9: 52.983318 | Y9: 59.839032 | Z9: 62.677456 | AA9: 87.325449 | AB9: 95.059112 | AC9: 107.86321 | AD9: 122.19894 | AE9: 113.84353 | AF9: 115.20332 | AG9: 110.80032 | AH9: 101.08517 | AI9: 101.05913 | AJ9: 97.427466 | AK9: 97.580532 | AL9: 102.33888 | AM9: 97.820406 | AN9: 112.88683 | AO9: 102.99323 | AP9: 101.28851 | AQ9: 106.8837
B10: Pension employee contribution | C10: 31.08892 | D10: 31.575411 | E10: 31.953927 | F10: 31.851511 | G10: 31.801321 | H10: 31.623645 | I10: 31.2996 | J10: 31.970977 | K10: 32.025869 | L10: 32.183062 | M10: 32.645144 | N10: 32.139334 | O10: 32.491481 | P10: 32.222244 | Q10: 32.438508 | R10: 33.476356 | S10: 33.37596 | T10: 34.192909 | U10: 32.365929 | V10: 33.081741 | W10: 34.768532 | X10: 42.9323 | Y10: 45.828664 | Z10: 45.127784 | AA10: 60.094882 | AB10: 62.843955 | AC10: 63.306618 | AD10: 62.548175 | AE10: 61.573519 | AF10: 62.038313 | AG10: 60.853536 | AH10: 63.048487 | AI10: 61.455234 | AJ10: 60.815171 | AK10: 60.748142 | AL10: 61.034558 | AM10: 30.443938 | AN10: 30.88373 | AO10: 30.62261 | AP10: 30.56761 | AQ10: 30.754724
B11: Pension premium purchase | C11: 0.03802032 | D11: 0.03914789 | E11: 0.36999239 | F11: 0.20917863 | G11: 0.16955754 | H11: 0.24173665 | I11: 0.31214421 | J11: 0.07763623 | K11: 0.07556943 | L11: 0.23424651 | M11: 0.24132534 | N11: 0.14525147 | O11: 0.26874332 | P11: 0.46769737 | Q11: 0.07125477 | R11: 0.03252538 | S11: 0.28268037 | T11: 0.19693125 | U11: 0.4345328 | V11: 0.10164466 | W11: 0.10868107 | X11: 0.17367675 | Y11: 0.03102597 | Z11: 0.03031439 | AA11: 0.02985088 | AB11: 0.20536389 | AC11: 0.03729842 | AD11: 0.41780396 | AE11: 0.03585186 | AF11: 0.13967046 | AG11: 0.0517342 | AH11: 0.05023405 | AI11: 0.03058026 | AJ11: 0.02942806 | AK11: 0.02835413 | AL11: 0.04457297 | AM11: 0.11269895 | AN11: 0.03579405 | AO11: 0.03891197 | AP11: 0.03252406 | AQ11: 0.03860451
B12: Savings pension contribution | C12: 13.141698 | D12: 13.550591 | E12: 13.747454 | F12: 13.186164 | G12: 13.043644 | H12: 13.12256 | I12: 13.007977 | J12: 12.951789 | K12: 12.836486 | L12: 12.848602 | M12: 12.055536 | N12: 11.969293 | O12: 12.496858 | P12: 12.231796 | Q12: 11.745183 | R12: 12.709869 | S12: 11.842431 | T12: 11.709728 | U12: 10.98503 | V12: 10.788769 | W12: 10.960291 | X12: 13.473923 | Y12: 13.598625 | Z12: 13.216669 | AA12: 17.764168 | AB12: 17.688485 | AC12: 18.34718 | AD12: 18.460771 | AE12: 17.755145 | AF12: 18.257829 | AG12: 16.993261 | AH12: 17.337123 | AI12: 16.908447 | AJ12: 16.513642 | AK12: 16.256916 | AL12: 16.099758 | AM12: 16.162992 | AN12: 16.560529 | AO12: 15.869218 | AP12: 15.61525 | AQ12: 15.210829
B13: S.Z.F. employee contribution | C13: 14.311271 | D13: 14.522005 | E13: 14.626457 | F13: 14.537643 | G13: 14.407847 | H13: 14.411681 | I13: 14.271747 | J13: 14.521022 | K13: 14.440906 | L13: 14.325446 | M13: 14.248197 | N13: 14.270012 | O13: 14.325831 | P13: 14.263675 | Q13: 14.154073 | R13: 14.385577 | S13: 14.137728 | T13: 14.577837 | U13: 13.813457 | V13: 13.816871 | W13: 13.693462 | X13: 17.698874 | Y13: 18.719611 | Z13: 18.273537 | AA13: 24.705152 | AB13: 25.833425 | AC13: 26.020013 | AD13: 25.619263 | AE13: 25.281252 | AF13: 25.526489 | AG13: 24.908324 | AH13: 24.966122 | AI13: 24.904986 | AJ13: 24.4876 | AK13: 24.486746 | AL13: 24.341517 | AM13: 24.402285 | AN13: 24.708971 | AO13: 24.386489 | AP13: 24.23527 | AQ13: 24.135926
B14: Old age contribution | C14: 21.039844 | D14: 22.95599 | E14: 23.374068 | F14: 22.488308 | G14: 22.677748 | H14: 22.830045 | I14: 22.179244 | J14: 22.462562 | K14: 22.466838 | L14: 21.436412 | M14: 22.020643 | N14: 22.403151 | O14: 21.15219 | P14: 22.245781 | Q14: 21.613015 | R14: 23.681549 | S14: 23.380755 | T14: 23.399158 | U14: 22.23083 | V14: 22.113633 | W14: 22.835271 | X14: 27.096896 | Y14: 28.925989 | Z14: 29.34396 | AA14: 35.504421 | AB14: 36.819549 | AC14: 39.061327 | AD14: 41.261453 | AE14: 39.68171 | AF14: 39.832086 | AG14: 39.622799 | AH14: 38.377361 | AI14: 39.29076 | AJ14: 37.668115 | AK14: 37.38524 | AL14: 37.966422 | AM14: 38.874714 | AN14: 40.52855 | AO14: 38.343798 | AP14: 37.965696 | AQ14: 38.681662
B15: S.Z.F. employer contribution | C15: 40.551254 | D15: 40.847136 | E15: 41.266522 | F15: 39.517278 | G15: 52.570374 | H15: 53.652513 | I15: 74.567915 | J15: 53.058249 | K15: 52.743687 | L15: 51.149457 | M15: 52.10484 | N15: 61.25459 | O15: 59.257395 | P15: 57.282497 | Q15: 56.089996 | R15: 62.066241 | S15: 60.414696 | T15: 59.692315 | U15: 75.221742 | V15: 57.179466 | W15: 61.784671 | X15: 66.355564 | Y15: 70.025459 | Z15: 75.123071 | AA15: 65.931003 | AB15: 67.438132 | AC15: 73.728519 | AD15: 84.296234 | AE15: 81.33352 | AF15: 75.526193 | AG15: 0.00862143 | AH15: 0.00861143 | AI15: 0.00955393 | AJ15: 70.626088 | AK15: 70.073032 | AL15: 77.798342 | AM15: 73.735597 | AN15: 75.521354 | AO15: 79.18705 | AP15: 79.001909 | AQ15: 80.100808
B16: Pension employer contribution | C16: 15.544466 | D16: 15.787712 | E16: 15.97697 | F16: 15.925761 | G16: 15.900667 | H16: 15.811829 | I16: 15.649806 | J16: 15.985495 | K16: 16.012941 | L16: 16.091538 | M16: 16.32258 | N16: 16.069674 | O16: 16.245747 | P16: 16.111128 | Q16: 16.21926 | R16: 16.738185 | S16: 16.687987 | T16: 17.096462 | U16: 16.182972 | V16: 16.540878 | W16: 17.384274 | X16: 21.466157 | Y16: 22.91434 | Z16: 22.5639 | AA16: 30.048309 | AB16: 31.421985 | AC16: 31.653317 | AD16: 31.274095 | AE16: 30.786768 | AF16: 31.019164 | AG16: 134.49707 | AH16: 73.496153 | AI16: 72.048648 | AJ16: 30.407594 | AK16: 30.374079 | AL16: 30.517287 | AM16: 30.443938 | AN16: 30.88373 | AO16: 30.62261 | AP16: 30.56761 | AQ16: 30.754724
B17: Other (including "by third parties") | C17: 42.068861 | D17: 43.610741 | E17: 43.700432 | F17: 44.508328 | G17: 45.323211 | H17: 46.464324 | I17: 47.146593 | J17: 47.82106 | K17: 49.101607 | L17: 50.091055 | M17: 50.614529 | N17: 63.10847 | O17: 51.323252 | P17: 52.032678 | Q17: 52.649539 | R17: 53.173818 | S17: 52.987911 | T17: 55.431587 | U17: 54.651673 | V17: 54.966919 | W17: 56.054214 | X17: 56.899871 | Y17: 58.088379 | Z17: 60.479995 | AA17: 60.455136 | AB17: 62.596424 | AC17: 64.57209 | AD17: 66.436375 | AE17: 69.424322 | AF17: 77.367987 | AG17: 103.2482 | AH17: 106.50975 | AI17: 108.4158 | AJ17: 79.06697 | AK17: 80.642851 | AL17: 82.522414 | AM17: 113.30783 | AN17: 130.4292 | AO17: 116.03496 | AP17: 117.20861 | AQ17: 118.10211
B20: Source: Ministry of Finance and Planning.
B21: *Preliminary data.

Sheet T 2.8
B2: Table 2.8 Suriname: Subsidies and transfers, Jan 2023 - May 2026 (SRD million)
C5: ='T 2.9'!C5 -> 44927 | D5: ='T 2.9'!D5 -> 44958 | E5: ='T 2.9'!E5 -> 44986 | F5: ='T 2.9'!F5 -> 45017 | G5: ='T 2.9'!G5 -> 45047 | H5: ='T 2.9'!H5 -> 45078 | I5: ='T 2.9'!I5 -> 45108 | J5: ='T 2.9'!J5 -> 45139 | ... AQ5: ='T 2.9'!AQ5 -> 46143
B7: Total subsidies and transfers | C7: 949.94613 | D7: 807.28369 | E7: 967.11697 | F7: 1002.1103 | G7: 1089.4572 | H7: 966.65624 | I7: 1178.3048 | J7: 1475.6812 | K7: 1344.8231 | L7: 1364.4684 | M7: 1452.0074 | N7: 1652.7315 | O7: 1539.9508 | P7: 1475.5813 | Q7: 1434.2264 | R7: 1434.2385 | S7: 1550.2472 | T7: 1507.4904 | U7: 1221.1681 | V7: 901.67049 | W7: 1292.4199 | X7: 1274.4124 | Y7: 1434.4698 | Z7: 1178.3864 | AA7: 11022.605 | AB7: 1367.5772 | AC7: 1451.2008 | AD7: 1572.2021 | AE7: 1896.0245 | AF7: 1500.4546 | AG7: 1830.0547 | AH7: 1605.874 | AI7: 1453.6524 | AJ7: 1775.8775 | AK7: 1651.3685 | AL7: 1699.6336 | AM7: 1722.4976 | AN7: 1699.6483 | AO7: 2003.0244 | AP7: 2408.7326 | AQ7: 2073.0299
B9: Ministry of Agriculture, Animal Husbandry and Fisheries | C9: 4.8773917 | D9: 3.7339598 | E9: 3.8350412 | F9: 5.227342 | G9: 4.1310936 | H9: 6.7253473 | I9: 8.4274922 | J9: 6.4488742 | K9: 9.3488742 | L9: 6.7501065 | M9: 6.1373622 | N9: 4.7822359 | O9: 5.8062729 | P9: 5.3007106 | Q9: 7.8749073 | R9: 4.7745777 | S9: 9.3793911 | T9: 5.2652022 | U9: 4.2231685 | V9: 5.62342 | W9: 5.1998005 | X9: 5.2127347 | Y9: 4.2316432 | Z9: 5.5332241 | AA9: 7.6428527 | AB9: 3.9044727 | AC9: 5.6172457 | AD9: 11.632353 | AE9: 4.7221886 | AF9: 8.5114801 | AG9: 6.0600682 | AH9: 5.84861 | AI9: 3.8695757 | AJ9: 10.402732 | AK9: 8.9712315 | AL9: 15.718995 | AM9: 5.3160765 | AN9: 5.6060173 | AO9: 4.9552885 | AP9: 7.4967271 | AQ9: 4.7046659
B10: National Rice Research Institute (SNRI) | C10: 0.515646 | D10: 0.74378 | E10: 0.865 | F10: 0.615 | G10: 0.6305 | H10: 1.155 | I10: 0.799 | J10: 0.79 | K10: 1.69 | L10: 1.0502443 | M10: 0.79 | N10: 0.615 | O10: 1.979548 | P10: 0.93601949 | Q10: 1.1748734 | R10: 0.93601949 | S10: 0.93601949 | T10: 1.5209449 | U10: 0.72761949 | V10: 1.670589 | W10: 0.97261949 | X10: 1.1585974 | Y10: 1.0966974 | Z10: 1.7946669 | AA10: 1.295414 | AB10: 1.301814 | AC10: 1.505414 | AD10: 1.268792 | AE10: 1.478792 | AF10: 3.1973819 | AG10: 1.266917 | AH10: 1.266917 | AI10: 1.266917 | AJ10: 1.273867 | AK10: 1.342367 | AL10: 1.9486533 | AM10: 1.9765013 | AN10: 1.9569494 | AO10: 1.581715 | AP10: 2.621251 | AQ10: 1.366715
B11: OWMCP | C11: 0.2590867 | D11: 0 | E11: 0 | F11: 0 | G11: 0 | H11: 0 | I11: 0 | J11: 0 | K11: 0 | L11: 0 | M11: 0 | N11: 0 | O11: 0 | P11: 0 | Q11: 0 | R11: 0 | S11: 0 | T11: 0 | U11: 0 | V11: 0 | W11: 0 | X11: 0 | Y11: 0 | Z11: 0 | AA11: 0 | AB11: 0 | AC11: 0 | AD11: 0 | AE11: 0 | AF11: 0 | AG11: 0 | AH11: 0 | AI11: 0 | AJ11: 0 | AK11: 0 | AL11: 0 | AM11: 0 | AN11: 0.34349092 | AO11: 0 | AP11: 0 | AQ11: 0
B12: Melkcentrale N.V. | C12: 1.5 | D12: 0.38752085 | E12: 0.36738222 | F12: 0.30621555 | G12: 0.33011237 | H12: 1.0938851 | I12: 4.0258335 | J12: 0.30621555 | K12: 3.3062155 | L12: 0.34720348 | M12: 0.34720348 | N12: 0.67103575 | O12: 0.40605279 | P12: 0 | Q12: 0.51255279 | R12: 0.41788612 | S12: 0.50389252 | T12: 1.1295662 | U12: 0.89289032 | V12: 0.54419132 | W12: 0.81854132 | X12: 0.55793711 | Y12: 0.53228711 | Z12: 1.1358985 | AA12: 3.74478 | AB12: 0 | AC12: 0.80403004 | AD12: 2.1407379 | AE12: 0.64073793 | AF12: 2.7114395 | AG12: 2.1904926 | AH12: 1.9790343 | AI12: 0 | AJ12: 6.5262059 | AK12: 5.0262059 | AL12: 10.167683 | AM12: 0.73691656 | AN12: 0.70291834 | AO12: 0.77091479 | AP12: 0.73529223 | AQ12: 0.73529223
B13: Alliance | C13: 0 | D13: 0 | E13: 0 | F13: 0 | G13: 0 | H13: 0 | I13: 0 | J13: 0 | K13: 0 | L13: 0 | M13: 0.6475 | N13: 0 | O13: 0 | P13: 0 | Q13: 0 | R13: 0 | S13: 0 | T13: 0 | U13: 0 | V13: 0 | W13: 0 | X13: 0 | Y13: 0 | Z13: 0 | AA13: 0 | AB13: 0 | AC13: 0.705143 | AD13: 0 | AE13: 0 | AF13: 0 | AG13: 0 | AH13: 0 | AI13: 0 | AJ13: 0 | AK13: 0 | AL13: 0 | AM13: 0 | AN13: 0 | AO13: 0 | AP13: 0 | AQ13: 0
B14: FAI | C14: 2.602659 | D14: 2.602659 | E14: 2.602659 | F14: 4.3061264 | G14: 3.1704813 | H14: 4.4764622 | I14: 3.6026587 | J14: 5.3526587 | K14: 4.3526587 | L14: 5.3526587 | M14: 4.3526587 | N14: 3.4962002 | O14: 3.4206721 | P14: 4.3646911 | Q14: 6.1874811 | R14: 3.4206721 | S14: 7.9394791 | T14: 2.6146911 | U14: 2.6026587 | V14: 3.4086397 | W14: 3.4086397 | X14: 3.4962002 | Y14: 2.6026587 | Z14: 2.6026587 | AA14: 2.6026587 | AB14: 2.6026587 | AC14: 2.6026587 | AD14: 8.2228227 | AE14: 2.6026587 | AF14: 2.6026587 | AG14: 2.6026587 | AH14: 2.6026587 | AI14: 2.6026587 | AJ14: 2.6026587 | AK14: 2.6026587 | AL14: 3.6026587 | AM14: 2.6026587 | AN14: 2.6026587 | AO14: 2.6026587 | AP14: 4.1401838 | AQ14: 2.6026587
B15: Other
B17: Ministry of Natural Resources | C17: 323.91446 | D17: 205.47103 | E17: 304.18333 | F17: 379.91694 | G17: 402.02011 | H17: 275.37273 | I17: 441.24619 | J17: 374.74687 | K17: 408.47001 | L17: 470.86919 | M17: 557.16575 | N17: 588.34405 | O17: 353.28831 | P17: 391.66527 | Q17: 444.70611 | R17: 418.05037 | S17: 402.25135 | T17: 372.98843 | U17: 148.11843 | V17: -60.460814 | W17: 128.86507 | X17: 315.55927 | Y17: 299.58149 | Z17: 259.96538 | AA17: 393.35477 | AB17: 361.76814 | AC17: 291.56819 | AD17: 279.99095 | AE17: 337.51893 | AF17: 335.33244 | AG17: 373.90955 | AH17: 368.36565 | AI17: 387.40425 | AJ17: 397.08436 | AK17: 362.08819 | AL17: 387.28514 | AM17: 374.19773 | AN17: 358.86473 | AO17: 386.79884 | AP17: 484.527 | AQ17: 446.24518
B18: Ordening of gold sector | C18: 0 | D18: 0 | E18: 0.24 | F18: 0.51670446 | G18: 0.24 | H18: 0 | I18: 0.36868912 | J18: 0.3007 | K18: 0.270248 | L18: 0 | M18: 0 | N18: 0 | O18: 0.33331075 | P18: 0.410454 | Q18: 0.417604 | R18: 0 | S18: 0.36114725 | T18: 0.479824 | U18: 0.672196 | V18: 0.46446825 | W18: 0.595723 | X18: 0 | Y18: 0.58999 | Z18: 0.46307225 | AA18: 0 | AB18: 0 | AC18: 0 | AD18: 0 | AE18: 0 | AF18: 0 | AG18: 0 | AH18: 0 | AI18: 0 | AJ18: 0 | AK18: 0 | AL18: 0 | AM18: 0 | AN18: 0 | AO18: 0 | AP18: 0 | AQ18: 0
B19: Bauxite Institute Suriname (BIS) | C19: 0.190232 | D19: 0 | E19: 0 | F19: 0.168985 | G19: 0.170985 | H19: 0.200986 | I19: 0.282625 | J19: 0 | K19: 0 | L19: 0 | M19: 0.202485 | N19: 0 | O19: 0 | P19: 0 | Q19: 0 | R19: 0 | S19: 0.281247 | T19: 0.260178 | U19: 0 | V19: 0 | W19: 0 | X19: 0.30929528 | Y19: 0 | Z19: 0.294848 | AA19: 0.302188 | AB19: 0.28157 | AC19: 0.52061 | AD19: 0.28807 | AE19: 0.31807 | AF19: 0 | AG19: 0.39732 | AH19: 0 | AI19: 0.28807 | AJ19: 0 | AK19: 0.28807 | AL19: 0.36299 | AM19: 0.28807 | AN19: 0 | AO19: 0.28807 | AP19: 0 | AQ19: 0
B20: Subsidies to EBS related to settlements | C20: 314.41713 | D20: 199.30163 | E20: 295.63274 | F20: 374.94912 | G20: 390.7926 | H20: 265.06345 | I20: 430.03322 | J20: 359.7161 | K20: 397.09615 | L20: 461.91991 | M20: 543.64193 | N20: 573.60672 | O20: 342.36023 | P20: 383.50643 | Q20: 437.95885 | R20: 397.28129 | S20: 390.47014 | T20: 361.4217 | U20: 139.14769 | V20: -69.862831 | W20: 118.04046 | X20: 303.91015 | Y20: 284.44405 | Z20: 248.40083 | AA20: 377.80277 | AB20: 352.20745 | AC20: 276.67137 | AD20: 265.14685 | AE20: 324.29924 | AF20: 320.69525 | AG20: 359.79158 | AH20: 355.63155 | AI20: 372.66826 | AJ20: 385.00769 | AK20: 351.65405 | AL20: 372.07833 | AM20: 360.79361 | AN20: 344.75368 | AO20: 373.65833 | AP20: 469.66807 | AQ20: 431.25117
B21: Oil distribution to ministeries related to settlements | C21: 9.3071002 | D21: 6.1693947 | E21: 8.3105942 | F21: 4.28213 | G21: 10.816518 | H21: 10.108293 | I21: 10.561662 | J21: 14.73007 | K21: 11.103612 | L21: 8.9492834 | M21: 13.321333 | N21: 14.737328 | O21: 10.594771 | P21: 7.748392 | Q21: 6.3296513 | R21: 20.769083 | S21: 11.13882 | T21: 10.82673 | U21: 8.2985498 | V21: 8.9375495 | W21: 10.228889 | X21: 11.339824 | Y21: 14.547446 | Z21: 10.806631 | AA21: 15.249803 | AB21: 9.2791209 | AC21: 14.376204 | AD21: 14.556033 | AE21: 12.901623 | AF21: 14.637182 | AG21: 13.720652 | AH21: 12.734109 | AI21: 14.447918 | AJ21: 12.076678 | AK21: 10.146065 | AL21: 14.843828 | AM21: 13.116048 | AN21: 14.111054 | AO21: 12.852437 | AP21: 14.858933 | AQ21: 14.994013
B23: Ministry of Labour, Employment and Youth Affairs | C23: 0.61679094 | D23: 0.71092596 | E23: 0.6540316 | F23: 0.6540316 | G23: 1.2248316 | H23: 1.2605316 | I23: 1.2457128 | J23: 1.9942712 | K23: 0.8240316 | L23: 0.7931816 | M23: 0.8240316 | N23: 0.9396316 | O23: 1.3183725 | P23: 0.87047245 | Q23: 0.93974045 | R23: 0 | S23: 1.8205563 | T23: 0.87240833 | U23: 1.255725 | V23: 0.92370833 | W23: 1.0937083 | X23: 4.8645052 | Y23: 3.8721989 | Z23: 2.5059301 | AA23: 2.6140769 | AB23: 5.4031976 | AC23: 1.1367369 | AD23: 1.7774183 | AE23: 1.7081892 | AF23: 1.5588097 | AG23: 2.0552451 | AH23: 1.9553117 | AI23: 1.0774785 | AJ23: 1.0913117 | AK23: 1.0913117 | AL23: 1.0913117 | AM23: 1.7768881 | AN23: 1.0810082 | AO23: 1.0810082 | AP23: 0 | AQ23: 1.1680082
B24: Labor Mobility and Development (SAO) | C24: 0.61679094 | D24: 0.71092596 | E24: 0.6540316 | F24: 0.6540316 | G24: 0.6540316 | H24: 0.6540316 | I24: 1.2457128 | J24: 1.9942712 | K24: 0.8240316 | L24: 0.7931816 | M24: 0.8240316 | N24: 0.9396316 | O24: 1.3183725 | P24: 0.87047245 | Q24: 0.93974045 | R24: 0 | S24: 1.7448167 | T24: 0.87240833 | U24: 1.255725 | V24: 0.92370833 | W24: 0.92370833 | X24: 1.0816611 | Y24: 1.0560111 | Z24: 1.0560111 | AA24: 1.1467369 | AB24: 1.1372369 | AC24: 1.1367369 | AD24: 1.0913117 | AE24: 1.3013117 | AF24: 1.0913117 | AG24: 2.0552451 | AH24: 1.0913117 | AI24: 0.92724052 | AJ24: 1.0913117 | AK24: 1.0913117 | AL24: 1.0913117 | AM24: 1.1500082 | AN24: 1.0810082 | AO24: 1.0810082 | AP24: 0 | AQ24: 1.1680082
B25: SIVIS | O25: 0 | P25: 0 | Q25: 0 | R25: 0 | S25: 0.03368762 | T25: 0 | U25: 0 | V25: 0 | W25: 0 | X25: 0 | Y25: 0 | Z25: 0 | AA25: 0 | AB25: 0 | AC25: 0 | AD25: 0.68610663 | AE25: 0 | AF25: 0 | AG25: 0 | AH25: 0 | AI25: 0.05553007 | AJ25: 0 | AK25: 0 | AL25: 0 | AM25: 0 | AN25: 0 | AO25: 0 | AP25: 0 | AQ25: 0
B26: Stichting Productieve Werk Eenheden | C26: 0 | D26: 0 | E26: 0 | F26: 0 | G26: 0.5708 | H26: 0.6065 | I26: 0 | J26: 0 | K26: 0 | L26: 0 | M26: 0 | N26: 0 | O26: 0 | P26: 0 | Q26: 0 | R26: 0 | S26: 0.042052 | T26: 0 | U26: 0 | V26: 0 | W26: 0.17 | X26: 3.7828441 | Y26: 2.8161879 | Z26: 1.449919 | AA26: 1.46734 | AB26: 4.2659607 | AC26: 0 | AD26: 0 | AE26: 0.4068775 | AF26: 0.467498 | AG26: 0 | AH26: 0.864 | AI26: 0.0947079 | AJ26: 0 | AK26: 0 | AL26: 0 | AM26: 0.62687988 | AN26: 0 | AO26: 0 | AP26: 0 | AQ26: 0
B28: Ministry of Finance and Planning | C28: 193.70994 | D28: 146.90847 | E28: 183.16313 | F28: 148.26347 | G28: 95.982186 | H28: 137.95198 | I28: 143.37554 | J28: 433.21293 | K28: 146.34738 | L28: 143.47298 | M28: 142.16384 | N28: 179.33081 | O28: 177.56448 | P28: 162.21301 | Q28: 164.13941 | R28: 164.28215 | S28: 167.0493 | T28: 168.72795 | U28: 168.57594 | V28: 170.29947 | W28: 174.02693 | X28: 166.48068 | Y28: 188.09782 | Z28: 7.8143157 | AA28: 9500.9681 | AB28: 183.05611 | AC28: 229.17421 | AD28: 214.66899 | AE28: 199.4437 | AF28: 211.19021 | AG28: 212.33551 | AH28: 207.75902 | AI28: 204.59747 | AJ28: 203.42253 | AK28: 208.97176 | AL28: 214.37104 | AM28: 214.52749 | AN28: 205.03925 | AO28: 261.81517 | AP28: 512.14828 | AQ28: 625.97914
B29: General Bureau of Statistics (ABS) | C29: 0.83604711 | D29: 1.934616 | E29: 3.3044626 | F29: 2.5131378 | G29: 1.5589755 | H29: 2.325683 | I29: 1.6691248 | J29: 1.6805736 | K29: 1.5939461 | L29: 1.319051 | M29: 2.096051 | N29: 1.8413703 | O29: 1.2147943 | P29: 2.4966443 | Q29: 2.4966443 | R29: 1.2147943 | S29: 2.3401198 | T29: 2.3992243 | U29: 3.2812887 | V29: 2.655356 | W29: 2.1044306 | X29: 2.8804962 | Y29: 2.2348899 | Z29: 2.7920343 | AA29: 4.3058955 | AB29: 1.8410188 | AC29: 3.4734572 | AD29: 2.1587245 | AE29: 2.9749557 | AF29: 4.8152554 | AG29: 5.9006687 | AH29: 4.6282737 | AI29: 2.7141897 | AJ29: 2.4368978 | AK29: 2.9791302 | AL29: 4.1775116 | AM29: 3.4599563 | AN29: 2.9177239 | AO29: 4.1486058 | AP29: 6.9448518 | AQ29: 5.1207372
B30: Central Accountants Service (CLAD) | C30: 2.5645417 | D30: 2.6484115 | E30: 4.125859 | F30: 0 | G30: 3.712986 | H30: 1.4735 | I30: 4.281794 | J30: 0 | K30: 6.0452427 | L30: 3.0226213 | M30: 0 | N30: 5.781099 | O30: 2.2818 | P30: 0 | Q30: 0 | R30: 0 | S30: 3.341247 | T30: 5.298441 | U30: 0 | V30: 4.959448 | W30: 3.213826 | X30: 0 | Y30: 0 | Z30: 0 | AA30: 5.941276 | AB30: 0 | AC30: 0 | AD30: 0 | AE30: 5.8795126 | AF30: 11.477552 | AG30: 0 | AH30: 0 | AI30: 5.029202 | AJ30: 0 | AK30: 0 | AL30: 0 | AM30: 4.5 | AN30: 1.580565 | AO30: 6.249614 | AP30: 0 | AQ30: 6.266493
B31: Pensionfund | C31: 89.340913 | D31: 89.112166 | E31: 91.344098 | F31: 92.961088 | G31: 88.890887 | H31: 132.33346 | I31: 134.11884 | J31: 137.82556 | K31: 136.61363 | L31: 137.08781 | M31: 137.59641 | N31: 169.14179 | O31: 172.20538 | P31: 156.46684 | Q31: 158.09095 | R31: 159.38384 | S31: 158.69873 | T31: 158.89363 | U31: 160.87792 | V31: 159.59537 | W31: 164.23981 | X31: 160.41401 | Y31: 182.3006 | Z31: 0 | AA31: 103.8365 | AB31: 178.67177 | AC31: 223.15743 | AD31: 209.85682 | AE31: 185.38006 | AF31: 191.5068 | AG31: 199.31197 | AH31: 199.68426 | AI31: 194.07291 | AJ31: 196.42328 | AK31: 202.68504 | AL31: 206.63407 | AM31: 203.6147 | AN31: 197.95841 | AO31: 203.49809 | AP31: 205.78996 | AQ31: 203.61148
B32: Suriname Debt Office (SDMO) | C32: 0 | D32: 0.39128708 | E32: 0.19529354 | F32: 0.50410154 | G32: 0.19529354 | H32: 0.19529353 | I32: 0.33555888 | J32: 0.677212 | K32: 0 | L32: 0.28424974 | M32: 0.28424974 | N32: 0.80591134 | O32: 0 | P32: 1.429425 | Q32: 0.8111546 | R32: 0.83315459 | S32: 0.83342685 | T32: 0.30769006 | U32: 1.625336 | V32: 0.83329076 | W32: 1.0567871 | X32: 1.0567871 | Y32: 1.0567871 | Z32: 0.68188057 | AA32: 1.8044521 | AB32: 0.30769006 | AC32: 0.30769007 | AD32: 0.30769006 | AE32: 0.72142356 | AF32: 0.72142357 | AG32: 1.6279277 | AH32: 1.3370594 | AI32: 0.4519847 | AJ32: 1.3321204 | AK32: 1.288602 | AL32: 1.270602 | AM32: 0.724211 | AN32: 1.1624966 | AO32: 0.96579264 | AP32: 0.95630996 | AQ32: 0.95630996
B33: Surpost | C33: 0 | D33: 1.8082641 | E33: 0 | F33: 1.3210819 | G33: 0.65998095 | H33: 0.65998095 | I33: 0.82547164 | J33: 0.65998095 | K33: 0.65998095 | L33: 0.65998095 | M33: 0.65998095 | N33: 0.94880506 | O33: 0.65823371 | P33: 0.65823371 | Q33: 0.65823372 | R33: 1.6884937 | S33: 0.65823371 | T33: 0.65823371 | U33: 0.85072441 | V33: 0.68523371 | W33: 1.8412996 | X33: 0.65823371 | Y33: 0.65823371 | Z33: 2.4930902 | AA33: 1.0283233 | AB33: 0.65823371 | AC33: 0.65823372 | AD33: 0.5607965 | AE33: 2.9103478 | AF33: 1.0917762 | AG33: 3.1014535 | AH33: 0.58863427 | AI33: 0.5607965 | AJ33: 1.7720436 | AK33: 0.5607965 | AL33: 0.83066031 | AM33: 0.808566 | AN33: 0 | AO33: 0 | AP33: 1.55 | AQ33: 2.4491955
B34: Planning Office | C34: 0.88145777 | D34: 0.92674352 | E34: 0.86744262 | F34: 0.86744262 | G34: 0.86744263 | H34: 0.86744263 | I34: 1.7133473 | J34: 0.86744263 | K34: 1.4345841 | L34: 1.0074426 | M34: 1.4345841 | N34: 0.72299788 | O34: 1.2042694 | P34: 1.1618694 | Q34: 2.0824214 | R34: 1.1618694 | S34: 1.1775481 | T34: 1.1707313 | U34: 1.9406793 | V34: 1.5707746 | W34: 1.5707746 | X34: 1.4711556 | Y34: 1.8473106 | Z34: 1.8473106 | AA34: 1.983554 | AB34: 1.577399 | AC34: 1.577399 | AD34: 1.5774 | AE34: 1.577401 | AF34: 1.577402 | AG34: 2.3934907 | AH34: 1.5207917 | AI34: 1.5207899 | AJ34: 1.4581912 | AK34: 1.4581912 | AL34: 1.4581912 | AM34: 1.4200531 | AN34: 1.4200531 | AO34: 1.4200531 | AP34: 8.6612611 | AQ34: 1.5055531
B35: Fuel subsidy | C35: 100 | D35: 50 | E35: 50 | F35: 50 | G35: 0 | H35: 0 | I35: 0 | J35: 0 | K35: 0 | L35: 0 | M35: 0 | N35: 0 | O35: 0 | P35: 0 | Q35: 0 | R35: 0 | S35: 0 | T35: 0 | U35: 0 | V35: 0 | W35: 0 | X35: 0 | Y35: 0 | Z35: 0 | AA35: 0 | AB35: 0 | AC35: 0 | AD35: 0 | AE35: 0 | AF35: 0 | AG35: 0 | AH35: 0 | AI35: 0 | AJ35: 0 | AK35: 0 | AL35: 0 | AM35: 0 | AN35: 0 | AO35: 45.533009 | AP35: 288.2459 | AQ35: 406.06937
B36: Fuel settlements | C36: 0 | D36: 0 | E36: 33.325974 | F36: 0 | G36: 0 | H36: 0 | I36: 0 | J36: 291.27638 | K36: 0 | L36: 0 | M36: 0 | N36: 0 | O36: 0 | P36: 0 | Q36: 0 | R36: 0 | S36: 0 | T36: 0 | U36: 0 | V36: 0 | W36: 0 | X36: 0 | Y36: 0 | Z36: 0 | AA36: 0 | AB36: 0 | AC36: 0 | AD36: 0 | AE36: 0 | AF36: 0 | AG36: 0 | AH36: 0 | AI36: 0 | AJ36: 0 | AK36: 0 | AL36: 0 | AM36: 0 | AN36: 0 | AO36: 0 | AP36: 0 | AQ36: 0
B37: Capital injection CBvS (recapitalization) | C37: 0 | D37: 0 | E37: 0 | F37: 0 | G37: 0 | H37: 0 | I37: 0 | J37: 0 | K37: 0 | L37: 0 | M37: 0 | N37: 0 | O37: 0 | P37: 0 | Q37: 0 | R37: 0 | S37: 0 | T37: 0 | U37: 0 | V37: 0 | W37: 0 | X37: 0 | Y37: 0 | Z37: 0 | AA37: 9381.878 | AB37: 0 | AC37: 0 | AD37: 0 | AE37: 0 | AF37: 0 | AG37: 0 | AH37: 0 | AI37: 0 | AJ37: 0 | AK37: 0 | AL37: 0 | AM37: 0 | AN37: 0 | AO37: 0 | AP37: 0 | AQ37: 0
B38: Other | C38: 0.08698506 | D38: 0.08698506 | E38: 0 | F38: 0.09662033 | G38: 0.09662033 | H38: 0.09662033 | I38: 0.4313947 | J38: 0.22578071 | K38: 0 | L38: 0.091827 | M38: 0.09256 | N38: 0.08883671 | O38: 0 | P38: 0 | Q38: 0 | R38: 0 | S38: 0 | T38: 0 | U38: 0 | V38: 0 | W38: 0 | X38: 0 | Y38: 0 | Z38: 0 | AA38: 0.19009128 | AB38: 0 | AC38: 0 | AD38: 0.20756028 | AE38: 0 | AF38: 0 | AG38: 0 | AH38: 0 | AI38: 0.24759573 | AJ38: 0 | AK38: 0 | AL38: 0 | AM38: 0 | AN38: 0 | AO38: 0 | AP38: 0 | AQ38: 0
... B60: Additional government contribution State Health Insurrance | C60: 106.62139 | D60: 123.44627 | E60: 161.50714 | F60: 150.83545 | G60: 176.08109 | H60: 130.64051 | I60: 214.02339 | J60: 117.47066 | K60: 231.70657 | L60: 159.94307 | M60: 191.66489 | N60: 198.70198 | O60: 181.63741 | P60: 203.89097 | Q60: 183.58887 | R60: 147.80613 | S60: 202.73169 | T60: 142.42053 | U60: 200.10505 | V60: 181.1732 | W60: 214.90873 | X60: 207.50417 | Y60: 206.60029 | Z60: 199.09856 | AA60: 176.74812 | AB60: 247.03524 | AC60: 209.70971 | AD60: 243.0724 | AE60: 222.60843 | AF60: 210.47894 | AG60: 304.27407 | AH60: 222.58645 | AI60: 159.91414 | AJ60: 321.90456 | AK60: 254.37378 | AL60: 218.34402 | AM60: 234.14944 | AN60: 164.46329 | AO60: 298.09297 | AP60: 268.24242 | AQ60: 248.72186
B61: Purchasing power compensation for hospitals (State Health Insurance) | C61: 0 | D61: 0 | E61: 0 | F61: 0 | G61: 0 | H61: 0 | I61: 0 | J61: 0 | K61: 0 | L61: 0 | M61: 3.8 | N61: 15.0598 | O61: 0 | P61: 0 | Q61: 0 | R61: 0 | S61: 0 | T61: 0 | U61: 0 | V61: 0 | W61: 0 | X61: 0 | Y61: 0 | Z61: 0
B62: Other | C62: 1.2171129 | D62: 0 | E62: 2.1479224 | F62: 0.65 | G62: 3.307286 | H62: 7.6247384 | I62: 0.20352128 | J62: 1.1914004 | K62: 9.4753 | L62: 0.19792244 | M62: 1.025 | N62: 1.3563002 | O62: 0 | P62: 2.3075 | Q62: 0.8095 | R62: 1.5636812 | S62: 1.5517806 | T62: 3.6377806 | U62: 1.522349 | V62: 1.7124 | W62: 0.4 | X62: 1.4856006 | Y62: 23.600402 | Z62: 6.5281788 | AA62: 1.5015474 | AB62: 4.8411269 | AC62: 1.0166866 | AD62: 9.2816506 | AE62: 2.0446005 | AF62: 3.0180623 | AG62: 2.4883583 | AH62: 1.7988562 | AI62: 2.5931482 | AJ62: 0.54312658 | AK62: 3.0363274 | AL62: 2.4350176 | AM62: 1.2577116 | AN62: 1.0836466 | AO62: 14.187873 | AP62: 1.0022066 | AQ62: 1.2305766
B64: Ministry of Education, Science and Culture | C64: 80.049882 | D64: 98.640459 | E64: 105.15545 | F64: 97.350342 | G64: 95.803989 | H64: 112.50233 | I64: 145.36365 | J64: 121.45122 | K64: 73.08129 | L64: 120.90622 | M64: 89.656498 | N64: 125.14309 | O64: 108.7651 | P64: 118.50392 | Q64: 123.42357 | R64: 132.5923 | S64: 132.84481 | T64: 113.86225 | U64: 121.09665 | V64: 160.17092 | W64: 113.49293 | X64: 102.26508 | Y64: 130.49793 | Z64: 132.29051 | AA64: 116.10998 | AB64: 143.49866 | AC64: 138.28362 | AD64: 154.43864 | AE64: 148.53177 | AF64: 147.77911 | AG64: 210.28814 | AH64: 156.50919 | AI64: 132.33161 | AJ64: 104.80469 | AK64: 147.15328 | AL64: 154.56834 | AM64: 139.29874 | AN64: 181.24363 | AO64: 207.68349 | AP64: 111.01809 | AQ64: 129.85985
B65: Anton de Kom University (ADEK) | C65: 16.135744 | D65: 25.16148 | E65: 26.859174 | F65: 20.746313 | G65: 20.672967 | H65: 20.701169 | I65: 31.220895 | J65: 21.383104 | K65: 0 | L65: 41.703893 | M65: 0 | N65: 19.749213 | O65: 20.957312 | P65: 22.755758 | Q65: 21.133872 | R65: 22.053929 | S65: 44.455614 | T65: 23.244345 | U65: 0 | V65: 58.780017 | W65: 24.238516 | X65: 21.962532 | Y65: 20.525485 | Z65: 20.525485 | AA65: 19.026714 | AB65: 31.389022 | AC65: 25.491417 | AD65: 30.911852 | AE65: 30.538226 | AF65: 33.048866 | AG65: 45.784562 | AH65: 31.282687 | AI65: 29.165361 | AJ65: 33.610615 | AK65: 31.845906 | AL65: 36.260247 | AM65: 33.644747 | AN65: 31.612705 | AO65: 31.38287 | AP65: 30.748831 | AQ65: 29.394831
B66: Special education | C66: 46.126801 | D66: 51.005841 | E66: 48.662781 | F66: 49.180086 | G66: 62.407526 | H66: 66.942644 | I66: 79.455519 | J66: 57.523188 | K66: 58.739341 | L66: 56.808547 | M66: 54.486279 | N66: 63.131227 | O66: 64.546729 | P66: 64.616815 | Q66: 61.477 | R66: 63.212328 | S66: 62.571392 | T66: 60.207405 | U66: 74.872923 | V66: 59.978653 | W66: 64.764422 | X66: 71.538496 | Y66: 72.480118 | Z66: 77.233587 | AA66: 72.348996 | AB66: 71.947355 | AC66: 76.202248 | AD66: 82.076988 | AE66: 77.928925 | AF66: 70.602692 | AG66: 127.74317 | AH66: 75.752824 | AI66: 74.03404 | AJ66: 71.194072 | AK66: 72.80467 | AL66: 78.137474 | AM66: 74.057694 | AN66: 74.344397 | AO66: 77.970507 | AP66: 79.676761 | AQ66: 76.666748
B67: Polytechnic College Suriname (PTC) | C67: 0 | D67: 0 | E67: 0 | F67: 0 | G67: 0 | H67: 0 | I67: 0 | J67: 5.7154646 | K67: 1.9051549 | L67: 0 | M67: 1.9051549 | N67: 0 | O67: 0 | P67: 0 | Q67: 0.65365524 | R67: 1.3073105 | S67: 0.65365524 | T67: 1.3073105 | U67: 0.65365524 | V67: 0.65365524 | W67: 0.65365524 | X67: 2.0777703 | Y67: 1.424115 | Z67: 1.46727 | AA67: 0 | AB67: 0 | AC67: 0 | AD67: 0 | AE67: 0 | AF67: 0 | AG67: 2.8471296 | AH67: 2.8244434 | AI67: 0 | AJ67: 0 | AK67: 0 | AL67: 0 | AM67: 0 | AN67: 2.5508551 | AO67: 0 | AP67: 0 | AQ67: 0
B68: Subsidy for school transport | C68: 17.787338 | D68: 21.968661 | E68: 29.633499 | F68: 27.423944 | G68: 8.944576 | H68: 20.694984 | I68: 34.687239 | J68: 35.666235 | K68: 12.436794 | L68: 21.230555 | M68: 33.265064 | N68: 40.888092 | O68: 23.26106 | P68: 31.13135 | Q68: 39.738175 | R68: 41.22875 | S68: 25.164145 | T68: 26.92264 | U68: 43.818106 | V68: 39.540679 | W68: 23.836333 | X68: 6.6862765 | Y68: 35.202733 | Z68: 33.06417 | AA68: 24.734267 | AB68: 40.162285 | AC68: 36.589958 | AD68: 41.449802 | AE68: 38.630992 | AF68: 43.191294 | AG68: 33.913278 | AH68: 46.649232 | AI68: 29.132206 | AJ68: 0 | AK68: 42.320707 | AL68: 40.170619 | AM68: 31.596295 | AN68: 70.396306 | AO68: 97.750382 | AP68: 0 | AQ68: 23.798273
B69: Educational Student Reception Centers | C69: 0 | D69: 0 | E69: 0 | F69: 0 | G69: 0 | H69: 0 | I69: 0 | J69: 0 | K69: 0 | L69: 0 | M69: 0 | N69: 0 | O69: 0 | P69: 0 | Q69: 0 | R69: 0 | S69: 0 | T69: 0 | U69: 0 | V69: 0 | W69: 0 | X69: 0 | Y69: 0 | Z69: 0 | AA69: 0 | AB69: 0 | AC69: 0 | AD69: 0 | AE69: 0 | AF69: 0 | AG69: 0 | AH69: 0 | AI69: 0 | AJ69: 0 | AK69: 0 | AL69: 0 | AM69: 0 | AN69: 0 | AO69: 0 | AP69: 0 | AQ69: 0
B70: Other | C70: 0 | D70: 0.50447777 | E70: 0 | F70: 0 | G70: 3.7789207 | H70: 4.1635313 | I70: 0 | J70: 1.1632238 | K70: 0 | L70: 1.1632238 | M70: 0 | N70: 1.374555 | O70: 0 | P70: 0 | Q70: 0.4208725 | R70: 4.789978 | S70: 0 | T70: 2.1805453 | U70: 1.7519688 | V70: 1.2179145 | W70: 0 | X70: 0 | Y70: 0.865479 | Z70: 0 | AA70: 0 | AB70: 0 | AC70: 0 | AD70: 0 | AE70: 1.4336275 | AF70: 0.93625752 | AG70: 0 | AH70: 0 | AI70: 0 | AJ70: 0 | AK70: 0.182 | AL70: 0 | AM70: 0 | AN70: 2.3393681 | AO70: 0.57973 | AP70: 0.5925 | AQ70: 0
B72: Ministry of Transport, Communication and Tourism | C72: 21.77638 | D72: 16.817982 | E72: 17.104546 | F72: 16.300366 | G72: 12.25181 | H72: 8.3130338 | I72: 3.2348353 | J72: 13.986651 | K72: 46.08295 | L72: 23.161696 | M72: 23.202996 | N72: 56.72664 | O72: 34.338912 | P72: 24.879433 | Q72: 13.368073 | R72: 25.415481 | S72: 37.846367 | T72: 32.801276 | U72: 35.587108 | V72: 33.701748 | W72: 34.841746 | X72: 38.148526 | Y72: 58.697591 | Z72: 19.299064 | AA72: 61.507449 | AB72: 33.142584 | AC72: 18.066822 | AD72: 16.614925 | AE72: 18.58923 | AF72: 13.719063 | AG72: 18.123762 | AH72: 52.306739 | AI72: 3.6404212 | AJ72: 23.737588 | AK72: 53.086566 | AL72: 10.26643 | AM72: 47.500854 | AN72: 48.395294 | AO72: 143.49111 | AP72: 25.786197 | AQ72: 25.547017
B73: National Transport Company (N.V.B) | C73: 7.4227151 | D73: 1.8824166 | E73: 16.743222 | F73: 15.958445 | G73: 11.909889 | H73: 1.5253222 | I73: 2.8929143 | J73: 13.986651 | K73: 15.047051 | L73: 2.0595222 | M73: 2.0595222 | N73: 14.682981 | O73: 13.05574 | P73: 4.1640266 | Q73: 12.933865 | R73: 4.2550842 | S73: 16.622545 | T73: 11.480481 | U73: 14.146025 | V73: 12.059325 | W73: 12.98689 | X73: 16.652007 | Y73: 16.630808 | Z73: 18.343516 | AA73: 17.41984 | AB73: 11.542939 | AC73: 17.357457 | AD73: 16.614925 | AE73: 18.08923 | AF73: 12.926868 | AG73: 17.434306 | AH73: 52.306739 | AI73: 3.6404212 | AJ73: 23.737588 | AK73: 31.510311 | AL73: 10.26643 | AM73: 47.500854 | AN73: 4.419968 | AO73: 100.2914 | AP73: 4.0017663 | AQ73: 3.7167663
B74: Private Bus Organiszation (PLO) | C74: 0 | D74: 14.592417 | E74: 0 | F74: 0 | G74: 0 | H74: 6.4457906 | I74: 0 | J74: 0 | K74: 30.693978 | L74: 20.682425 | M74: 20.723725 | N74: 41.370478 | O74: 20.543516 | P74: 20.715406 | Q74: 0 | R74: 20.736594 | S74: 20.715252 | T74: 20.854609 | U74: 20.740149 | V74: 20.578663 | W74: 20.507237 | X74: 20.770154 | Y74: 41.362418 | Z74: 0 | AA74: 41.806495 | AB74: 20.890279 | AC74: 0 | AD74: 0 | AE74: 0 | AF74: 0 | AG74: 0 | AH74: 0 | AI74: 0 | AJ74: 0 | AK74: 21.576255 | AL74: 0 | AM74: 0 | AN74: 43.255214 | AO74: 43.199716 | AP74: 21.78443 | AQ74: 21.830251
B75: Shipping Company Suriname (SMS) | C75: 0.57522328 | D75: 0.34314871 | E75: 0.36132423 | F75: 0.34192097 | G75: 0.34192097 | H75: 0.34192097 | I75: 0.34192097 | J75: 0 | K75: 0.34192097 | L75: 0.41974876 | M75: 0.41974876 | N75: 0.67318081 | O75: 0.73965551 | P75: 0 | Q75: 0.43420788 | R75: 0.42380262 | S75: 0.50856902 | T75: 0.46618582 | U75: 0.70093404 | V75: 1.0637609 | W75: 1.3476186 | X75: 0.726365 | Y75: 0.704365 | Z75: 0.9555475 | AA75: 2.2811137 | AB75: 0.709365 | AC75: 0.709365 | AD75: 0 | AE75: 0.5 | AF75: 0.79219523 | AG75: 0.68945658 | AH75: 0 | AI75: 0 | AJ75: 0 | AK75: 0 | AL75: 0 | AM75: 0 | AN75: 0.72011206 | AO75: 0 | AP75: 0 | AQ75: 0
... B80: Welfare (onderstand) | C80: 9.0470225 | D80: 9.4743471 | E80: 7.6941711 | F80: 6.5961164 | G80: 6.5547219 | H80: 6.6057825 | I80: 6.5506993 | J80: 6.645668 | K80: 6.7028416 | L80: 6.5731514 | M80: 6.5894604 | N80: 6.9987398 | O80: 6.5406285 | P80: 6.7222291 | Q80: 6.7379765 | R80: 6.5487764 | S80: 6.5368996 | T80: 6.5485331 | U80: 6.6016367 | V80: 6.5391586 | W80: 6.5382842 | X80: 6.6611514 | Y80: 6.5910738 | Z80: 6.6140103 | AA80: 6.4488645 | AB80: 6.4320948 | AC80: 9.3943444 | AD80: 9.8542669 | AE80: 13.51279 | AF80: 8.7036853 | AG80: 8.4617232 | AH80: 8.369161 | AI80: 9.2975586 | AJ80: 9.3161003 | AK80: 9.1755056 | AL80: 9.9170742 | AM80: 11.582675 | AN80: 12.28591 | AO80: 11.260843 | AP80: 11.917209 | AQ80: 12.921708
B81: Other | O81: 0 | P81: 0 | Q81: 0 | R81: 0 | S81: 0 | T81: 0 | U81: 0 | V81: 0 | W81: 0 | X81: 0 | Y81: 0 | Z81: 0 | AA81: 0 | AB81: 0 | AC81: 0 | AD81: 0 | AE81: 0 | AF81: 0 | AG81: 0 | AH81: 0 | AI81: 0 | AJ81: 0 | AK81: 0 | AL81: 0 | AM81: 0 | AN81: 0 | AO81: 0 | AP81: 0 | AQ81: 0
B83: Ministry of Economic Affairs, Entrepeneurship and Technological Innovation | C83: 0.13654019 | D83: 0 | E83: 0 | F83: 0.14830492 | G83: 0.14830492 | H83: 0.14830492 | I83: 0.2823393 | J83: 0 | K83: 0 | L83: 0 | M83: 0 | N83: 0 | O83: 0 | P83: 0.22224776 | Q83: 0.24476023 | R83: 0 | S83: 0 | T83: 0.25160642 | U83: 0.35170226 | V83: 0 | W83: 0.25160642 | X83: 0.30759602 | Y83: 0.30759602 | Z83: 0 | AA83: 0.63823974 | AB83: 0.4008673 | AC83: 0.4008673 | AD83: 0 | AE83: 0.88445254 | AF83: 0.44222627 | AG83: 0.51049151 | AH83: 0 | AI83: 0.41288885 | AJ83: 0 | AK83: 0.33917027 | AL83: 0.33915227 | AM83: 0.94596288 | AN83: 0 | AO83: 0.30157454 | AP83: 0 | AQ83: 0.40624137
B84: Suriname Bureau of Standards (SBS) | C84: 0.13654019 | D84: 0 | E84: 0 | F84: 0.14830492 | G84: 0.14830492 | H84: 0.14830492 | I84: 0.2823393 | J84: 0 | K84: 0 | L84: 0 | M84: 0 | N84: 0 | O84: 0 | P84: 0.22224776 | Q84: 0.24476023 | R84: 0 | S84: 0 | T84: 0.25160642 | U84: 0.35170226 | V84: 0 | W84: 0.25160642 | X84: 0.30759602 | Y84: 0.30759602 | Z84: 0 | AA84: 0.63823974 | AB84: 0.4008673 | AC84: 0.4008673 | AD84: 0 | AE84: 0.88445254 | AF84: 0.44222627 | AG84: 0.51049151 | AH84: 0 | AI84: 0.41288885 | AJ84: 0 | AK84: 0.33917027 | AL84: 0.33915227 | AM84: 0.94596288 | AN84: 0 | AO84: 0.30157454 | AP84: 0 | AQ84: 0.40624137
B86: Other subsidies | C86: 7.4564955 | D86: 9.5829138 | E86: 7.253471 | F86: 12.589124 | G86: 6.8613178 | H86: 10.822227 | I86: 12.701337 | J86: 11.912659 | K86: 8.4823396 | L86: 14.050165 | M86: 18.375525 | N86: 14.622853 | O86: 6.0726618 | P86: 9.5774385 | Q86: 87.037822 | R86: 16.449442 | S86: 70.938987 | T86: 6.8386748 | U86: 15.24175 | V86: 9.9701092 | W86: 8.6480376 | X86: 51.904413 | Y86: 7.7383564 | Z86: 8.2169429 | AA86: 12.425801 | AB86: 15.372486 | AC86: 8.0467799 | AD86: 26.007704 | AE86: 14.039829 | AF86: 10.695615 | AG86: 35.387974 | AH86: 17.346081 | AI86: 13.386961 | AJ86: 13.617377 | AK86: 6.969634 | AL86: 19.376464 | AM86: 58.487593 | AN86: 17.452065 | AO86: 119.88444 | AP86: 35.255811 | AQ86: 16.00958
B90: Source: Ministry of Finance and Planning.
B91: *Preliminary data.
B92: Expenditure on cash basis is adjusted and presented on a gross basis, for EBS subsidies arising from revenue settlements.

Sheet T 2.9
B2: Table 2.9 Suriname: Interest, Jan 2023 - May 2026 (SRD million)
C5: ='T 2.10'!C6 -> 44927 | D5: ='T 2.10'!D6 -> 44958 | E5: ='T 2.10'!E6 -> 44986 | F5: ='T 2.10'!F6 -> 45017 | G5: ='T 2.10'!G6 -> 45047 | H5: ='T 2.10'!H6 -> 45078 | I5: ='T 2.10'!I6 -> 45108 | J5: ='T 2.10'!J6 -> 45139 | ... AQ5: ='T 2.10'!AQ6 -> 46143
B7: Interest 1 | C7: 202.01532 | D7: 292.66402 | E7: 88.086009 | F7: 216.03726 | G7: 689.75162 | H7: 495.42785 | I7: 156.46037 | J7: 347.93775 | K7: 136.04804 | L7: 655.40124 | M7: 451.47655 | N7: 463.36622 | O7: 687.66609 | P7: 211.88234 | Q7: 88.898326 | R7: 604.19408 | S7: 416.35011 | T7: 160.20916 | U7: 714.28236 | V7: 75.258534 | W7: 86.354536 | X7: 533.02261 | Y7: 583.38638 | Z7: 208.42394 | AA7: 808.2739 | AB7: 215.07961 | AC7: 338.89315 | AD7: 561.38874 | AE7: 497.83279 | AF7: 309.81834 | AG7: 1050.379 | AH7: 438.93061 | AI7: 265.48465 | AJ7: 468.72931 | AK7: 455.68878 | AL7: 595.40219 | AM7: 2896.7519 | AN7: 170.9688 | AO7: 569.90811 | AP7: 871.2635 | AQ7: 3617.1603
B8: Domestic | C8: 36.78167 | D8: 274.28425 | E8: 35.524791 | F8: 36.498073 | G8: 547.43386 | H8: 41.933883 | I8: 60.646068 | J8: 292.37784 | K8: 95.084755 | L8: 296.63504 | M8: 300.22351 | N8: 262.81398 | O8: 135.13291 | P8: 171.76449 | Q8: 44.187384 | R8: 37.67037 | S8: 173.49201 | T8: 26.153189 | U8: 136.16805 | V8: 34.495917 | W8: 39.208134 | X8: 39.098341 | Y8: 165.28453 | Z8: 47.39023 | AA8: 84.714347 | AB8: 158.4044 | AC8: 84.664713 | AD8: 167.50773 | AE8: 35.711913 | AF8: 32.414146 | AG8: 288.0188 | AH8: 363.2618 | AI8: 27.323562 | AJ8: 36.730018 | AK8: 18.587981 | AL8: 44.024332 | AM8: 136.6658 | AN8: 82.488595 | AO8: 82.270506 | AP8: 482.96424 | AQ8: 456.64292
B9: External | C9: 164.18365 | D9: 18.379772 | E9: 52.561219 | F9: 179.53918 | G9: 139.68262 | H9: 453.17602 | I9: 95.814298 | J9: 36.0556 | K9: 40.963281 | L9: 354.33239 | M9: 136.90088 | N9: 195.86773 | O9: 552.53318 | P9: 40.117856 | Q9: 44.710942 | R9: 566.52371 | S9: 242.85809 | T9: 134.05597 | U9: 578.11431 | V9: 40.762617 | W9: 47.146402 | X9: 493.92427 | Y9: 418.10185 | Z9: 161.03371 | AA9: 723.55956 | AB9: 56.675215 | AC9: 254.22843 | AD9: 393.88102 | AE9: 462.12088 | AF9: 277.4042 | AG9: 762.36019 | AH9: 75.668811 | AI9: 238.16109 | AJ9: 431.9993 | AK9: 437.1008 | AL9: 551.37785 | AM9: 2760.0861 | AN9: 88.480207 | AO9: 487.63761 | AP9: 388.29926 | AQ9: 3160.5173
B10: Interest arrears | C10: 1.05 | D10: 0 | E10: 0 | F10: 0 | G10: 2.6351388 | H10: 0.31795132 | I10: 0 | J10: 19.504304 | K10: 0 | L10: 4.4338153 | M10: 14.352156 | N10: 4.684508 | O10: 0 | P10: 0 | Q10: 0 | R10: 0 | S10: 0 | T10: 0 | U10: 0 | V10: 0 | W10: 0 | X10: 0 | Y10: 0 | Z10: 0 | AA10: 0 | AB10: 0 | AC10: 0 | AD10: 0 | AE10: 0 | AF10: 0 | AG10: 0 | AH10: 0 | AI10: 0 | AJ10: 0 | AK10: 0 | AL10: 0 | AM10: 0 | AN10: 0 | AO10: 0 | AP10: 0 | AQ10: 0
GL12: enrico kramp
B13: Source: Suriname Debt Management Office.
B14: *Preliminary data.
B15: 1 Refers to interest payments and financing costs. | IZ15: enrico kramp
JN28: enrico kramp
AS31: enrico kramp
GC35: enrico kramp

Sheet T 2.10
B3: Table 2.10 Suriname: Capital expenditures, Jan 2023 - May 2026 (SRD million)
C6: ='T 2.11'!C5 -> 44927 | D6: ='T 2.11'!D5 -> 44958 | E6: ='T 2.11'!E5 -> 44986 | F6: ='T 2.11'!F5 -> 45017 | G6: ='T 2.11'!G5 -> 45047 | H6: ='T 2.11'!H5 -> 45078 | I6: ='T 2.11'!I5 -> 45108 | J6: ='T 2.11'!J5 -> 45139 | ... AQ6: ='T 2.11'!AQ5 -> 46143
B8: Total capital expenditures | C8: 158.23882 | D8: 176.61058 | E8: 314.14632 | F8: 335.74567 | G8: 402.15261 | H8: 253.90436 | I8: 389.9293 | J8: 526.19501 | K8: 281.98792 | L8: 464.52327 | M8: 163.47491 | N8: 545.95056 | O8: 325.95813 | P8: 229.0135 | Q8: 375.97561 | R8: 283.36718 | S8: 226.17374 | T8: 235.68642 | U8: 572.59709 | V8: 161.98033 | W8: 196.95769 | X8: 774.38934 | Y8: 693.40332 | Z8: 882.22961 | AA8: 665.61585 | AB8: 424.5099 | AC8: 261.89585 | AD8: 1592.7272 | AE8: 845.50276 | AF8: 491.46536 | AG8: 613.71274 | AH8: 259.7002 | AI8: 183.12393 | AJ8: 193.48722 | AK8: 215.69099 | AL8: 336.61851 | AM8: 190.7035 | AN8: 223.39455 | AO8: 217.81063 | AP8: 309.81358 | AQ8: 259.49306
B10: Agriculture, Animal Husbandry and Fisheries | C10: 3.0876713 | D10: 3.3099099 | E10: 8.6388703 | F10: 11.180855 | G10: 9.9670328 | H10: 66.583254 | I10: 1.7106189 | J10: 60.809765 | K10: 3.7099573 | L10: 3.4586928 | M10: 4.212682 | N10: 5.1603692 | O10: 1.6825994 | P10: 3.4813384 | Q10: 127.78694 | R10: 19.847258 | S10: 4.1101115 | T10: 3.4055405 | U10: 0.71358206 | V10: 4.7672249 | W10: 1.2961737 | X10: 16.721289 | Y10: 111.34375 | Z10: 14.463043 | AA10: 68.622982 | AB10: 25.305016 | AC10: 8.5354818 | AD10: 35.506622 | AE10: 55.782589 | AF10: 40.736119 | AG10: 29.303351 | AH10: 12.894914 | AI10: 16.977352 | AJ10: 47.192969 | AK10: 3.6631057 | AL10: 54.040585 | AM10: 1.4654519 | AN10: 14.111027 | AO10: 0.4304806 | AP10: 29.702808 | AQ10: 8.0877225
B11: Wageningen Pumping Stations (exim bank india) | C11: 0 | D11: 0 | E11: 0 | F11: 0 | G11: 0 | H11: 65.47039 | I11: 0 | J11: 0 | K11: 0 | L11: 0 | M11: 0 | N11: 0 | O11: 0 | P11: 0 | Q11: 0 | R11: 0 | S11: 0 | T11: 0 | U11: 0 | V11: 0 | W11: 0 | X11: 0 | Y11: 0 | Z11: 0 | AA11: 0 | AB11: 0 | AC11: 0 | AD11: 0 | AE11: 0 | AF11: 0 | AG11: 0 | AH11: 0 | AI11: 0 | AJ11: 0 | AK11: 0 | AL11: 0 | AM11: 0 | AN11: 0 | AO11: 0 | AP11: 0 | AQ11: 0
B12: AIP (Agro-Industrial Park) EKN Covered Facility Agreement 7-8-2019 | C12: 0 | D12: 0 | E12: 0 | F12: 0 | G12: 0 | H12: 0 | I12: 0 | J12: 0 | K12: 0 | L12: 0 | M12: 0 | N12: 0 | O12: 0 | P12: 0 | Q12: 125.97972 | R12: 0 | S12: 0 | T12: 0 | U12: 0 | V12: 0 | W12: 0 | X12: 0 | Y12: 0 | Z12: 0 | AA12: 0 | AB12: 0 | AC12: 0 | AD12: 0 | AE12: 0 | AF12: 0 | AG12: 0 | AH12: 0 | AI12: 0 | AJ12: 0 | AK12: 0 | AL12: 0 | AM12: 0 | AN12: 0 | AO12: 0 | AP12: 0 | AQ12: 0
B13: IADB 4615/OC-SU Sustainable Agricultural Productivity Program | C13: 0.56452408 | D13: 1.103545 | E13: 0.15881121 | F13: 1.2909501 | G13: 1.6949508 | H13: 0 | I13: 1.2802089 | J13: 20.595057 | K13: 0.48020524 | L13: 0 | M13: 2.3488271 | N13: 1.6091583 | O13: 0.29754292 | P13: 2.9538139 | Q13: 0.50956773 | R13: 14.679649 | S13: 3.1134756 | T13: 3.3334571 | U13: 0.48605803 | V13: 1.8545853 | W13: 0.88424489 | X13: 6.2423078 | Y13: 95.779038 | Z13: 0.91640068 | AA13: 12.620551 | AB13: 23.946978 | AC13: 5.8453034 | AD13: 29.098043 | AE13: 10.22839 | AF13: 37.742704 | AG13: 3.1268776 | AH13: 12.894914 | AI13: 6.8157951 | AJ13: 37.69637 | AK13: 2.0647809 | AL13: 54.040585 | AM13: 0.1455897 | AN13: 8.4084248 | AO13: 0.18444239 | AP13: 28.11001 | AQ13: 7.4511239
B14: LVV AGR COMPET PROGR (IDB) | C14: 2.5231472 | D14: 2.2063649 | E14: 8.4800591 | F14: 9.8899048 | G14: 8.272082 | H14: 1.1128637 | I14: 0.43041002 | J14: 40.214708 | K14: 3.2297521 | L14: 3.4586928 | M14: 1.8638549 | N14: 3.5512109 | O14: 1.3850565 | P14: 0.52752448 | Q14: 1.2976475 | R14: 5.1676091 | S14: 0.9966359 | T14: 0.072083475 | U14: 0.22752403 | V14: 2.9126397 | W14: 0.4119288 | X14: 10.478981 | Y14: 15.564717 | Z14: 13.546642 | AA14: 8.1898569 | AB14: 1.3580371 | AC14: 2.6901784 | AD14: 2.6913904 | AE14: 1.7111218 | AF14: 2.9934155 | AG14: 1.0307074 | AH14: 0 | AI14: 10.161557 | AJ14: 9.4965989 | AK14: 1.5983248 | AL14: 0 | AM14: 1.3198622 | AN14: 5.7026021 | AO14: 0.24603821 | AP14: 1.5927974 | AQ14: 0.63659862
B15: Other | AA15: 47.812574 | AB15: 0 | AC15: 0 | AD15: 3.7171895 | AE15: 43.843077 | AF15: 0 | AG15: 25.145766 | AH15: 0 | AI15: 0 | AJ15: 0 | AK15: 0 | AL15: 0 | AM15: 0 | AN15: 0 | AO15: 0 | AP15: 0 | AQ15: 0
B17: Social Affairs and Public Housing | C17: 2.6165194 | D17: 0 | E17: 0.025696454 | F17: 0 | G17: 0.044713562 | H17: 4.0492574 | I17: 0.70237685 | J17: 1.2246561 | K17: 7.2375427 | L17: 0.04635261 | M17: 1.3866664 | N17: 0.4281676 | O17: 0.63243662 | P17: 4.9297634 | Q17: 2.1991569 | R17: 0.63320175 | S17: 0.47839539 | T17: 1.4308694 | U17: 30.389613 | V17: 2.2969624 | W17: 0.064827 | X17: 2.4061407 | Y17: 0.83668908 | Z17: 1.162044 | AA17: 0.71118147 | AB17: 1.0849682 | AC17: 0.6924844 | AD17: 0.23999219 | AE17: 0.44870813 | AF17: 0 | AG17: 0.59305135 | AH17: 0.95397987 | AI17: 0.7052353 | AJ17: 0.43639888 | AK17: 0 | AL17: 1.377644 | AM17: 0.58804238 | AN17: 38.562343 | AO17: 0.72763272 | AP17: 53.905832 | AQ17: 0.66925702
B18: Affordable Housing project, LISP-III (IsDB) | C18: 2.6165194 | D18: 0 | E18: 0.025696454 | F18: 0 | G18: 0.044713562 | H18: 4.0492574 | I18: 0.70237685 | J18: 1.2246561 | K18: 7.2375427 | L18: 0.04635261 | M18: 1.3866664 | N18: 0.4281676 | O18: 0.63243662 | P18: 4.9297634 | Q18: 2.1991569 | R18: 0.63320175 | S18: 0.47839539 | T18: 1.4308694 | U18: 30.389613 | V18: 2.2969624 | W18: 0.064827 | X18: 2.4061407 | Y18: 0.83668908 | Z18: 1.162044 | AA18: 0.71118147 | AB18: 1.0849682 | AC18: 0.6924844 | AD18: 0.23999219 | AE18: 0.44870813 | AF18: 0 | AG18: 0.59305135 | AH18: 0.95397987 | AI18: 0.7052353 | AJ18: 0.43639888 | AK18: 0 | AL18: 1.377644 | AM18: 0.58804238 | AN18: 38.562343 | AO18: 0.72763272 | AP18: 53.905832 | AQ18: 0.66925702
B20: Natural Resources | C20: 25.141608 | D20: 48.500531 | E20: 22.664539 | F20: 66.39459 | G20: 71.619901 | H20: 10.320614 | I20: 66.769889 | J20: 294.61763 | K20: 169.38605 | L20: 43.81551 | M20: 44.016832 | N20: 207.37282 | O20: 106.49702 | P20: 97.196485 | Q20: 0.070748436 | R20: 131.13938 | S20: 84.081651 | T20: 62.475047 | U20: 167.48358 | V20: 14.877358 | W20: 38.252741 | X20: 235.3526 | Y20: 208.79258 | Z20: 435.87578 | AA20: 54.57351 | AB20: 116.32145 | AC20: 0.033163335 | AD20: 102.3995 | AE20: 149.04945 | AF20: 36.913394 | AG20: 44.708465 | AH20: 0 | AI20: 23.499554 | AJ20: 11.454733 | AK20: 26.526998 | AL20: 25.862837 | AM20: 11.980742 | AN20: 4.8990226 | AO20: 53.855597 | AP20: 14.581187 | AQ20: 20.684815
B21: Water sector (SWM) - (KBC) | C21: 0 | D21: 0 | E21: 0 | F21: 11.03509 | G21: 0 | H21: 9.1229462 | I21: 0 | J21: 0 | K21: 0 | L21: 12.98734 | M21: 1.66938 | N21: 0 | O21: 18.981746 | P21: 0 | Q21: 0 | R21: 0 | S21: 0 | T21: 0 | U21: 0 | V21: 0 | W21: 0 | X21: 90.235902 | Y21: 0 | Z21: 56.80082 | AA21: 11.236794 | AB21: 56.288006 | AC21: 0 | AD21: 58.82198 | AE21: 131.29306 | AF21: 26.853667 | AG21: 0 | AH21: 0 | AI21: 0 | AJ21: 0 | AK21: 0 | AL21: 0 | AM21: 11.980742 | AN21: 0 | AO21: 0 | AP21: 0 | AQ21: 0
B22: OC-SU Support for the implementation of the EBS Investment Plan | C22: 5.6056128 | D22: 0 | E22: 1.8141457 | F22: 0 | G22: 0.5353383 | H22: 0 | I22: 0 | J22: 0 | K22: 0 | L22: 0 | M22: 0 | N22: 0 | O22: 0 | P22: 0 | Q22: 0 | R22: 0 | S22: 0 | T22: 0 | U22: 0 | V22: 0 | W22: 0 | X22: 0 | Y22: 0 | Z22: 0 | AA22: 0 | AB22: 0 | AC22: 0 | AD22: 0 | AE22: 0 | AF22: 0 | AG22: 0 | AH22: 0 | AI22: 0 | AJ22: 0 | AK22: 0 | AL22: 0 | AM22: 0 | AN22: 0 | AO22: 0 | AP22: 0 | AQ22: 0
B23: Power project Suriname (CDB) | C23: 11.093364 | D23: 44.292019 | E23: 7.7440566 | F23: 0 | G23: 68.588642 | H23: 0 | I23: 6.3592578 | J23: 267.87799 | K23: 80.776089 | L23: 25.608451 | M23: 29.754182 | N23: 198.6021 | O23: 55.657466 | P23: 21.922917 | Q23: 0 | R23: 125.48254 | S23: 76.13278 | T23: 12.976318 | U23: 118.12749 | V23: 0 | W23: 0 | X23: 31.697877 | Y23: 25.197647 | Z23: 0 | AA23: 0 | AB23: 0 | AC23: 0 | AD23: 0 | AE23: 0 | AF23: 0 | AG23: 0 | AH23: 0 | AI23: 0 | AJ23: 0 | AK23: 0 | AL23: 0 | AM23: 0 | AN23: 0 | AO23: 2.17845 | AP23: 0 | AQ23: 0
B24: CDB Street Lighting Retrofit | C24: 3.0016427 | D24: 0 | E24: 10.053286 | F24: 3.8052134 | G24: 0.19456289 | H24: 1.1976682 | I24: 46.932286 | J24: 22.450686 | K24: 27.131958 | L24: 3.3609144 | M24: 0 | N24: 0.48620099 | O24: 3.953139 | P24: 0 | Q24: 0.010032682 | R24: 5.6568342 | S24: 0 | T24: 0.10550768 | U24: 5.0182681 | V24: 0 | W24: 21.328706 | X24: 10.625987 | Y24: 0 | Z24: 48.316234 | AA24: 1.0214283 | AB24: 51.89694 | AC24: 0 | AD24: 6.5751232 | AE24: 14.675945 | AF24: 0 | AG24: 6.2041869 | AH24: 0 | AI24: 0 | AJ24: 6.171607 | AK24: 0 | AL24: 10.196821 | AM24: 0 | AN24: 1.1547822 | AO24: 19.979399 | AP24: 6.6906774 | AQ24: 19.824165 | EK24: enrico kramp
B25: Consolidating a Sustainable Energy Sector | C25: 5.4409881 | D25: 4.2085123 | E25: 3.0530506 | F25: 0.60013625 | G25: 2.3013578 | H25: 0 | I25: 0 | J25: 0 | K25: 0 | L25: 0 | M25: 0 | N25: 0 | O25: 0 | P25: 0 | Q25: 0 | R25: 0 | S25: 0 | T25: 0 | U25: 0 | V25: 0 | W25: 0 | X25: 0 | Y25: 0 | Z25: 0 | AA25: 0 | AB25: 0 | AC25: 0 | AD25: 0 | AE25: 0 | AF25: 0 | AG25: 0 | AH25: 0 | AI25: 0 | AJ25: 0 | AK25: 0 | AL25: 0 | AM25: 0 | AN25: 3.7442404 | AO25: 31.697748 | AP25: 7.8905096 | AQ25: 0.86065032
B26: Other | C26: 0 | D26: 0 | E26: 0 | F26: 50.954151 | G26: 0 | H26: 0 | I26: 13.478345 | J26: 4.2889484 | K26: 61.478001 | L26: 1.8588055 | M26: 12.593269 | N26: 8.2845194 | O26: 27.904672 | P26: 75.273568 | Q26: 0.060715754 | R26: 0 | S26: 7.9488712 | T26: 49.393222 | U26: 44.337822 | V26: 14.877358 | W26: 16.924035 | X26: 102.79284 | Y26: 183.59493 | Z26: 330.75873 | AA26: 42.315288 | AB26: 8.1365042 | AC26: 0.033163335 | AD26: 37.002393 | AE26: 3.080453 | AF26: 10.059726 | AG26: 38.504279 | AH26: 0 | AI26: 23.499554 | AJ26: 5.2831263 | AK26: 26.526998 | AL26: 15.666016 | AM26: 0 | AN26: 0 | AO26: 0 | AP26: 0 | AQ26: 0
B28: Education, Science and Culture | C28: 0.95511306 | D28: 8.0354549 | E28: 91.386679 | F28: 93.752083 | G28: 67.761121 | H28: 28.243315 | I28: 52.277208 | J28: 31.383986 | K28: 8.4768096 | L28: 14.724244 | M28: 16.820583 | N28: 75.443146 | O28: 3.8327823 | P28: 0.38819813 | Q28: 115.13331 | R28: 1.5684212 | S28: 0.97140499 | T28: 13.76538 | U28: 9.1593343 | V28: 25.827209 | W28: 134.82153 | X28: 61.131134 | Y28: 22.314735 | Z28: 35.913636 | AA28: 2.2050874 | AB28: 54.57119 | AC28: 0.3146761 | AD28: 0.046989617 | AE28: 28.908932 | AF28: 1.4054998 | AG28: 3.6559838 | AH28: 0 | AI28: 1.6087111 | AJ28: 3.4705566 | AK28: 23.799447 | AL28: 3.6518937 | AM28: 5.034429 | AN28: 1.0165485 | AO28: 0.39308267 | AP28: 1.3895679 | AQ28: 29.122095
B29: TVET project fase 2. service Ijarah agreement (IsDB) | C29: 0 | D29: 0 | E29: 0 | F29: 0 | G29: 0 | H29: 0 | I29: 0 | J29: 0 | K29: 0 | L29: 0 | M29: 0 | N29: 0 | O29: 0 | P29: 0 | Q29: 0 | R29: 0 | S29: 0 | T29: 2.5465354 | U29: 3.07791 | V29: 4.9376195 | W29: 29.610843 | X29: 0 | Y29: 0 | Z29: 0 | AA29: 0 | AB29: 0 | AC29: 0 | AD29: 0 | AE29: 0 | AF29: 0 | AG29: 0 | AH29: 0 | AI29: 0 | AJ29: 0 | AK29: 0 | AL29: 0 | AM29: 0 | AN29: 0 | AO29: 0 | AP29: 0 | AQ29: 0
B30: TVET project fase 2. service Istana agreement | C30: 0 | D30: 0 | E30: 71.572448 | F30: 64.64629 | G30: 47.687954 | H30: 0 | I30: 41.942332 | J30: 22.111561 | K30: 0 | L30: 0 | M30: 6.7983122 | N30: 33.902622 | O30: 0 | P30: 0 | Q30: 0 | R30: 0 | S30: 0 | T30: 4.7019091 | U30: 1.7930267 | V30: 15.095155 | W30: 0 | X30: 0 | Y30: 7.3589084 | Z30: 0 | AA30: 0 | AB30: 0 | AC30: 0 | AD30: 0 | AE30: 0 | AF30: 0 | AG30: 0 | AH30: 0 | AI30: 0 | AJ30: 0 | AK30: 0 | AL30: 0 | AM30: 0 | AN30: 0 | AO30: 0 | AP30: 0 | AQ30: 0
B31: IsDB Technical & Vocational Education and Training Project USD | C31: 0.27720895 | D31: 6.9734992 | E31: 17.861959 | F31: 9.584395 | G31: 19.192009 | H31: 19.392386 | I31: 1.0572127 | J31: 1.8929017 | K31: 6.3856737 | L31: 0.70149121 | M31: 1.2134149 | N31: 0.5067476 | O31: 3.8327823 | P31: 0.38819813 | Q31: 6.5641404 | R31: 1.5684212 | S31: 0.97140499 | T31: 6.5169354 | U31: 4.2883976 | V31: 5.7944354 | W31: 104.89855 | X31: 7.5772414 | Y31: 14.955826 | Z31: 35.913636 | AA31: 2.2050874 | AB31: 0.31678619 | AC31: 0.3146761 | AD31: 0.046989617 | AE31: 0 | AF31: 1.4054998 | AG31: 3.6559838 | AH31: 0 | AI31: 1.6087111 | AJ31: 3.4705566 | AK31: 23.799447 | AL31: 3.6518937 | AM31: 5.034429 | AN31: 1.0165485 | AO31: 0.39308267 | AP31: 1.3895679 | AQ31: 29.122095
B32: TVET (Technical & Vocational Education and Training) Project "OCR" (CDB) | C32: 0.57982739 | D32: 0 | E32: 0 | F32: 0 | G32: 0 | H32: 0 | I32: 0 | J32: 0 | K32: 0 | L32: 0 | M32: 0 | N32: 0 | O32: 0 | P32: 0 | Q32: 0 | R32: 0 | S32: 0 | T32: 0 | U32: 0 | V32: 0 | W32: 0 | X32: 0 | Y32: 0 | Z32: 0 | AA32: 0 | AB32: 0 | AC32: 0 | AD32: 0 | AE32: 0 | AF32: 0 | AG32: 0 | AH32: 0 | AI32: 0 | AJ32: 0 | AK32: 0 | AL32: 0 | AM32: 0 | AN32: 0 | AO32: 0 | AP32: 0 | AQ32: 0
B33: TVET (Technical & Vocational Education and Training) Project "SFR" (CDB) | C33: 0.00199872 | D33: 0.128592 | E33: 0.049632 | F33: 0 | G33: 0 | H33: 0 | I33: 0 | J33: 0 | K33: 0 | L33: 0 | M33: 0 | N33: 0 | O33: 0 | P33: 0 | Q33: 0 | R33: 0 | S33: 0 | T33: 0 | U33: 0 | V33: 0 | W33: 0 | X33: 0 | Y33: 0 | Z33: 0 | AA33: 0 | AB33: 0 | AC33: 0 | AD33: 0 | AE33: 0 | AF33: 0 | AG33: 0 | AH33: 0 | AI33: 0 | AJ33: 0 | AK33: 0 | AL33: 0 | AM33: 0 | AN33: 0 | AO33: 0 | AP33: 0 | AQ33: 0
B34: Basic Education Improvement Program II (BEIP 2) phase 1 (IDB) | C34: 0.096078 | D34: 0.93336371 | E34: 1.9026398 | F34: 19.521397 | G34: 0.88115812 | H34: 8.8509287 | I34: 9.2776642 | J34: 7.3795234 | K34: 2.0911358 | L34: 14.022753 | M34: 8.8088561 | N34: 41.033777 | O34: 0 | P34: 0 | Q34: 0 | R34: 0 | S34: 0 | T34: 0 | U34: 0 | V34: 0 | W34: 0.31214114 | X34: 0 | Y34: 0 | Z34: 0 | AA34: 0 | AB34: 0 | AC34: 0 | AD34: 0 | AE34: 0 | AF34: 0 | AG34: 0 | AH34: 0 | AI34: 0 | AJ34: 0 | AK34: 0 | AL34: 0 | AM34: 0 | AN34: 0 | AO34: 0 | AP34: 0 | AQ34: 0
B35: Adek-project | O35: 0 | P35: 0 | Q35: 108.56917 | R35: 0 | S35: 0 | T35: 0 | U35: 0 | V35: 0 | W35: 0 | X35: 53.553892 | Y35: 0 | Z35: 0 | AA35: 0 | AB35: 54.254404 | AC35: 0 | AD35: 0 | AE35: 28.908932 | AF35: 0 | AG35: 0 | AH35: 0 | AI35: 0 | AJ35: 0 | AK35: 0 | AL35: 0 | AM35: 0 | AN35: 0 | AO35: 0 | AP35: 0 | AQ35: 0
B37: Public Works | C37: 72.880994 | D37: 114.56577 | E37: 141.09083 | F37: 89.893779 | G37: 114.3793 | H37: 130.89908 | I37: 96.839667 | J37: 82.400186 | K37: 73.321716 | L37: 151.9229 | M37: 55.683188 | N37: 41.388617 | O37: 156.97172 | P37: 87.086445 | Q37: 64.289163 | R37: 25.914195 | S37: 92.652721 | T37: 74.129579 | U37: 155.05202 | V37: 76.276096 | W37: 16.330129 | X37: 205.14791 | Y37: 105.79937 | Z37: 257.12552 | AA37: 399.50353 | AB37: 78.29193 | AC37: 176.44095 | AD37: 1233.5691 | AE37: 143.19389 | AF37: 373.85081 | AG37: 339.85421 | AH37: 89.229187 | AI37: 60.085963 | AJ37: 99.207883 | AK37: 84.409198 | AL37: 163.32342 | AM37: 99.555695 | AN37: 107.84665 | AO37: 125.02087 | AP37: 167.0898 | AQ37: 142.92331
B38: IDB-OWT&C IMPR.TR.LOG &COMP.SUR.USD | C38: 2.7883517 | D38: 2.9421808 | E38: 0.99441299 | F38: 1.9065063 | G38: 14.352212 | H38: 0.26159635 | I38: 8.8495574 | J38: 0.14919697 | K38: 2.348986 | L38: 0.20042713 | M38: 4.039693 | N38: 4.8887341 | O38: 2.3246545 | P38: 30.62105 | Q38: 6.6287483 | R38: 6.4564771 | S38: 0.77225843 | T38: 13.522178 | U38: 47.365808 | V38: 3.4588664 | W38: 0.0099603084 | X38: 118.72928 | Y38: 31.481945 | Z38: 44.665285 | AA38: 1.6107167 | AB38: 7.5468962 | AC38: 41.891661 | AD38: 1.4315862 | AE38: 10.849373 | AF38: 74.912074 | AG38: 0 | AH38: 3.0640579 | AI38: 25.317613 | AJ38: 0 | AK38: 0 | AL38: 25.460373 | AM38: 0.83882583 | AN38: 0.1349161 | AO38: 0.65020898 | AP38: 12.275696 | AQ38: 20.084997
B39: Infrastructure project (Aannemingsmaatschappij Baitali NV ) | C39: 16.019428 | D39: 33.010875 | E39: 26.29205 | F39: 2.2435094 | G39: 1.7643796 | H39: 4.8661861 | I39: 1.0404643 | J39: 3.8805318 | K39: 3.8805318 | L39: 82.409268 | M39: 0 | N39: 4.0010322 | O39: 61.668365 | P39: 3.7134968 | Q39: 6.1370405 | R39: 0 | S39: 18.020072 | T39: 0 | U39: 10.076564 | V39: 4.1335408 | W39: 0 | X39: 2.5348702 | Y39: 1.890667 | Z39: 45.913171 | AA39: 1.890667 | AB39: 6.0469749 | AC39: 0 | AD39: 0 | AE39: 0 | AF39: 0 | AG39: 17.24068 | AH39: 19.000025 | AI39: 0 | AJ39: 10.501868 | AK39: 0 | AL39: 2.0343923 | AM39: 0 | AN39: 0 | AO39: 0 | AP39: 43.471746 | AQ39: 0
B40: Infrastructure project (Tjongalanga NV) | C40: 5.0793142 | D40: 4.5868506 | E40: 19.436576 | F40: 4.6555034 | G40: 13.927162 | H40: 19.092344 | I40: 20.713376 | J40: 23.229749 | K40: 18.358208 | L40: 34.285658 | M40: 6.3991967 | N40: 8.6873731 | O40: 12.343547 | P40: 4.3481321 | Q40: 6.2851054 | R40: 1.6363111 | S40: 5.966162 | T40: 2.4969427 | U40: 12.791544 | V40: 21.977534 | W40: 0 | X40: 8.6673711 | Y40: 16.615561 | Z40: 42.409867 | AA40: 34.021386 | AB40: 1.4851149 | AC40: 2.2668941 | AD40: 18.040704 | AE40: 36.825113 | AF40: 0 | AG40: 18.541815 | AH40: 14.674609 | AI40: 0 | AJ40: 0 | AK40: 25.121215 | AL40: 0 | AM40: 19.254279 | AN40: 7.9508003 | AO40: 0 | AP40: 19.005303 | AQ40: 0
